Workbook

Sheet TOP3 quantification
J1: 2017-062-01 Ihbe | K1: 2017-062-03 Ihbe | L1: 2017-062-11 Ihbe | M1: 2017-062-15 Ihbe | N1: 2017-062-21 Ihbe | O1: 2017-062-23 Ihbe | P1: 2017-062-25 Ihbe Pool 1 | Q1: 2017-062-25 Ihbe Pool 1 | R1: 2017-062-25 Ihbe Pool 1 | S1: 2017-062-02 Ihbe | T1: 2017-062-04 Ihbe | U1: 2017-062-12 Ihbe | V1: 2017-062-16 Ihbe | W1: 2017-062-22 Ihbe | X1: 2017-062-24 Ihbe | Y1: 2017-062-26 Ihbe Pool 2 | Z1: 2017-062-26 Ihbe Pool 2 | AA1: 2017-062-26 Ihbe Pool 2 | AB1: 2017-062-05 Ihbe | AC1: 2017-062-07 Ihbe | AD1: 2017-062-09 Ihbe | AE1: 2017-062-13 Ihbe | AF1: 2017-062-17 Ihbe | AG1: 2017-062-19 Ihbe | AH1: 2017-062-27 Ihbe Pool 3 | AI1: 2017-062-27 Ihbe Pool 3 | AJ1: 2017-062-27 Ihbe Pool 3 | AK1: 2017-062-06 Ihbe | AL1: 2017-062-08 Ihbe | AM1: 2017-062-10 Ihbe | AN1: 2017-062-14 Ihbe | AO1: 2017-062-18 Ihbe | AP1: 2017-062-20 Ihbe | AQ1: 2017-062-28 Ihbe Pool 4 | AR1: 2017-062-28 Ihbe Pool 4 | AS1: 2017-062-28 Ihbe Pool 4 | AT1: 2017-062-23 Ihbe | AU1: 2017-062-25 Ihbe Pool 1 | AV1: 2017-062-24 Ihbe | AW1: 2017-062-26 Ihbe Pool 2 | AX1: 2017-062-19 Ihbe | AY1: 2017-062-27 Ihbe Pool 3 | AZ1: 2017-062-20 Ihbe | BA1: 2017-062-28 Ihbe Pool 4
A2: description | B2: IEP | C2: mw | D2: max score | E2: accession | F2: reported peptides | G2: sequence coverage | H2: FDR level | I2: entry | J2: 01 Sham-GFP- 1 | K2: 01 Sham-GFP- 2 | L2: 01 Sham-GFP- 3 | M2: 01 Sham-GFP- 4 | N2: 01 Sham-GFP- 5 | O2: 01 Sham-GFP- 6 | P2: 05 Pool Sham-GFP- 1 | Q2: 05 Pool Sham-GFP- 2 | R2: 05 Pool Sham-GFP- 3 | S2: 02 Sham-GFP+ 1 | T2: 02 Sham-GFP+ 2 | U2: 02 Sham-GFP+ 3 | V2: 02 Sham-GFP+ 4 | W2: 02 Sham-GFP+ 5 | X2: 02 Sham-GFP+ 6 | Y2: 06 Pool Sham-GFP+ 1 | Z2: 06 Pool Sham-GFP+ 2 | AA2: 06 Pool Sham-GFP+ 3 | AB2: 03 Lesion-GFP- 1 | AC2: 03 Lesion-GFP- 2 | AD2: 03 Lesion-GFP- 3 | AE2: 03 Lesion-GFP- 4 | AF2: 03 Lesion-GFP- 5 | AG2: 03 Lesion-GFP- 6 | AH2: 07 Pool Lesion-GFP- 1 | AI2: 07 Pool Lesion-GFP- 2 | AJ2: 07 Pool Lesion-GFP- 3 | AK2: 04 Lesion-GFP+ 1 | AL2: 04 Lesion-GFP+ 2 | AM2: 04 Lesion-GFP+ 3 | AN2: 04 Lesion-GFP+ 4 | AO2: 04 Lesion-GFP+ 5 | AP2: 04 Lesion-GFP+ 6 | AQ2: 08 Pool Lesion-GFP+ 1 | AR2: 08 Pool Lesion-GFP+ 2 | AS2: 08 Pool Lesion-GFP+ 3 | AT2: AVERAGE 01 Sham-GFP- | AU2: AVERAGE 05 Pool Sham-GFP- | AV2: AVERAGE 02 Sham-GFP+ | AW2: AVERAGE 06 Pool Sham-GFP+ | AX2: AVERAGE 03 Lesion-GFP- | AY2: AVERAGE 07 Pool Lesion-GFP- | AZ2: AVERAGE 04 Lesion-GFP+ | BA2: AVERAGE 08 Pool Lesion-GFP+
A3: Cofilin-1 OS=Mus musculus GN=Cfl1 PE=1 SV=3 | B3: 8.22 | C3: 18787.686 | D3: 62902.09 | E3: P18760 | F3: 17 | G3: 81.33 | H3: 0 | I3: COF1_MOUSE | J3: 157185.91 | K3: 184260.82 | L3: 241121.99 | M3: 220975.29 | N3: 187788.37 | O3: 178261.99 | P3: 225481.56 | Q3: 204885.16 | R3: 217448.21 | S3: 179047.67 | T3: 182854.24 | U3: 290436.36 | V3: 257421.1 | W3: 277260.58 | X3: 249797.7 | Y3: 247206.87 | Z3: 260192.17 | AA3: 261306.01 | AB3: 201424.3 | AC3: 287040.73 | AD3: 276160.23 | AE3: 223714.28 | AF3: 177457.49 | AG3: 185132.44 | AH3: 240256.58 | AI3: 234276.21 | AJ3: 236990.36 | AK3: 223893.29 | AL3: 198789.69 | AM3: 179127.15 | AN3: 222694.72 | AO3: 237187.76 | AP3: 142969.06 | AQ3: 227232.59 | AR3: 208013.57 | AS3: 198792.74 | AT3: =IFERROR(SUM(J3:O3)/COUNTIF(J3:O3,">0"),) | AU3: =IFERROR(SUM(P3:R3)/COUNTIF(P3:R3,">0"),) | AV3: =IFERROR(SUM(S3:X3)/COUNTIF(S3:X3,">0"),) | AW3: =IFERROR(SUM(Y3:AA3)/COUNTIF(Y3:AA3,">0"),) | AX3: =IFERROR(SUM(AB3:AG3)/COUNTIF(AB3:AG3,">0"),) | AY3: =IFERROR(SUM(AH3:AJ3)/COUNTIF(AH3:AJ3,">0"),) | AZ3: =IFERROR(SUM(AK3:AP3)/COUNTIF(AK3:AP3,">0"),) | BA3: =IFERROR(SUM(AQ3:AS3)/COUNTIF(AQ3:AS3,">0"),)
A4: 14-3-3 protein zeta/delta OS=Mus musculus GN=Ywhaz PE=1 SV=1 | B4: 4.53 | C4: 27942.277 | D4: 61266.6 | E4: P63101 | F4: 18 | G4: 64.49 | H4: 0 | I4: 1433Z_MOUSE | J4: 84247.333 | K4: 255963 | L4: 224661.33 | M4: 194622 | N4: 250772.67 | O4: 229789.33 | P4: 246886.33 | Q4: 253558.33 | R4: 260662 | S4: 111963 | T4: 115076.33 | U4: 272392.67 | V4: 237473.67 | W4: 249649 | X4: 218627.67 | Y4: 199459.67 | Z4: 186516.67 | AA4: 160500 | AB4: 220284.33 | AC4: 282711 | AD4: 246574 | AE4: 282359 | AF4: 184431.67 | AG4: 244148 | AH4: 258572.33 | AI4: 269336 | AJ4: 233569.67 | AK4: 178995.33 | AL4: 167315.33 | AM4: 105527.33 | AN4: 194268.33 | AO4: 227323.33 | AP4: 103060 | AQ4: 149929 | AR4: 151600 | AS4: 141591 | AT4: =IFERROR(SUM(J4:O4)/COUNTIF(J4:O4,">0"),) | AU4: =IFERROR(SUM(P4:R4)/COUNTIF(P4:R4,">0"),) | AV4: =IFERROR(SUM(S4:X4)/COUNTIF(S4:X4,">0"),) | AW4: =IFERROR(SUM(Y4:AA4)/COUNTIF(Y4:AA4,">0"),) | AX4: =IFERROR(SUM(AB4:AG4)/COUNTIF(AB4:AG4,">0"),) | AY4: =IFERROR(SUM(AH4:AJ4)/COUNTIF(AH4:AJ4,">0"),) | AZ4: =IFERROR(SUM(AK4:AP4)/COUNTIF(AK4:AP4,">0"),) | BA4: =IFERROR(SUM(AQ4:AS4)/COUNTIF(AQ4:AS4,">0"),)
A5: Hemoglobin subunit beta-1 OS=Mus musculus GN=Hbb-b1 PE=1 SV=2 | B5: 7.5 | C5: 15954.26 | D5: 53548.35 | E5: P02088 | F5: 8 | G5: 67.35 | H5: 0 | I5: HBB1_MOUSE | J5: 203765.06 | K5: 209445.11 | L5: 154515.45 | M5: 253974.31 | N5: 185616.11 | O5: 76148 | P5: 229521.45 | Q5: 228005.21 | R5: 253559.12 | S5: 25043.338 | T5: 41038.602 | U5: 25162.905 | V5: 26669 | W5: 35087.746 | X5: 28202.325 | Y5: 24205.224 | Z5: 28199.163 | AA5: 30239.122 | AB5: 228284.3 | AC5: 224980.88 | AD5: 288876.17 | AE5: 113957.99 | AF5: 306690.86 | AG5: 181463.67 | AH5: 231269.46 | AI5: 260101.93 | AJ5: 276796.84 | AK5: 52688.937 | AL5: 44730.421 | AM5: 17389.478 | AN5: 30080.977 | AO5: 38431.143 | AP5: 20911.249 | AQ5: 30719.905 | AR5: 35246.536 | AS5: 34451.906 | AT5: =IFERROR(SUM(J5:O5)/COUNTIF(J5:O5,">0"),) | AU5: =IFERROR(SUM(P5:R5)/COUNTIF(P5:R5,">0"),) | AV5: =IFERROR(SUM(S5:X5)/COUNTIF(S5:X5,">0"),) | AW5: =IFERROR(SUM(Y5:AA5)/COUNTIF(Y5:AA5,">0"),) | AX5: =IFERROR(SUM(AB5:AG5)/COUNTIF(AB5:AG5,">0"),) | AY5: =IFERROR(SUM(AH5:AJ5)/COUNTIF(AH5:AJ5,">0"),) | AZ5: =IFERROR(SUM(AK5:AP5)/COUNTIF(AK5:AP5,">0"),) | BA5: =IFERROR(SUM(AQ5:AS5)/COUNTIF(AQ5:AS5,">0"),)
A6: 14-3-3 protein epsilon OS=Mus musculus GN=Ywhae PE=1 SV=1 | B6: 4.44 | C6: 29345.049 | D6: 51386.41 | E6: P62259 | F6: 22 | G6: 72.94 | H6: 0 | I6: 1433E_MOUSE | J6: 82379 | K6: 200405.67 | L6: 197468 | M6: 163393.67 | N6: 226988.33 | O6: 200031 | P6: 217745 | Q6: 210027.67 | R6: 212877.33 | S6: 132120.33 | T6: 112841.67 | U6: 250968 | V6: 205809.67 | W6: 261330.67 | X6: 212005 | Y6: 184479 | Z6: 197560.33 | AA6: 144784.33 | AB6: 168456.67 | AC6: 204908.33 | AD6: 210801.33 | AE6: 211156.33 | AF6: 145602.67 | AG6: 195478.67 | AH6: 186342 | AI6: 182085 | AJ6: 190436 | AK6: 173863.33 | AL6: 141517 | AM6: 141618 | AN6: 160001.33 | AO6: 208922 | AP6: 139095.67 | AQ6: 158328.67 | AR6: 173591 | AS6: 142731.33 | AT6: =IFERROR(SUM(J6:O6)/COUNTIF(J6:O6,">0"),) | AU6: =IFERROR(SUM(P6:R6)/COUNTIF(P6:R6,">0"),) | AV6: =IFERROR(SUM(S6:X6)/COUNTIF(S6:X6,">0"),) | AW6: =IFERROR(SUM(Y6:AA6)/COUNTIF(Y6:AA6,">0"),) | AX6: =IFERROR(SUM(AB6:AG6)/COUNTIF(AB6:AG6,">0"),) | AY6: =IFERROR(SUM(AH6:AJ6)/COUNTIF(AH6:AJ6,">0"),) | AZ6: =IFERROR(SUM(AK6:AP6)/COUNTIF(AK6:AP6,">0"),) | BA6: =IFERROR(SUM(AQ6:AS6)/COUNTIF(AQ6:AS6,">0"),)
A7: Keratin, type I cytoskeletal 9 (Cytokeratin-9) (CK-9) (Keratin-9) (K9) | B7: 5.01 | C7: 62357.655 | D7: 50132.37 | E7: P35527 | F7: 36 | G7: 64.85 | H7: 0 | I7: K1C9_HUMAN | J7: 134979 | K7: 152802.67 | L7: 509940 | M7: 227204.33 | N7: 237367.67 | O7: 393585.67 | P7: 301400 | Q7: 307772 | R7: 317738 | S7: 229830.33 | T7: 301834.67 | U7: 192505.33 | V7: 254340 | W7: 329439.33 | X7: 273850 | Y7: 287708.33 | Z7: 282742 | AA7: 271892 | AB7: 220773.33 | AC7: 373444.67 | AD7: 229352.33 | AE7: 169629 | AF7: 94546.667 | AG7: 64696 | AH7: 200017 | AI7: 202567.33 | AJ7: 206980 | AK7: 266191.33 | AL7: 286266.33 | AM7: 308157.33 | AN7: 337076 | AO7: 188660.67 | AP7: 261920 | AQ7: 284879.33 | AR7: 288863 | AS7: 357806.67 | AT7: =IFERROR(SUM(J7:O7)/COUNTIF(J7:O7,">0"),) | AU7: =IFERROR(SUM(P7:R7)/COUNTIF(P7:R7,">0"),) | AV7: =IFERROR(SUM(S7:X7)/COUNTIF(S7:X7,">0"),) | AW7: =IFERROR(SUM(Y7:AA7)/COUNTIF(Y7:AA7,">0"),) | AX7: =IFERROR(SUM(AB7:AG7)/COUNTIF(AB7:AG7,">0"),) | AY7: =IFERROR(SUM(AH7:AJ7)/COUNTIF(AH7:AJ7,">0"),) | AZ7: =IFERROR(SUM(AK7:AP7)/COUNTIF(AK7:AP7,">0"),) | BA7: =IFERROR(SUM(AQ7:AS7)/COUNTIF(AQ7:AS7,">0"),)
A8: Actin, cytoplasmic 2 OS=Mus musculus GN=Actg1 PE=1 SV=1 | B8: 5.16 | C8: 42135.125 | D8: 47655.81 | E8: P63260 | F8: 29 | G8: 83.47 | H8: 0 | I8: ACTG_MOUSE | J8: 368863.99 | K8: 239896.42 | L8: 307560.81 | M8: 368626.7 | N8: 194782.69 | O8: 261522.71 | P8: 356888.46 | Q8: 348929.41 | R8: 317991.48 | S8: 242785.75 | T8: 233799.18 | U8: 418664.03 | V8: 404113.16 | W8: 341257.52 | X8: 359866.54 | Y8: 412520.18 | Z8: 368610 | AA8: 383325.9 | AB8: 332624.86 | AC8: 375388.93 | AD8: 355794.04 | AE8: 299926.15 | AF8: 422683.5 | AG8: 267151.07 | AH8: 396524.21 | AI8: 398386.41 | AJ8: 375254.36 | AK8: 342160.09 | AL8: 323656.41 | AM8: 248762.11 | AN8: 320224.85 | AO8: 334642.12 | AP8: 227473.66 | AQ8: 354741.42 | AR8: 351410.02 | AS8: 318419.14 | AT8: =IFERROR(SUM(J8:O8)/COUNTIF(J8:O8,">0"),) | AU8: =IFERROR(SUM(P8:R8)/COUNTIF(P8:R8,">0"),) | AV8: =IFERROR(SUM(S8:X8)/COUNTIF(S8:X8,">0"),) | AW8: =IFERROR(SUM(Y8:AA8)/COUNTIF(Y8:AA8,">0"),) | AX8: =IFERROR(SUM(AB8:AG8)/COUNTIF(AB8:AG8,">0"),) | AY8: =IFERROR(SUM(AH8:AJ8)/COUNTIF(AH8:AJ8,">0"),) | AZ8: =IFERROR(SUM(AK8:AP8)/COUNTIF(AK8:AP8,">0"),) | BA8: =IFERROR(SUM(AQ8:AS8)/COUNTIF(AQ8:AS8,">0"),)
A9: Keratin, type I cytoskeletal 10 (Cytokeratin-10) (CK-10) (Keratin-10) (K10) | B9: 4.96 | C9: 59738.859 | D9: 47389.64 | E9: P13645 | F9: 29 | G9: 47.39 | H9: 0 | I9: K1C10_HUMAN | J9: 207458.3 | K9: 212143.7 | L9: 312035.41 | M9: 230964.16 | N9: 241540.29 | O9: 307965.69 | P9: 291617.2 | Q9: 279029.04 | R9: 256368.72 | S9: 299736.11 | T9: 373460 | U9: 252195.27 | V9: 318247.89 | W9: 415673 | X9: 368322.41 | Y9: 344989.79 | Z9: 341489.03 | AA9: 342174.69 | AB9: 343139.83 | AC9: 402503.69 | AD9: 328810.69 | AE9: 251133.67 | AF9: 387569.41 | AG9: 117027.93 | AH9: 353815.11 | AI9: 339003.04 | AJ9: 319809.82 | AK9: 340048.76 | AL9: 360372 | AM9: 331604.72 | AN9: 370012.22 | AO9: 266973.38 | AP9: 310123.99 | AQ9: 351381.26 | AR9: 372414.98 | AS9: 361987.76 | AT9: =IFERROR(SUM(J9:O9)/COUNTIF(J9:O9,">0"),) | AU9: =IFERROR(SUM(P9:R9)/COUNTIF(P9:R9,">0"),) | AV9: =IFERROR(SUM(S9:X9)/COUNTIF(S9:X9,">0"),) | AW9: =IFERROR(SUM(Y9:AA9)/COUNTIF(Y9:AA9,">0"),) | AX9: =IFERROR(SUM(AB9:AG9)/COUNTIF(AB9:AG9,">0"),) | AY9: =IFERROR(SUM(AH9:AJ9)/COUNTIF(AH9:AJ9,">0"),) | AZ9: =IFERROR(SUM(AK9:AP9)/COUNTIF(AK9:AP9,">0"),) | BA9: =IFERROR(SUM(AQ9:AS9)/COUNTIF(AQ9:AS9,">0"),)
A10: Keratin, type I cytoskeletal 14 (Cytokeratin-14) (CK-14) (Keratin-14) (K14) | B10: 4.9 | C10: 51906.757 | D10: 47368.33 | E10: P02533 | F10: 37 | G10: 65.04 | H10: 0 | I10: K1C14_HUMAN | J10: 30590.807 | K10: 34622.567 | L10: 358756.21 | M10: 54292.048 | N10: 45723.267 | O10: 96029.595 | P10: 153357.22 | Q10: 140595.35 | R10: 149003.44 | S10: 66837.032 | T10: 106439.87 | U10: 58191.517 | V10: 110437.63 | W10: 116535.71 | X10: 178401.77 | Y10: 112265.13 | Z10: 110700.54 | AA10: 110713.12 | AB10: 62527.228 | AC10: 120815.13 | AD10: 66090.713 | AE10: 54206.834 | AF10: 27714.009 | AG10: 14905.88 | AH10: 58494.988 | AI10: 61697.716 | AJ10: 62843.535 | AK10: 205287.05 | AL10: 215176.16 | AM10: 126407.09 | AN10: 168585.5 | AO10: 63905.485 | AP10: 89281.353 | AQ10: 133611.54 | AR10: 141473.67 | AS10: 136885.5 | AT10: =IFERROR(SUM(J10:O10)/COUNTIF(J10:O10,">0"),) | AU10: =IFERROR(SUM(P10:R10)/COUNTIF(P10:R10,">0"),) | AV10: =IFERROR(SUM(S10:X10)/COUNTIF(S10:X10,">0"),) | AW10: =IFERROR(SUM(Y10:AA10)/COUNTIF(Y10:AA10,">0"),) | AX10: =IFERROR(SUM(AB10:AG10)/COUNTIF(AB10:AG10,">0"),) | AY10: =IFERROR(SUM(AH10:AJ10)/COUNTIF(AH10:AJ10,">0"),) | AZ10: =IFERROR(SUM(AK10:AP10)/COUNTIF(AK10:AP10,">0"),) | BA10: =IFERROR(SUM(AQ10:AS10)/COUNTIF(AQ10:AS10,">0"),)
A11: Fatty acid-binding protein, brain OS=Mus musculus GN=Fabp7 PE=1 SV=2 | B11: 5.3 | C11: 15178.142 | D11: 46072.44 | E11: P51880 | F11: 6 | G11: 60.61 | H11: 0 | I11: FABP7_MOUSE | J11: 116152 | K11: 120091 | L11: 118055.67 | M11: 151073.33 | N11: 202379.67 | O11: 182819.67 | P11: 186691.67 | Q11: 147475.33 | R11: 140847 | S11: 66132.667 | T11: 75878 | U11: 110206.33 | V11: 122238 | W11: 126672.67 | X11: 142565 | Y11: 102480.67 | Z11: 101050 | AA11: 92604 | AB11: 356040 | AC11: 193169.67 | AD11: 119067 | AE11: 73738.333 | AF11: 369902.67 | AG11: 162381.67 | AH11: 278517.33 | AI11: 284041.67 | AJ11: 237127.67 | AK11: 110537 | AL11: 84502.667 | AM11: 116057.33 | AN11: 93186.333 | AO11: 170614.33 | AP11: 88931.333 | AQ11: 99154 | AR11: 108635 | AS11: 89442.333 | AT11: =IFERROR(SUM(J11:O11)/COUNTIF(J11:O11,">0"),) | AU11: =IFERROR(SUM(P11:R11)/COUNTIF(P11:R11,">0"),) | AV11: =IFERROR(SUM(S11:X11)/COUNTIF(S11:X11,">0"),) | AW11: =IFERROR(SUM(Y11:AA11)/COUNTIF(Y11:AA11,">0"),) | AX11: =IFERROR(SUM(AB11:AG11)/COUNTIF(AB11:AG11,">0"),) | AY11: =IFERROR(SUM(AH11:AJ11)/COUNTIF(AH11:AJ11,">0"),) | AZ11: =IFERROR(SUM(AK11:AP11)/COUNTIF(AK11:AP11,">0"),) | BA11: =IFERROR(SUM(AQ11:AS11)/COUNTIF(AQ11:AS11,">0"),)
A12: Histone H2AX OS=Mus musculus GN=H2afx PE=1 SV=2 | B12: 11.16 | C12: 15142.614 | D12: 46048.46 | E12: P27661 | F12: 12 | G12: 53.15 | H12: 0 | I12: H2AX_MOUSE | J12: 93371.641 | K12: 113190.38 | L12: 97345.902 | M12: 82254.441 | N12: 67241.848 | O12: 102423.78 | P12: 54295.071 | Q12: 76460.264 | R12: 74916.957 | S12: 80208.545 | T12: 74185.598 | U12: 92880.704 | V12: 122612.21 | W12: 127437.87 | X12: 147173.5 | Y12: 85495.748 | Z12: 97251.989 | AA12: 83055.116 | AB12: 127241.56 | AC12: 107835.03 | AD12: 105259.51 | AE12: 107193.9 | AF12: 102994.58 | AG12: 104422.72 | AH12: 96460.968 | AI12: 89407.029 | AJ12: 72044.983 | AK12: 162374.65 | AL12: 170674.1 | AM12: 108293.16 | AN12: 171716.64 | AO12: 167169.07 | AP12: 112755.04 | AQ12: 73530.695 | AR12: 70593.946 | AS12: 59046.708 | AT12: =IFERROR(SUM(J12:O12)/COUNTIF(J12:O12,">0"),) | AU12: =IFERROR(SUM(P12:R12)/COUNTIF(P12:R12,">0"),) | AV12: =IFERROR(SUM(S12:X12)/COUNTIF(S12:X12,">0"),) | AW12: =IFERROR(SUM(Y12:AA12)/COUNTIF(Y12:AA12,">0"),) | AX12: =IFERROR(SUM(AB12:AG12)/COUNTIF(AB12:AG12,">0"),) | AY12: =IFERROR(SUM(AH12:AJ12)/COUNTIF(AH12:AJ12,">0"),) | AZ12: =IFERROR(SUM(AK12:AP12)/COUNTIF(AK12:AP12,">0"),) | BA12: =IFERROR(SUM(AQ12:AS12)/COUNTIF(AQ12:AS12,">0"),)
A13: Keratin, type I cytoskeletal 16 (Cytokeratin-16) (CK-16) (Keratin-16) (K16) | B13: 4.79 | C13: 51610.074 | D13: 46030.72 | E13: P08779 | F13: 37 | G13: 66.81 | H13: 0 | I13: K1C16_HUMAN | J13: 19154.631 | K13: 25737.168 | L13: 437504.43 | M13: 36894.502 | N13: 36340.778 | O13: 64717.49 | P13: 184736.78 | Q13: 172253.05 | R13: 150529.56 | S13: 34652.923 | T13: 64697.652 | U13: 35851.981 | V13: 90604.188 | W13: 76212.739 | X13: 245107.07 | Y13: 102353.02 | Z13: 82601.186 | AA13: 80814.486 | AB13: 40493.041 | AC13: 123136.62 | AD13: 32413.639 | AE13: 55638.29 | AF13: 19186.145 | AG13: 7311.7907 | AH13: 37577.99 | AI13: 37110.886 | AJ13: 37321.048 | AK13: 422554.39 | AL13: 230468.34 | AM13: 87416.82 | AN13: 114740.7 | AO13: 48886.185 | AP13: 50763.158 | AQ13: 216625.48 | AR13: 202901.55 | AS13: 188695.96 | AT13: =IFERROR(SUM(J13:O13)/COUNTIF(J13:O13,">0"),) | AU13: =IFERROR(SUM(P13:R13)/COUNTIF(P13:R13,">0"),) | AV13: =IFERROR(SUM(S13:X13)/COUNTIF(S13:X13,">0"),) | AW13: =IFERROR(SUM(Y13:AA13)/COUNTIF(Y13:AA13,">0"),) | AX13: =IFERROR(SUM(AB13:AG13)/COUNTIF(AB13:AG13,">0"),) | AY13: =IFERROR(SUM(AH13:AJ13)/COUNTIF(AH13:AJ13,">0"),) | AZ13: =IFERROR(SUM(AK13:AP13)/COUNTIF(AK13:AP13,">0"),) | BA13: =IFERROR(SUM(AQ13:AS13)/COUNTIF(AQ13:AS13,">0"),)
A14: Keratin, type II cytoskeletal 6A (Cytokeratin-6A) (CK 6A) (K6a keratin) | B14: 8.05 | C14: 60330.164 | D14: 45472.99 | E14: P02538 | F14: 35 | G14: 51.77 | H14: 0 | I14: K2C6A_HUMAN | J14: 24615.022 | K14: 39627.027 | L14: 222186.75 | M14: 42478.578 | N14: 49441.491 | O14: 61467.24 | P14: 85807.731 | Q14: 82323.453 | R14: 88369.501 | S14: 49244.737 | T14: 62806.968 | U14: 37361.144 | V14: 55736.485 | W14: 67453.867 | X14: 100766.36 | Y14: 78692.251 | Z14: 75184.57 | AA14: 73395.287 | AB14: 28493.662 | AC14: 67214.373 | AD14: 28040.403 | AE14: 33651.518 | AF14: 40404.524 | AG14: 7646.4056 | AH14: 35505.627 | AI14: 33716.82 | AJ14: 39106.511 | AK14: 227756.11 | AL14: 135781.11 | AM14: 66998.313 | AN14: 98704.895 | AO14: 40633.128 | AP14: 51304.637 | AQ14: 155000.14 | AR14: 150458.78 | AS14: 164903.1 | AT14: =IFERROR(SUM(J14:O14)/COUNTIF(J14:O14,">0"),) | AU14: =IFERROR(SUM(P14:R14)/COUNTIF(P14:R14,">0"),) | AV14: =IFERROR(SUM(S14:X14)/COUNTIF(S14:X14,">0"),) | AW14: =IFERROR(SUM(Y14:AA14)/COUNTIF(Y14:AA14,">0"),) | AX14: =IFERROR(SUM(AB14:AG14)/COUNTIF(AB14:AG14,">0"),) | AY14: =IFERROR(SUM(AH14:AJ14)/COUNTIF(AH14:AJ14,">0"),) | AZ14: =IFERROR(SUM(AK14:AP14)/COUNTIF(AK14:AP14,">0"),) | BA14: =IFERROR(SUM(AQ14:AS14)/COUNTIF(AQ14:AS14,">0"),)
A15: Histone H2B type 1-C/E/G OS=Mus musculus GN=Hist1h2bc PE=1 SV=3 | B15: 10.74 | C15: 13906.163 | D15: 44558.33 | E15: Q6ZWY9 | F15: 13 | G15: 68.25 | H15: 0 | I15: H2B1C_MOUSE | J15: 322749.26 | K15: 359237.67 | L15: 294942.08 | M15: 327206.83 | N15: 214357.79 | O15: 311613.88 | P15: 322716.96 | Q15: 352121.19 | R15: 340232.82 | S15: 351001.57 | T15: 291898.14 | U15: 312393.2 | V15: 353539.97 | W15: 314837.95 | X15: 301113.11 | AB15: 283797.54 | AC15: 362070.12 | AD15: 392300.96 | AE15: 260971.32 | AF15: 360657.42 | AG15: 275668.89 | AH15: 188927.44 | AI15: 210488.33 | AJ15: 216919.82 | AK15: 199846.96 | AL15: 195310.28 | AM15: 181471.67 | AN15: 198593 | AO15: 218646.77 | AP15: 119194.15 | AT15: =IFERROR(SUM(J15:O15)/COUNTIF(J15:O15,">0"),) | AU15: =IFERROR(SUM(P15:R15)/COUNTIF(P15:R15,">0"),) | AV15: =IFERROR(SUM(S15:X15)/COUNTIF(S15:X15,">0"),) | AW15: =IFERROR(SUM(Y15:AA15)/COUNTIF(Y15:AA15,">0"),) | AX15: =IFERROR(SUM(AB15:AG15)/COUNTIF(AB15:AG15,">0"),) | AY15: =IFERROR(SUM(AH15:AJ15)/COUNTIF(AH15:AJ15,">0"),) | AZ15: =IFERROR(SUM(AK15:AP15)/COUNTIF(AK15:AP15,">0"),) | BA15: =IFERROR(SUM(AQ15:AS15)/COUNTIF(AQ15:AS15,">0"),)
A16: Lamin-B1 OS=Mus musculus GN=Lmnb1 PE=1 SV=3 | B16: 4.92 | C16: 67013.818 | D16: 42339.2 | E16: P14733 | F16: 50 | G16: 72.96 | H16: 0 | I16: LMNB1_MOUSE | J16: 145504.67 | K16: 228891 | L16: 170835 | M16: 202520.67 | N16: 246623.67 | O16: 192249 | P16: 202264.67 | Q16: 215992 | R16: 195331.33 | S16: 175209 | T16: 159590.33 | U16: 226412.33 | V16: 236603.33 | W16: 246483.67 | X16: 281288 | Y16: 211833.67 | Z16: 201801.33 | AA16: 182950.67 | AB16: 210476.33 | AC16: 253553.33 | AD16: 198762 | AE16: 155885.67 | AF16: 203022 | AG16: 218018.67 | AH16: 207719 | AI16: 231059.67 | AJ16: 198363 | AK16: 188441 | AL16: 209392.33 | AM16: 167145 | AN16: 225693 | AO16: 277987.67 | AP16: 128375.67 | AQ16: 195484.33 | AR16: 186138.33 | AS16: 174423.33 | AT16: =IFERROR(SUM(J16:O16)/COUNTIF(J16:O16,">0"),) | AU16: =IFERROR(SUM(P16:R16)/COUNTIF(P16:R16,">0"),) | AV16: =IFERROR(SUM(S16:X16)/COUNTIF(S16:X16,">0"),) | AW16: =IFERROR(SUM(Y16:AA16)/COUNTIF(Y16:AA16,">0"),) | AX16: =IFERROR(SUM(AB16:AG16)/COUNTIF(AB16:AG16,">0"),) | AY16: =IFERROR(SUM(AH16:AJ16)/COUNTIF(AH16:AJ16,">0"),) | AZ16: =IFERROR(SUM(AK16:AP16)/COUNTIF(AK16:AP16,">0"),) | BA16: =IFERROR(SUM(AQ16:AS16)/COUNTIF(AQ16:AS16,">0"),)
A17: Thymosin beta-4 OS=Mus musculus GN=Tmsb4x PE=1 SV=1 | B17: 4.82 | C17: 5679.487 | D17: 41334.38 | E17: P20065 | F17: 5 | G17: 72 | H17: 0 | I17: TYB4_MOUSE | J17: 56482.518 | K17: 190851.19 | L17: 180327.58 | M17: 221039.6 | N17: 174690.8 | O17: 120728.94 | P17: 174255 | Q17: 142027 | R17: 163122.67 | S17: 73951.054 | T17: 79833.604 | U17: 186189.3 | V17: 151582.04 | W17: 95837.144 | X17: 95924.801 | Y17: 142460 | Z17: 148550 | AA17: 111593.5 | AB17: 143993.67 | AC17: 208427.33 | AD17: 182893.67 | AE17: 215246.67 | AF17: 184874.33 | AG17: 179921.67 | AH17: 222196.33 | AI17: 213960.33 | AJ17: 121073.33 | AK17: 88156.391 | AL17: 81360.338 | AM17: 64672.441 | AN17: 79047.114 | AO17: 69753.898 | AP17: 69869.389 | AQ17: 91619.652 | AR17: 85058.049 | AS17: 61647 | AT17: =IFERROR(SUM(J17:O17)/COUNTIF(J17:O17,">0"),) | AU17: =IFERROR(SUM(P17:R17)/COUNTIF(P17:R17,">0"),) | AV17: =IFERROR(SUM(S17:X17)/COUNTIF(S17:X17,">0"),) | AW17: =IFERROR(SUM(Y17:AA17)/COUNTIF(Y17:AA17,">0"),) | AX17: =IFERROR(SUM(AB17:AG17)/COUNTIF(AB17:AG17,">0"),) | AY17: =IFERROR(SUM(AH17:AJ17)/COUNTIF(AH17:AJ17,">0"),) | AZ17: =IFERROR(SUM(AK17:AP17)/COUNTIF(AK17:AP17,">0"),) | BA17: =IFERROR(SUM(AQ17:AS17)/COUNTIF(AQ17:AS17,">0"),)
A18: Histone H2B type 1-P OS=Mus musculus GN=Hist1h2bp PE=1 SV=3 | B18: 10.74 | C18: 13992.297 | D18: 41160.32 | E18: Q8CGP2 | F18: 14 | G18: 73.02 | H18: 0 | I18: H2B1P_MOUSE | J18: 17236.808 | K18: 12834.605 | L18: 10446.308 | M18: 15123.776 | N18: 7697.2235 | O18: 13460.677 | P18: 22895.734 | Q18: 32846.423 | R18: 24150.614 | S18: 60578.323 | T18: 54764.045 | U18: 64165.006 | V18: 73340.782 | W18: 64164.006 | X18: 53011.537 | Y18: 383887.81 | Z18: 340797.02 | AA18: 336808.08 | AB18: 20463.715 | AC18: 14414.211 | AD18: 17780.718 | AE18: 11433.119 | AF18: 16630.11 | AG18: 17337.835 | AH18: 211825.82 | AI18: 244497.95 | AJ18: 240379.91 | AK18: 146445.47 | AL18: 164023.15 | AM18: 155372.43 | AN18: 162472.03 | AO18: 186290.83 | AP18: 95985.785 | AQ18: 397744.87 | AR18: 267377.08 | AS18: 318817.35 | AT18: =IFERROR(SUM(J18:O18)/COUNTIF(J18:O18,">0"),) | AU18: =IFERROR(SUM(P18:R18)/COUNTIF(P18:R18,">0"),) | AV18: =IFERROR(SUM(S18:X18)/COUNTIF(S18:X18,">0"),) | AW18: =IFERROR(SUM(Y18:AA18)/COUNTIF(Y18:AA18,">0"),) | AX18: =IFERROR(SUM(AB18:AG18)/COUNTIF(AB18:AG18,">0"),) | AY18: =IFERROR(SUM(AH18:AJ18)/COUNTIF(AH18:AJ18,">0"),) | AZ18: =IFERROR(SUM(AK18:AP18)/COUNTIF(AK18:AP18,">0"),) | BA18: =IFERROR(SUM(AQ18:AS18)/COUNTIF(AQ18:AS18,">0"),)
A19: Histone H2B type 3-A OS=Mus musculus GN=Hist3h2ba PE=1 SV=3 | B19: 10.79 | C19: 13994.229 | D19: 41108.46 | E19: Q9D2U9 | F19: 12 | G19: 72.22 | H19: 0 | I19: H2B3A_MOUSE | J19: 164755.28 | K19: 108951.53 | L19: 99627.4 | M19: 137385.01 | N19: 89326.317 | O19: 145814.81 | P19: 106636.92 | Q19: 172794.99 | R19: 102794.38 | S19: 71429.075 | T19: 74579.188 | U19: 107253.89 | V19: 132577.28 | W19: 112392.3 | X19: 132471.95 | Y19: 98767.495 | Z19: 91110.238 | AA19: 72718.623 | AB19: 139069.51 | AC19: 85761.472 | AD19: 125246.23 | AE19: 60821.459 | AF19: 102254.86 | AG19: 131737.04 | AH19: 84329.761 | AI19: 88418.883 | AJ19: 84071.829 | AK19: 87499.232 | AL19: 107092.24 | AM19: 93344.062 | AN19: 105970.29 | AO19: 140504.12 | AP19: 54612.66 | AQ19: 87490.398 | AR19: 77594.83 | AS19: 56971.387 | AT19: =IFERROR(SUM(J19:O19)/COUNTIF(J19:O19,">0"),) | AU19: =IFERROR(SUM(P19:R19)/COUNTIF(P19:R19,">0"),) | AV19: =IFERROR(SUM(S19:X19)/COUNTIF(S19:X19,">0"),) | AW19: =IFERROR(SUM(Y19:AA19)/COUNTIF(Y19:AA19,">0"),) | AX19: =IFERROR(SUM(AB19:AG19)/COUNTIF(AB19:AG19,">0"),) | AY19: =IFERROR(SUM(AH19:AJ19)/COUNTIF(AH19:AJ19,">0"),) | AZ19: =IFERROR(SUM(AK19:AP19)/COUNTIF(AK19:AP19,">0"),) | BA19: =IFERROR(SUM(AQ19:AS19)/COUNTIF(AQ19:AS19,">0"),)
A20: Tubulin alpha-1A chain OS=Mus musculus GN=Tuba1a PE=1 SV=1 | B20: 4.76 | C20: 50820.041 | D20: 40904.28 | E20: P68369 | F20: 25 | G20: 56.76 | H20: 0 | I20: TBA1A_MOUSE | J20: 231389.54 | K20: 287541.73 | L20: 268405.93 | M20: 304138.43 | N20: 282147.95 | O20: 264384.74 | P20: 342345.63 | Q20: 340087.52 | R20: 331544.34 | S20: 323756.73 | T20: 305566.63 | U20: 418800.49 | V20: 440487.6 | W20: 438145.29 | X20: 445392.41 | Y20: 482485.69 | Z20: 475922.93 | AA20: 411364.22 | AB20: 307908.72 | AC20: 312921.8 | AD20: 316861.92 | AE20: 315134.72 | AF20: 289498.43 | AG20: 287750.31 | AH20: 352316.31 | AI20: 340843.04 | AJ20: 329095.29 | AK20: 357048.89 | AL20: 370029.89 | AM20: 313148.79 | AN20: 378390.44 | AO20: 402918.38 | AP20: 289697.22 | AQ20: 383929.13 | AR20: 414579.05 | AS20: 343727.12 | AT20: =IFERROR(SUM(J20:O20)/COUNTIF(J20:O20,">0"),) | AU20: =IFERROR(SUM(P20:R20)/COUNTIF(P20:R20,">0"),) | AV20: =IFERROR(SUM(S20:X20)/COUNTIF(S20:X20,">0"),) | AW20: =IFERROR(SUM(Y20:AA20)/COUNTIF(Y20:AA20,">0"),) | AX20: =IFERROR(SUM(AB20:AG20)/COUNTIF(AB20:AG20,">0"),) | AY20: =IFERROR(SUM(AH20:AJ20)/COUNTIF(AH20:AJ20,">0"),) | AZ20: =IFERROR(SUM(AK20:AP20)/COUNTIF(AK20:AP20,">0"),) | BA20: =IFERROR(SUM(AQ20:AS20)/COUNTIF(AQ20:AS20,">0"),)
A21: Histone H2A type 2-C OS=Mus musculus GN=Hist2h2ac PE=1 SV=3 | B21: 11.33 | C21: 13988.393 | D21: 39819.52 | E21: Q64523 | F21: 6 | G21: 37.98 | H21: 0 | I21: H2A2C_MOUSE | J21: 42118.932 | K21: 66970.959 | L21: 47598.372 | M21: 91854.455 | N21: 42175.91 | O21: 94998.331 | P21: 17072.633 | Q21: 59728.65 | R21: 36771.56 | S21: 2848.7049 | T21: 3683.7047 | U21: 4913.7885 | V21: 4672.3891 | W21: 6151.4031 | X21: 6684.5506 | AB21: 125739.5 | AC21: 73400.806 | AD21: 83128.319 | AE21: 45344.16 | AF21: 109544.47 | AG21: 74551.956 | AH21: 9386.7756 | AI21: 7775.8183 | AJ21: 5743.6153 | AT21: =IFERROR(SUM(J21:O21)/COUNTIF(J21:O21,">0"),) | AU21: =IFERROR(SUM(P21:R21)/COUNTIF(P21:R21,">0"),) | AV21: =IFERROR(SUM(S21:X21)/COUNTIF(S21:X21,">0"),) | AW21: =IFERROR(SUM(Y21:AA21)/COUNTIF(Y21:AA21,">0"),) | AX21: =IFERROR(SUM(AB21:AG21)/COUNTIF(AB21:AG21,">0"),) | AY21: =IFERROR(SUM(AH21:AJ21)/COUNTIF(AH21:AJ21,">0"),) | AZ21: =IFERROR(SUM(AK21:AP21)/COUNTIF(AK21:AP21,">0"),) | BA21: =IFERROR(SUM(AQ21:AS21)/COUNTIF(AQ21:AS21,">0"),)
A22: Histone H2A type 1-H OS=Mus musculus GN=Hist1h2ah PE=1 SV=3 | B22: 11.45 | C22: 13950.282 | D22: 39819.52 | E22: Q8CGP6 | F22: 6 | G22: 38.28 | H22: 0 | I22: H2A1H_MOUSE | J22: 160677.64 | K22: 304896.1 | L22: 207360.16 | M22: 257440.92 | N22: 209701.58 | O22: 194978.35 | P22: 210755.33 | Q22: 370265.75 | R22: 319634.57 | S22: 128480.7 | T22: 166140.4 | U22: 282889.15 | V22: 207634.6 | W22: 321191.81 | X22: 301482.89 | Y22: 187109.71 | Z22: 270109.59 | AA22: 139128.48 | AB22: 251882.92 | AC22: 197561.56 | AD22: 211567.26 | AE22: 122045.84 | AF22: 237137.95 | AG22: 174264.32 | AH22: 407122.92 | AI22: 341473.86 | AJ22: 250524.6 | AK22: 150710.8 | AL22: 148838.23 | AM22: 73306.679 | AN22: 142922.07 | AO22: 143878.12 | AP22: 90600.458 | AQ22: 258516.89 | AR22: 275654.05 | AS22: 129350.27 | AT22: =IFERROR(SUM(J22:O22)/COUNTIF(J22:O22,">0"),) | AU22: =IFERROR(SUM(P22:R22)/COUNTIF(P22:R22,">0"),) | AV22: =IFERROR(SUM(S22:X22)/COUNTIF(S22:X22,">0"),) | AW22: =IFERROR(SUM(Y22:AA22)/COUNTIF(Y22:AA22,">0"),) | AX22: =IFERROR(SUM(AB22:AG22)/COUNTIF(AB22:AG22,">0"),) | AY22: =IFERROR(SUM(AH22:AJ22)/COUNTIF(AH22:AJ22,">0"),) | AZ22: =IFERROR(SUM(AK22:AP22)/COUNTIF(AK22:AP22,">0"),) | BA22: =IFERROR(SUM(AQ22:AS22)/COUNTIF(AQ22:AS22,">0"),)
A23: Histone H2B type 2-E OS=Mus musculus GN=Hist2h2be PE=1 SV=3 | B23: 10.74 | C23: 13993.284 | D23: 39527.43 | E23: Q64524 | F23: 12 | G23: 72.22 | H23: 0 | I23: H2B2E_MOUSE | J23: 10008.851 | K23: 9329.0878 | L23: 7871.6728 | M23: 7202.8542 | N23: 7336.7345 | O23: 10024.655 | P23: 11060.136 | Q23: 12536.677 | R23: 12231.422 | S23: 51819.385 | T23: 42697.993 | U23: 37164.022 | V23: 52240.283 | W23: 39593.582 | X23: 44890.946 | Y23: 179267.75 | Z23: 110611.77 | AA23: 85313.148 | AB23: 7945.7304 | AC23: 8367.3218 | AD23: 11395.4 | AE23: 6341.7228 | AF23: 8951.4663 | AG23: 8763.5066 | AH23: 75184.024 | AI23: 52742.677 | AJ23: 37610.643 | AK23: 107483.4 | AL23: 91757.389 | AM23: 93088.747 | AN23: 101404.6 | AO23: 85927.946 | AP23: 37955.102 | AQ23: 170009.12 | AR23: 105421.84 | AS23: 36010.493 | AT23: =IFERROR(SUM(J23:O23)/COUNTIF(J23:O23,">0"),) | AU23: =IFERROR(SUM(P23:R23)/COUNTIF(P23:R23,">0"),) | AV23: =IFERROR(SUM(S23:X23)/COUNTIF(S23:X23,">0"),) | AW23: =IFERROR(SUM(Y23:AA23)/COUNTIF(Y23:AA23,">0"),) | AX23: =IFERROR(SUM(AB23:AG23)/COUNTIF(AB23:AG23,">0"),) | AY23: =IFERROR(SUM(AH23:AJ23)/COUNTIF(AH23:AJ23,">0"),) | AZ23: =IFERROR(SUM(AK23:AP23)/COUNTIF(AK23:AP23,">0"),) | BA23: =IFERROR(SUM(AQ23:AS23)/COUNTIF(AQ23:AS23,">0"),)
A24: Histone H4 OS=Mus musculus GN=Hist1h4a PE=1 SV=2 | B24: 11.77 | C24: 11367.363 | D24: 39172.58 | E24: P62806 | F24: 11 | G24: 63.11 | H24: 0 | I24: H4_MOUSE | J24: 295377 | K24: 326655.33 | L24: 280044.33 | M24: 275953.67 | N24: 155540 | O24: 277855.33 | P24: 271231 | Q24: 346204.67 | R24: 55754 | S24: 363082.33 | T24: 129282.33 | U24: 135582.33 | V24: 372285.33 | W24: 359772.33 | X24: 250508 | Y24: 390313.67 | Z24: 177176.67 | AA24: 82405 | AB24: 324484 | AC24: 324888.67 | AD24: 289416.67 | AE24: 312777.33 | AF24: 190445 | AG24: 267882.67 | AH24: 258119 | AI24: 269870 | AJ24: 335891.67 | AK24: 272091 | AL24: 325400.67 | AM24: 41263 | AN24: 358417 | AO24: 269809.67 | AP24: 307670.33 | AQ24: 241741.33 | AR24: 268528 | AS24: 442515.67 | AT24: =IFERROR(SUM(J24:O24)/COUNTIF(J24:O24,">0"),) | AU24: =IFERROR(SUM(P24:R24)/COUNTIF(P24:R24,">0"),) | AV24: =IFERROR(SUM(S24:X24)/COUNTIF(S24:X24,">0"),) | AW24: =IFERROR(SUM(Y24:AA24)/COUNTIF(Y24:AA24,">0"),) | AX24: =IFERROR(SUM(AB24:AG24)/COUNTIF(AB24:AG24,">0"),) | AY24: =IFERROR(SUM(AH24:AJ24)/COUNTIF(AH24:AJ24,">0"),) | AZ24: =IFERROR(SUM(AK24:AP24)/COUNTIF(AK24:AP24,">0"),) | BA24: =IFERROR(SUM(AQ24:AS24)/COUNTIF(AQ24:AS24,">0"),)
A25: Keratin, type II cytoskeletal 2 epidermal (Cytokeratin-2e) (K2e) (CK 2e) (keratin-2) | B25: 8.05 | C25: 66150.539 | D25: 37923.98 | E25: P35908 | F25: 46 | G25: 82.64 | H25: 0 | I25: K22E_HUMAN | J25: 90633 | K25: 111068.33 | L25: 152915 | M25: 109167 | N25: 119384.33 | O25: 145332.67 | P25: 145564.33 | Q25: 124563.89 | R25: 136380.67 | S25: 198909.67 | T25: 233045.67 | U25: 112305.8 | V25: 206873.37 | W25: 260470.21 | X25: 197835.12 | Y25: 235948.79 | Z25: 236354.67 | AA25: 211329.21 | AB25: 206803 | AC25: 202859.67 | AD25: 204890 | AE25: 134910.81 | AF25: 77876.536 | AG25: 48307.219 | AH25: 166198.74 | AI25: 165422.23 | AJ25: 173489.33 | AK25: 209090.33 | AL25: 231142.33 | AM25: 256312.33 | AN25: 230573.3 | AO25: 142226.92 | AP25: 191962.33 | AQ25: 226353.67 | AR25: 235481.77 | AS25: 228168.38 | AT25: =IFERROR(SUM(J25:O25)/COUNTIF(J25:O25,">0"),) | AU25: =IFERROR(SUM(P25:R25)/COUNTIF(P25:R25,">0"),) | AV25: =IFERROR(SUM(S25:X25)/COUNTIF(S25:X25,">0"),) | AW25: =IFERROR(SUM(Y25:AA25)/COUNTIF(Y25:AA25,">0"),) | AX25: =IFERROR(SUM(AB25:AG25)/COUNTIF(AB25:AG25,">0"),) | AY25: =IFERROR(SUM(AH25:AJ25)/COUNTIF(AH25:AJ25,">0"),) | AZ25: =IFERROR(SUM(AK25:AP25)/COUNTIF(AK25:AP25,">0"),) | BA25: =IFERROR(SUM(AQ25:AS25)/COUNTIF(AQ25:AS25,">0"),)
A26: Peptidyl-prolyl cis-trans isomerase A OS=Mus musculus GN=Ppia PE=1 SV=2 | B26: 8 | C26: 18142.461 | D26: 37852.5 | E26: P17742 | F26: 11 | G26: 53.05 | H26: 0 | I26: PPIA_MOUSE | J26: 187624.25 | K26: 221241.33 | L26: 199506 | M26: 220988.33 | N26: 250057 | O26: 191956.67 | P26: 235982.67 | Q26: 250688.67 | R26: 201852.94 | S26: 116860.31 | T26: 147147.39 | U26: 212073.53 | V26: 214997 | W26: 212730.36 | X26: 184479 | Y26: 189337.52 | Z26: 177779.48 | AA26: 175806.78 | AB26: 202755.33 | AC26: 251747.67 | AD26: 233963.67 | AE26: 206875.67 | AF26: 199686.67 | AG26: 238485.33 | AH26: 219037 | AI26: 236945.67 | AJ26: 234878.33 | AK26: 136785.84 | AL26: 144818.33 | AM26: 134157.66 | AN26: 185758.28 | AO26: 193317.23 | AP26: 122695.84 | AQ26: 146081.55 | AR26: 156567.89 | AS26: 131579.96 | AT26: =IFERROR(SUM(J26:O26)/COUNTIF(J26:O26,">0"),) | AU26: =IFERROR(SUM(P26:R26)/COUNTIF(P26:R26,">0"),) | AV26: =IFERROR(SUM(S26:X26)/COUNTIF(S26:X26,">0"),) | AW26: =IFERROR(SUM(Y26:AA26)/COUNTIF(Y26:AA26,">0"),) | AX26: =IFERROR(SUM(AB26:AG26)/COUNTIF(AB26:AG26,">0"),) | AY26: =IFERROR(SUM(AH26:AJ26)/COUNTIF(AH26:AJ26,">0"),) | AZ26: =IFERROR(SUM(AK26:AP26)/COUNTIF(AK26:AP26,">0"),) | BA26: =IFERROR(SUM(AQ26:AS26)/COUNTIF(AQ26:AS26,">0"),)
A27: Ubiquitin-40S ribosomal protein S27a OS=Mus musculus GN=Rps27a PE=1 SV=2 | B27: 10.03 | C27: 18293.077 | D27: 37723.96 | E27: P62983 | F27: 9 | G27: 45.51 | H27: 0 | I27: RS27A_MOUSE | J27: 187163.98 | K27: 209527.19 | L27: 190700.36 | M27: 218654.23 | N27: 224158.81 | O27: 210903.9 | P27: 278810.24 | Q27: 201596 | R27: 237756.62 | S27: 291757 | T27: 279830.33 | U27: 241700.67 | V27: 324597.33 | W27: 300139.67 | X27: 312304.67 | Y27: 348083 | Z27: 362351.33 | AA27: 363922.67 | AB27: 258167.33 | AC27: 256418.33 | AD27: 284927.33 | AE27: 216500 | AF27: 266173.33 | AG27: 311632.33 | AH27: 312089 | AI27: 252929.67 | AJ27: 329794.33 | AK27: 279135.67 | AL27: 284023 | AM27: 264722 | AN27: 326111 | AO27: 300237.33 | AP27: 258572 | AQ27: 315617 | AR27: 318149.67 | AS27: 322417 | AT27: =IFERROR(SUM(J27:O27)/COUNTIF(J27:O27,">0"),) | AU27: =IFERROR(SUM(P27:R27)/COUNTIF(P27:R27,">0"),) | AV27: =IFERROR(SUM(S27:X27)/COUNTIF(S27:X27,">0"),) | AW27: =IFERROR(SUM(Y27:AA27)/COUNTIF(Y27:AA27,">0"),) | AX27: =IFERROR(SUM(AB27:AG27)/COUNTIF(AB27:AG27,">0"),) | AY27: =IFERROR(SUM(AH27:AJ27)/COUNTIF(AH27:AJ27,">0"),) | AZ27: =IFERROR(SUM(AK27:AP27)/COUNTIF(AK27:AP27,">0"),) | BA27: =IFERROR(SUM(AQ27:AS27)/COUNTIF(AQ27:AS27,">0"),)
A28: 14-3-3 protein beta/alpha OS=Mus musculus GN=Ywhab PE=1 SV=3 | B28: 4.57 | C28: 28200.542 | D28: 37706.11 | E28: Q9CQV8 | F28: 17 | G28: 61.38 | H28: 0 | I28: 1433B_MOUSE | J28: 23107.333 | K28: 113264.67 | L28: 96444 | M28: 72651 | N28: 108582 | O28: 88139.333 | P28: 96355 | Q28: 106236.67 | R28: 107350.33 | S28: 43198.77 | T28: 37605.199 | U28: 103073.33 | V28: 82947 | W28: 90311.333 | X28: 82629.667 | Y28: 74518 | Z28: 69814.667 | AA28: 49407 | AB28: 76830.333 | AC28: 124778.33 | AD28: 109538.67 | AE28: 102681 | AF28: 72163.333 | AG28: 97773.667 | AH28: 98715 | AI28: 95356.333 | AJ28: 91856.333 | AK28: 68051.213 | AL28: 56675.777 | AM28: 53380.035 | AN28: 65545.333 | AO28: 76715 | AP28: 46087.542 | AQ28: 58402.159 | AR28: 57210.667 | AS28: 51320.204 | AT28: =IFERROR(SUM(J28:O28)/COUNTIF(J28:O28,">0"),) | AU28: =IFERROR(SUM(P28:R28)/COUNTIF(P28:R28,">0"),) | AV28: =IFERROR(SUM(S28:X28)/COUNTIF(S28:X28,">0"),) | AW28: =IFERROR(SUM(Y28:AA28)/COUNTIF(Y28:AA28,">0"),) | AX28: =IFERROR(SUM(AB28:AG28)/COUNTIF(AB28:AG28,">0"),) | AY28: =IFERROR(SUM(AH28:AJ28)/COUNTIF(AH28:AJ28,">0"),) | AZ28: =IFERROR(SUM(AK28:AP28)/COUNTIF(AK28:AP28,">0"),) | BA28: =IFERROR(SUM(AQ28:AS28)/COUNTIF(AQ28:AS28,">0"),)
A29: Alpha-enolase OS=Mus musculus GN=Eno1 PE=1 SV=3 | B29: 6.38 | C29: 47483.06 | D29: 37701.39 | E29: P17182 | F29: 30 | G29: 68.89 | H29: 0 | I29: ENOA_MOUSE | J29: 152396.67 | K29: 148631.44 | L29: 191939.6 | M29: 197029.68 | N29: 178621.68 | O29: 167173.1 | P29: 180853.79 | Q29: 175210.33 | R29: 172384.19 | S29: 58557.667 | T29: 69654.717 | U29: 117317.33 | V29: 124352.04 | W29: 134982.54 | X29: 121003.25 | Y29: 96065.593 | Z29: 108798.33 | AA29: 110232.67 | AB29: 179977 | AC29: 150589.84 | AD29: 179473.2 | AE29: 146404.87 | AF29: 185788.67 | AG29: 178464.55 | AH29: 191270.32 | AI29: 191317.25 | AJ29: 170036.62 | AK29: 82239.453 | AL29: 80720.528 | AM29: 98631 | AN29: 110279.8 | AO29: 149345.54 | AP29: 103815.67 | AQ29: 91212.667 | AR29: 102995.33 | AS29: 100062.33 | AT29: =IFERROR(SUM(J29:O29)/COUNTIF(J29:O29,">0"),) | AU29: =IFERROR(SUM(P29:R29)/COUNTIF(P29:R29,">0"),) | AV29: =IFERROR(SUM(S29:X29)/COUNTIF(S29:X29,">0"),) | AW29: =IFERROR(SUM(Y29:AA29)/COUNTIF(Y29:AA29,">0"),) | AX29: =IFERROR(SUM(AB29:AG29)/COUNTIF(AB29:AG29,">0"),) | AY29: =IFERROR(SUM(AH29:AJ29)/COUNTIF(AH29:AJ29,">0"),) | AZ29: =IFERROR(SUM(AK29:AP29)/COUNTIF(AK29:AP29,">0"),) | BA29: =IFERROR(SUM(AQ29:AS29)/COUNTIF(AQ29:AS29,">0"),)
A30: Ubiquitin-60S ribosomal protein L40 OS=Mus musculus GN=Uba52 PE=1 SV=2 | B30: 10.26 | C30: 15013.472 | D30: 37680.92 | E30: P62984 | F30: 9 | G30: 57.81 | H30: 0 | I30: RL40_MOUSE | J30: 32440.357 | K30: 36316.48 | L30: 33053.304 | M30: 37898.433 | N30: 38852.519 | O30: 36555.1 | P30: 51245.762 | Q30: 37053.664 | R30: 43700.043 | AT30: =IFERROR(SUM(J30:O30)/COUNTIF(J30:O30,">0"),) | AU30: =IFERROR(SUM(P30:R30)/COUNTIF(P30:R30,">0"),) | AV30: =IFERROR(SUM(S30:X30)/COUNTIF(S30:X30,">0"),) | AW30: =IFERROR(SUM(Y30:AA30)/COUNTIF(Y30:AA30,">0"),) | AX30: =IFERROR(SUM(AB30:AG30)/COUNTIF(AB30:AG30,">0"),) | AY30: =IFERROR(SUM(AH30:AJ30)/COUNTIF(AH30:AJ30,">0"),) | AZ30: =IFERROR(SUM(AK30:AP30)/COUNTIF(AK30:AP30,">0"),) | BA30: =IFERROR(SUM(AQ30:AS30)/COUNTIF(AQ30:AS30,">0"),)
A31: Keratin, type II cytoskeletal 6B (Cytokeratin-6B) (CK 6B) (K6b keratin) | B31: 8.05 | C31: 60284.093 | D31: 36884.22 | E31: P04259 | F31: 36 | G31: 51.77 | H31: 0 | I31: K2C6B_HUMAN | J31: 10554.498 | K31: 16627.238 | L31: 137229.39 | M31: 30926.376 | N31: 20745.322 | O31: 25791.247 | P31: 69018.787 | Q31: 68467.237 | R31: 74667.124 | S31: 31274.865 | T31: 38157.451 | U31: 19085.431 | V31: 35026.827 | W31: 42237.619 | X31: 72817.087 | Y31: 39764.496 | Z31: 43162.346 | AA31: 42465.997 | AB31: 27663.989 | AC31: 61485.131 | AD31: 26431.958 | AE31: 32921.568 | AF31: 42913.199 | AG31: 7200.0119 | AH31: 39392.553 | AI31: 37446.982 | AJ31: 43570.729 | AK31: 183496.89 | AL31: 89296.56 | AM31: 39993.958 | AN31: 58891.769 | AO31: 26806.539 | AP31: 33846.761 | AQ31: 100418.82 | AR31: 110950.58 | AS31: 112907.74 | AT31: =IFERROR(SUM(J31:O31)/COUNTIF(J31:O31,">0"),) | AU31: =IFERROR(SUM(P31:R31)/COUNTIF(P31:R31,">0"),) | AV31: =IFERROR(SUM(S31:X31)/COUNTIF(S31:X31,">0"),) | AW31: =IFERROR(SUM(Y31:AA31)/COUNTIF(Y31:AA31,">0"),) | AX31: =IFERROR(SUM(AB31:AG31)/COUNTIF(AB31:AG31,">0"),) | AY31: =IFERROR(SUM(AH31:AJ31)/COUNTIF(AH31:AJ31,">0"),) | AZ31: =IFERROR(SUM(AK31:AP31)/COUNTIF(AK31:AP31,">0"),) | BA31: =IFERROR(SUM(AQ31:AS31)/COUNTIF(AQ31:AS31,">0"),)
A32: Heterogeneous nuclear ribonucleoproteins A2/B1 OS=Mus musculus GN=Hnrnpa2b1 PE=1 SV=2 | B32: 9.19 | C32: 37459.762 | D32: 36655.55 | E32: O88569 | F32: 18 | G32: 64.31 | H32: 0 | I32: ROA2_MOUSE | J32: 176961 | K32: 303039 | L32: 237115 | M32: 255493 | N32: 268213.33 | O32: 256243.67 | P32: 294570.33 | Q32: 240668.67 | R32: 264319.33 | S32: 218815 | T32: 211832.67 | U32: 283385 | V32: 284681.67 | W32: 250222.33 | X32: 263170.33 | Y32: 266751.67 | Z32: 238623.33 | AA32: 241474.33 | AB32: 279234 | AC32: 291444.33 | AD32: 265504.33 | AE32: 222558.33 | AF32: 278126.67 | AG32: 256654 | AH32: 294773 | AI32: 253201.67 | AJ32: 283020 | AK32: 210301.67 | AL32: 209662 | AM32: 187969.67 | AN32: 238578 | AO32: 311386.67 | AP32: 177368 | AQ32: 241644.67 | AR32: 217112.67 | AS32: 202993.67 | AT32: =IFERROR(SUM(J32:O32)/COUNTIF(J32:O32,">0"),) | AU32: =IFERROR(SUM(P32:R32)/COUNTIF(P32:R32,">0"),) | AV32: =IFERROR(SUM(S32:X32)/COUNTIF(S32:X32,">0"),) | AW32: =IFERROR(SUM(Y32:AA32)/COUNTIF(Y32:AA32,">0"),) | AX32: =IFERROR(SUM(AB32:AG32)/COUNTIF(AB32:AG32,">0"),) | AY32: =IFERROR(SUM(AH32:AJ32)/COUNTIF(AH32:AJ32,">0"),) | AZ32: =IFERROR(SUM(AK32:AP32)/COUNTIF(AK32:AP32,">0"),) | BA32: =IFERROR(SUM(AQ32:AS32)/COUNTIF(AQ32:AS32,">0"),)
A33: Fructose-bisphosphate aldolase C OS=Mus musculus GN=Aldoc PE=1 SV=4 | B33: 6.74 | C33: 39794.126 | D33: 35792.6 | E33: P05063 | F33: 23 | G33: 58.4 | H33: 0 | I33: ALDOC_MOUSE | J33: 143302 | K33: 142249.67 | L33: 137525.67 | M33: 154554.67 | N33: 147397.33 | O33: 137537.67 | P33: 158783.67 | Q33: 164632.33 | R33: 165864.33 | S33: 37795 | T33: 36253.667 | U33: 32718.333 | V33: 26409.667 | W33: 37670 | X33: 37031.333 | Y33: 42848.667 | Z33: 31233 | AA33: 33380.667 | AB33: 130307 | AC33: 144481.33 | AD33: 121918.67 | AE33: 76394 | AF33: 164563.33 | AG33: 137443.67 | AH33: 155699 | AI33: 156471 | AJ33: 163444.67 | AK33: 71323.333 | AL33: 35792.333 | AM33: 34727.333 | AN33: 26492.667 | AO33: 55383 | AP33: 65319 | AQ33: 44622.333 | AR33: 43078 | AS33: 42453 | AT33: =IFERROR(SUM(J33:O33)/COUNTIF(J33:O33,">0"),) | AU33: =IFERROR(SUM(P33:R33)/COUNTIF(P33:R33,">0"),) | AV33: =IFERROR(SUM(S33:X33)/COUNTIF(S33:X33,">0"),) | AW33: =IFERROR(SUM(Y33:AA33)/COUNTIF(Y33:AA33,">0"),) | AX33: =IFERROR(SUM(AB33:AG33)/COUNTIF(AB33:AG33,">0"),) | AY33: =IFERROR(SUM(AH33:AJ33)/COUNTIF(AH33:AJ33,">0"),) | AZ33: =IFERROR(SUM(AK33:AP33)/COUNTIF(AK33:AP33,">0"),) | BA33: =IFERROR(SUM(AQ33:AS33)/COUNTIF(AQ33:AS33,">0"),)
A34: Tubulin alpha-1C chain OS=Mus musculus GN=Tuba1c PE=1 SV=1 | B34: 4.79 | C34: 50593.765 | D34: 35554.51 | E34: P68373 | F34: 23 | G34: 51.22 | H34: 0 | I34: TBA1C_MOUSE | J34: 11217.883 | K34: 13719.675 | L34: 12917.451 | M34: 14994.183 | N34: 13927.682 | O34: 12700.234 | P34: 14498.688 | Q34: 14368.519 | R34: 13930.872 | AB34: 11914.516 | AC34: 11927.444 | AD34: 12084.269 | AE34: 11830.52 | AF34: 11420.91 | AG34: 10924.787 | AH34: 17328.161 | AI34: 16751.457 | AJ34: 16270.5 | AT34: =IFERROR(SUM(J34:O34)/COUNTIF(J34:O34,">0"),) | AU34: =IFERROR(SUM(P34:R34)/COUNTIF(P34:R34,">0"),) | AV34: =IFERROR(SUM(S34:X34)/COUNTIF(S34:X34,">0"),) | AW34: =IFERROR(SUM(Y34:AA34)/COUNTIF(Y34:AA34,">0"),) | AX34: =IFERROR(SUM(AB34:AG34)/COUNTIF(AB34:AG34,">0"),) | AY34: =IFERROR(SUM(AH34:AJ34)/COUNTIF(AH34:AJ34,">0"),) | AZ34: =IFERROR(SUM(AK34:AP34)/COUNTIF(AK34:AP34,">0"),) | BA34: =IFERROR(SUM(AQ34:AS34)/COUNTIF(AQ34:AS34,">0"),)
A35: Tubulin beta-2A chain OS=Mus musculus GN=Tubb2a PE=1 SV=1 | B35: 4.59 | C35: 50306.299 | D35: 34907.96 | E35: Q7TMM9 | F35: 20 | G35: 51.91 | H35: 0 | I35: TBB2A_MOUSE | J35: 60592.543 | K35: 92379.257 | L35: 85749.226 | M35: 100961.02 | N35: 89762.617 | O35: 84685.365 | P35: 99859.976 | Q35: 104240.43 | R35: 99288.728 | S35: 72047.677 | T35: 80351.838 | U35: 117237.94 | V35: 98918.96 | W35: 105735.49 | X35: 93767.944 | Y35: 99982.152 | Z35: 107085.98 | AA35: 98300.352 | AB35: 91451.867 | AC35: 99144.108 | AD35: 96020.592 | AE35: 83484.836 | AF35: 87542.435 | AG35: 93073.536 | AH35: 105326.85 | AI35: 109563.35 | AJ35: 102345.7 | AK35: 86345.38 | AL35: 84315.917 | AM35: 81537.567 | AN35: 86629.715 | AO35: 120323 | AP35: 59908.833 | AQ35: 84472.277 | AR35: 86058.07 | AS35: 85061.87 | AT35: =IFERROR(SUM(J35:O35)/COUNTIF(J35:O35,">0"),) | AU35: =IFERROR(SUM(P35:R35)/COUNTIF(P35:R35,">0"),) | AV35: =IFERROR(SUM(S35:X35)/COUNTIF(S35:X35,">0"),) | AW35: =IFERROR(SUM(Y35:AA35)/COUNTIF(Y35:AA35,">0"),) | AX35: =IFERROR(SUM(AB35:AG35)/COUNTIF(AB35:AG35,">0"),) | AY35: =IFERROR(SUM(AH35:AJ35)/COUNTIF(AH35:AJ35,">0"),) | AZ35: =IFERROR(SUM(AK35:AP35)/COUNTIF(AK35:AP35,">0"),) | BA35: =IFERROR(SUM(AQ35:AS35)/COUNTIF(AQ35:AS35,">0"),)
A36: Tubulin beta-4B chain OS=Mus musculus GN=Tubb4b PE=1 SV=1 | B36: 4.6 | C36: 50287.352 | D36: 34531.69 | E36: P68372 | F36: 19 | G36: 51.46 | H36: 0 | I36: TBB4B_MOUSE | J36: 103772.27 | K36: 120020.8 | L36: 104257.49 | M36: 113722 | N36: 110362.34 | O36: 102689.43 | P36: 133641.86 | Q36: 144496.88 | R36: 138662.16 | S36: 89078.081 | T36: 111033.81 | U36: 125242.82 | V36: 112119.37 | W36: 128814.09 | X36: 118041.44 | Y36: 123682.77 | Z36: 121423.75 | AA36: 123173.4 | AB36: 124304.15 | AC36: 140177.88 | AD36: 112709.97 | AE36: 106171.68 | AF36: 121193.04 | AG36: 119658.04 | AH36: 148203.23 | AI36: 147609.97 | AJ36: 154912.77 | AK36: 107661.01 | AL36: 105660.43 | AM36: 87571.517 | AN36: 101088.26 | AO36: 125605.58 | AP36: 78565.346 | AQ36: 92927.018 | AR36: 95926.954 | AS36: 92003.376 | AT36: =IFERROR(SUM(J36:O36)/COUNTIF(J36:O36,">0"),) | AU36: =IFERROR(SUM(P36:R36)/COUNTIF(P36:R36,">0"),) | AV36: =IFERROR(SUM(S36:X36)/COUNTIF(S36:X36,">0"),) | AW36: =IFERROR(SUM(Y36:AA36)/COUNTIF(Y36:AA36,">0"),) | AX36: =IFERROR(SUM(AB36:AG36)/COUNTIF(AB36:AG36,">0"),) | AY36: =IFERROR(SUM(AH36:AJ36)/COUNTIF(AH36:AJ36,">0"),) | AZ36: =IFERROR(SUM(AK36:AP36)/COUNTIF(AK36:AP36,">0"),) | BA36: =IFERROR(SUM(AQ36:AS36)/COUNTIF(AQ36:AS36,">0"),)
A37: 14-3-3 protein theta OS=Mus musculus GN=Ywhaq PE=1 SV=1 | B37: 4.49 | C37: 28063.46 | D37: 34522.07 | E37: P68254 | F37: 13 | G37: 45.71 | H37: 0 | I37: 1433T_MOUSE | J37: 48380.991 | K37: 161090.33 | L37: 109938.67 | M37: 89816.333 | N37: 138825.67 | O37: 126728.33 | P37: 134264 | Q37: 133365.33 | R37: 116334.67 | S37: 98404.775 | T37: 86932.524 | U37: 180840.33 | V37: 154988.67 | W37: 185770.33 | X37: 182142.33 | Y37: 154505.33 | Z37: 150272.67 | AA37: 108888.67 | AB37: 104302.67 | AC37: 176841.67 | AD37: 114530 | AE37: 126310 | AF37: 77372.736 | AG37: 145017.67 | AH37: 122128.67 | AI37: 141691 | AJ37: 119502.49 | AK37: 138995.33 | AL37: 118890.33 | AM37: 83619 | AN37: 120031 | AO37: 166761.67 | AP37: 87618.045 | AQ37: 116935.33 | AR37: 112212 | AS37: 92569.168 | AT37: =IFERROR(SUM(J37:O37)/COUNTIF(J37:O37,">0"),) | AU37: =IFERROR(SUM(P37:R37)/COUNTIF(P37:R37,">0"),) | AV37: =IFERROR(SUM(S37:X37)/COUNTIF(S37:X37,">0"),) | AW37: =IFERROR(SUM(Y37:AA37)/COUNTIF(Y37:AA37,">0"),) | AX37: =IFERROR(SUM(AB37:AG37)/COUNTIF(AB37:AG37,">0"),) | AY37: =IFERROR(SUM(AH37:AJ37)/COUNTIF(AH37:AJ37,">0"),) | AZ37: =IFERROR(SUM(AK37:AP37)/COUNTIF(AK37:AP37,">0"),) | BA37: =IFERROR(SUM(AQ37:AS37)/COUNTIF(AQ37:AS37,">0"),)
A38: Tubulin beta-2B chain OS=Mus musculus GN=Tubb2b PE=1 SV=1 | B38: 4.59 | C38: 50409.414 | D38: 34423.6 | E38: Q9CWF2 | F38: 20 | G38: 51.91 | H38: 0 | I38: TBB2B_MOUSE | J38: 62770.926 | K38: 86747.56 | L38: 92249.867 | M38: 99437.263 | N38: 86346.078 | O38: 80210.834 | P38: 99855.206 | Q38: 102498.8 | R38: 99160.042 | S38: 138176.89 | T38: 153048.99 | U38: 202859.1 | V38: 186310.58 | W38: 181777.86 | X38: 166568.85 | Y38: 184194.01 | Z38: 204105.62 | AA38: 188983.57 | AB38: 92394.114 | AC38: 106122.98 | AD38: 100338.88 | AE38: 86851.093 | AF38: 94112.18 | AG38: 98393.007 | AH38: 104424.8 | AI38: 110605.14 | AJ38: 108419.49 | AK38: 169935.04 | AL38: 150175.58 | AM38: 149869.09 | AN38: 159734.75 | AO38: 212200.16 | AP38: 111491.51 | AQ38: 159279.85 | AR38: 158061.63 | AS38: 163764.35 | AT38: =IFERROR(SUM(J38:O38)/COUNTIF(J38:O38,">0"),) | AU38: =IFERROR(SUM(P38:R38)/COUNTIF(P38:R38,">0"),) | AV38: =IFERROR(SUM(S38:X38)/COUNTIF(S38:X38,">0"),) | AW38: =IFERROR(SUM(Y38:AA38)/COUNTIF(Y38:AA38,">0"),) | AX38: =IFERROR(SUM(AB38:AG38)/COUNTIF(AB38:AG38,">0"),) | AY38: =IFERROR(SUM(AH38:AJ38)/COUNTIF(AH38:AJ38,">0"),) | AZ38: =IFERROR(SUM(AK38:AP38)/COUNTIF(AK38:AP38,">0"),) | BA38: =IFERROR(SUM(AQ38:AS38)/COUNTIF(AQ38:AS38,">0"),)
A39: Keratin, type I cytoskeletal 17 (Cytokeratin-17) (CK-17) (Keratin-17) (K17) (39.1) | B39: 4.78 | C39: 48390.884 | D39: 34034.85 | E39: Q04695 | F39: 35 | G39: 63.43 | H39: 0 | I39: K1C17_HUMAN | J39: 12418.928 | K39: 13358.95 | L39: 185741.97 | M39: 14128.022 | N39: 10507.064 | O39: 21511.166 | P39: 52600.592 | Q39: 51417.46 | R39: 51070.939 | S39: 27553.119 | T39: 31185.834 | U39: 32151.345 | V39: 23874.305 | W39: 29471.69 | X39: 47944.099 | Y39: 36645.125 | Z39: 35301.204 | AA39: 32877.98 | AB39: 10959.603 | AC39: 28311.568 | AD39: 17691.542 | AE39: 27206.1 | AF39: 15591.773 | AG39: 8872.8522 | AH39: 18032.917 | AI39: 17299.276 | AJ39: 17134.85 | AK39: 137989.81 | AL39: 75016.875 | AM39: 39817.449 | AN39: 51744.447 | AO39: 33697.24 | AP39: 27802.649 | AQ39: 76557.883 | AR39: 78680.471 | AS39: 82447.399 | AT39: =IFERROR(SUM(J39:O39)/COUNTIF(J39:O39,">0"),) | AU39: =IFERROR(SUM(P39:R39)/COUNTIF(P39:R39,">0"),) | AV39: =IFERROR(SUM(S39:X39)/COUNTIF(S39:X39,">0"),) | AW39: =IFERROR(SUM(Y39:AA39)/COUNTIF(Y39:AA39,">0"),) | AX39: =IFERROR(SUM(AB39:AG39)/COUNTIF(AB39:AG39,">0"),) | AY39: =IFERROR(SUM(AH39:AJ39)/COUNTIF(AH39:AJ39,">0"),) | AZ39: =IFERROR(SUM(AK39:AP39)/COUNTIF(AK39:AP39,">0"),) | BA39: =IFERROR(SUM(AQ39:AS39)/COUNTIF(AQ39:AS39,">0"),)
A40: Heterogeneous nuclear ribonucleoprotein K OS=Mus musculus GN=Hnrnpk PE=1 SV=1 | B40: 5.22 | C40: 51261.478 | D40: 33716.13 | E40: P61979 | F40: 24 | G40: 54.64 | H40: 0 | I40: HNRPK_MOUSE | J40: 193659 | K40: 195856 | L40: 202175 | M40: 206307.67 | N40: 171716.67 | O40: 167776.67 | P40: 208122.33 | Q40: 196686.67 | R40: 207630.33 | S40: 206992 | T40: 206136.67 | U40: 284211.67 | V40: 266431.33 | W40: 245396.33 | X40: 254530.67 | Y40: 260759.33 | Z40: 264696.33 | AA40: 249461.67 | AB40: 184377 | AC40: 230797.33 | AD40: 233061.33 | AE40: 193964.33 | AF40: 188840.33 | AG40: 170519.33 | AH40: 237671 | AI40: 207525.67 | AJ40: 212227.33 | AK40: 204186.33 | AL40: 222647.67 | AM40: 225713 | AN40: 248597.33 | AO40: 294426.67 | AP40: 206352.67 | AQ40: 228909.33 | AR40: 222213.33 | AS40: 225219 | AT40: =IFERROR(SUM(J40:O40)/COUNTIF(J40:O40,">0"),) | AU40: =IFERROR(SUM(P40:R40)/COUNTIF(P40:R40,">0"),) | AV40: =IFERROR(SUM(S40:X40)/COUNTIF(S40:X40,">0"),) | AW40: =IFERROR(SUM(Y40:AA40)/COUNTIF(Y40:AA40,">0"),) | AX40: =IFERROR(SUM(AB40:AG40)/COUNTIF(AB40:AG40,">0"),) | AY40: =IFERROR(SUM(AH40:AJ40)/COUNTIF(AH40:AJ40,">0"),) | AZ40: =IFERROR(SUM(AK40:AP40)/COUNTIF(AK40:AP40,">0"),) | BA40: =IFERROR(SUM(AQ40:AS40)/COUNTIF(AQ40:AS40,">0"),)
A41: 14-3-3 protein gamma OS=Mus musculus GN=Ywhag PE=1 SV=2 | B41: 4.61 | C41: 28473.725 | D41: 33404.71 | E41: P61982 | F41: 13 | G41: 53.04 | H41: 0 | I41: 1433G_MOUSE | J41: 32557.604 | K41: 59414.333 | L41: 51234.686 | M41: 69752.579 | N41: 69232.667 | O41: 63667.667 | P41: 57057.333 | Q41: 61201.863 | R41: 60946.333 | S41: 55964.52 | T41: 45986.801 | U41: 109726.83 | V41: 89528.63 | W41: 75997 | X41: 85679.212 | Y41: 76636.295 | Z41: 85779.084 | AA41: 83930.488 | AB41: 57831.713 | AC41: 56711.362 | AD41: 73819.152 | AE41: 68089.251 | AF41: 53822.667 | AG41: 64842.667 | AH41: 60957.667 | AI41: 69450.528 | AJ41: 75525.703 | AK41: 70540.787 | AL41: 66763.223 | AM41: 46550.631 | AN41: 64077.255 | AO41: 87474.31 | AP41: 46881.712 | AQ41: 63504.841 | AR41: 66828.058 | AS41: 67509.13 | AT41: =IFERROR(SUM(J41:O41)/COUNTIF(J41:O41,">0"),) | AU41: =IFERROR(SUM(P41:R41)/COUNTIF(P41:R41,">0"),) | AV41: =IFERROR(SUM(S41:X41)/COUNTIF(S41:X41,">0"),) | AW41: =IFERROR(SUM(Y41:AA41)/COUNTIF(Y41:AA41,">0"),) | AX41: =IFERROR(SUM(AB41:AG41)/COUNTIF(AB41:AG41,">0"),) | AY41: =IFERROR(SUM(AH41:AJ41)/COUNTIF(AH41:AJ41,">0"),) | AZ41: =IFERROR(SUM(AK41:AP41)/COUNTIF(AK41:AP41,">0"),) | BA41: =IFERROR(SUM(AQ41:AS41)/COUNTIF(AQ41:AS41,">0"),)
A42: Glyceraldehyde-3-phosphate dehydrogenase OS=Mus musculus GN=Gapdh PE=1 SV=2 | B42: 8.35 | C42: 36095.225 | D42: 33246.45 | E42: P16858 | F42: 22 | G42: 70.57 | H42: 0 | I42: G3P_MOUSE | J42: 244800 | K42: 197423.33 | L42: 203769.67 | M42: 293023.33 | N42: 219093.67 | O42: 216804.67 | P42: 240453 | Q42: 231602.33 | R42: 227221 | S42: 87419.333 | T42: 96743.667 | U42: 183772.33 | V42: 192259.67 | W42: 175966.67 | X42: 166284.67 | Y42: 164892.33 | Z42: 137228.67 | AA42: 123374 | AB42: 237458 | AC42: 251495.67 | AD42: 267168.67 | AE42: 176105.67 | AF42: 252050.67 | AG42: 195485.67 | AH42: 227694.33 | AI42: 237947 | AJ42: 223475 | AK42: 148050 | AL42: 138764.67 | AM42: 128684 | AN42: 166733 | AO42: 169163 | AP42: 79288 | AQ42: 128171 | AR42: 127825.67 | AS42: 107648 | AT42: =IFERROR(SUM(J42:O42)/COUNTIF(J42:O42,">0"),) | AU42: =IFERROR(SUM(P42:R42)/COUNTIF(P42:R42,">0"),) | AV42: =IFERROR(SUM(S42:X42)/COUNTIF(S42:X42,">0"),) | AW42: =IFERROR(SUM(Y42:AA42)/COUNTIF(Y42:AA42,">0"),) | AX42: =IFERROR(SUM(AB42:AG42)/COUNTIF(AB42:AG42,">0"),) | AY42: =IFERROR(SUM(AH42:AJ42)/COUNTIF(AH42:AJ42,">0"),) | AZ42: =IFERROR(SUM(AK42:AP42)/COUNTIF(AK42:AP42,">0"),) | BA42: =IFERROR(SUM(AQ42:AS42)/COUNTIF(AQ42:AS42,">0"),)
A43: ATP synthase subunit alpha, mitochondrial OS=Mus musculus GN=Atp5a1 PE=1 SV=1 | B43: 9.52 | C43: 59866.753 | D43: 32804.07 | E43: Q03265 | F43: 33 | G43: 59.13 | H43: 0 | I43: ATPA_MOUSE | J43: 175488.33 | K43: 228544.67 | L43: 203312.67 | M43: 218382.33 | N43: 204783.33 | O43: 208738.33 | P43: 212182.67 | Q43: 236060.67 | R43: 244086.67 | S43: 168875.33 | T43: 192499 | U43: 193874.33 | V43: 182100.67 | W43: 200694 | X43: 212292.67 | Y43: 205212.33 | Z43: 196719 | AA43: 206498.67 | AB43: 219222.67 | AC43: 234039.67 | AD43: 213230.67 | AE43: 185450 | AF43: 225820.33 | AG43: 225225.33 | AH43: 242813.33 | AI43: 234534 | AJ43: 234867.33 | AK43: 189784.67 | AL43: 197123 | AM43: 158688.67 | AN43: 181604 | AO43: 217267 | AP43: 159580.33 | AQ43: 193203.67 | AR43: 200760.67 | AS43: 191111.67 | AT43: =IFERROR(SUM(J43:O43)/COUNTIF(J43:O43,">0"),) | AU43: =IFERROR(SUM(P43:R43)/COUNTIF(P43:R43,">0"),) | AV43: =IFERROR(SUM(S43:X43)/COUNTIF(S43:X43,">0"),) | AW43: =IFERROR(SUM(Y43:AA43)/COUNTIF(Y43:AA43,">0"),) | AX43: =IFERROR(SUM(AB43:AG43)/COUNTIF(AB43:AG43,">0"),) | AY43: =IFERROR(SUM(AH43:AJ43)/COUNTIF(AH43:AJ43,">0"),) | AZ43: =IFERROR(SUM(AK43:AP43)/COUNTIF(AK43:AP43,">0"),) | BA43: =IFERROR(SUM(AQ43:AS43)/COUNTIF(AQ43:AS43,">0"),)
A44: Nucleophosmin OS=Mus musculus GN=Npm1 PE=1 SV=1 | B44: 4.42 | C44: 32731.22 | D44: 30437.48 | E44: Q61937 | F44: 19 | G44: 54.11 | H44: 0 | I44: NPM_MOUSE | J44: 118313.33 | K44: 133711.33 | L44: 92145.667 | M44: 113023 | N44: 146715.33 | O44: 122122.33 | P44: 97952.333 | Q44: 108191 | R44: 121401.67 | S44: 63655 | T44: 81331.667 | U44: 112701.33 | V44: 104741 | W44: 101080.33 | X44: 96892.667 | Y44: 95509.667 | Z44: 84562.333 | AA44: 87619.667 | AB44: 110569 | AC44: 116839 | AD44: 96881.667 | AE44: 96733.667 | AF44: 119141 | AG44: 97441 | AH44: 84987.333 | AI44: 87448.333 | AJ44: 102995.33 | AK44: 78705.667 | AL44: 83452.333 | AM44: 72843.333 | AN44: 100483.67 | AO44: 108754.33 | AP44: 60535.333 | AQ44: 83284.667 | AR44: 75584 | AS44: 93013.333 | AT44: =IFERROR(SUM(J44:O44)/COUNTIF(J44:O44,">0"),) | AU44: =IFERROR(SUM(P44:R44)/COUNTIF(P44:R44,">0"),) | AV44: =IFERROR(SUM(S44:X44)/COUNTIF(S44:X44,">0"),) | AW44: =IFERROR(SUM(Y44:AA44)/COUNTIF(Y44:AA44,">0"),) | AX44: =IFERROR(SUM(AB44:AG44)/COUNTIF(AB44:AG44,">0"),) | AY44: =IFERROR(SUM(AH44:AJ44)/COUNTIF(AH44:AJ44,">0"),) | AZ44: =IFERROR(SUM(AK44:AP44)/COUNTIF(AK44:AP44,">0"),) | BA44: =IFERROR(SUM(AQ44:AS44)/COUNTIF(AQ44:AS44,">0"),)
A45: Vimentin OS=Mus musculus GN=Vim PE=1 SV=3 | B45: 4.86 | C45: 53744.778 | D45: 30216.32 | E45: P20152 | F45: 40 | G45: 78.76 | H45: 0 | I45: VIME_MOUSE | J45: 86713.333 | K45: 133015 | L45: 91515.333 | M45: 87309.667 | N45: 120677.67 | O45: 137020.67 | P45: 126417.67 | Q45: 116748 | R45: 112723 | S45: 43967 | T45: 41312.333 | U45: 33590 | V45: 40525 | W45: 44192.333 | X45: 44272 | Y45: 52279.333 | Z45: 40759.333 | AA45: 44072.667 | AB45: 159199.33 | AC45: 137172.33 | AD45: 96022.333 | AE45: 102035.85 | AF45: 172766.64 | AG45: 129428 | AH45: 152311.67 | AI45: 154350.48 | AJ45: 135767.67 | AK45: 54064.667 | AL45: 54606 | AM45: 27800 | AN45: 39802.667 | AO45: 42461.667 | AP45: 23527 | AQ45: 48286.667 | AR45: 40901.333 | AS45: 41308 | AT45: =IFERROR(SUM(J45:O45)/COUNTIF(J45:O45,">0"),) | AU45: =IFERROR(SUM(P45:R45)/COUNTIF(P45:R45,">0"),) | AV45: =IFERROR(SUM(S45:X45)/COUNTIF(S45:X45,">0"),) | AW45: =IFERROR(SUM(Y45:AA45)/COUNTIF(Y45:AA45,">0"),) | AX45: =IFERROR(SUM(AB45:AG45)/COUNTIF(AB45:AG45,">0"),) | AY45: =IFERROR(SUM(AH45:AJ45)/COUNTIF(AH45:AJ45,">0"),) | AZ45: =IFERROR(SUM(AK45:AP45)/COUNTIF(AK45:AP45,">0"),) | BA45: =IFERROR(SUM(AQ45:AS45)/COUNTIF(AQ45:AS45,">0"),)
A46: Keratin, type II cytoskeletal 5 (Cytokeratin-5) (CK-5) (Keratin-5) (K5) (58 kDa cytokeratin) | B46: 7.79 | C46: 62606.562 | D46: 30088 | E46: P13647 | F46: 34 | G46: 47.8 | H46: 0 | I46: K2C5_HUMAN | J46: 28959.013 | K46: 42671.295 | L46: 203583.53 | M46: 55772.784 | N46: 49770.88 | O46: 82901.724 | P46: 102793.67 | Q46: 102339.97 | R46: 102393.86 | S46: 90294.042 | T46: 129422.6 | U46: 67961.162 | V46: 111388.02 | W46: 139097.22 | X46: 124763.98 | Y46: 127316.86 | Z46: 119346.78 | AA46: 123206.5 | AB46: 82533.979 | AC46: 113187.16 | AD46: 90386.095 | AE46: 65428.265 | AF46: 68954.425 | AG46: 18986.363 | AH46: 75446.581 | AI46: 72752.512 | AJ46: 91281.166 | AK46: 167356.17 | AL46: 165485.88 | AM46: 144281.35 | AN46: 142243.44 | AO46: 73348.168 | AP46: 104295.74 | AQ46: 157336.26 | AR46: 151928.73 | AS46: 163405.24 | AT46: =IFERROR(SUM(J46:O46)/COUNTIF(J46:O46,">0"),) | AU46: =IFERROR(SUM(P46:R46)/COUNTIF(P46:R46,">0"),) | AV46: =IFERROR(SUM(S46:X46)/COUNTIF(S46:X46,">0"),) | AW46: =IFERROR(SUM(Y46:AA46)/COUNTIF(Y46:AA46,">0"),) | AX46: =IFERROR(SUM(AB46:AG46)/COUNTIF(AB46:AG46,">0"),) | AY46: =IFERROR(SUM(AH46:AJ46)/COUNTIF(AH46:AJ46,">0"),) | AZ46: =IFERROR(SUM(AK46:AP46)/COUNTIF(AK46:AP46,">0"),) | BA46: =IFERROR(SUM(AQ46:AS46)/COUNTIF(AQ46:AS46,">0"),)
... A56: ATP synthase-coupling factor 6, mitochondrial OS=Mus musculus GN=Atp5j PE=1 SV=1 | B56: 9.78 | C56: 12496.459 | D56: 26945.6 | E56: P97450 | F56: 6 | G56: 55.56 | H56: 0 | I56: ATP5J_MOUSE | J56: 14275.667 | K56: 60627 | L56: 61074.667 | M56: 42311.667 | N56: 50171.667 | O56: 12718.667 | P56: 48725.333 | Q56: 46442 | R56: 45150.667 | S56: 39780.333 | T56: 43057 | U56: 41344 | V56: 44204.333 | W56: 42949.667 | X56: 53613 | Y56: 46510 | Z56: 47544 | AA56: 45413 | AB56: 39635.333 | AC56: 76380 | AD56: 70336 | AE56: 59980.667 | AF56: 57181.333 | AG56: 54041.667 | AH56: 61631.333 | AI56: 68788.333 | AJ56: 59261.333 | AK56: 43078.667 | AL56: 45795 | AM56: 32437 | AN56: 33901.333 | AO56: 49035.333 | AP56: 33401 | AQ56: 43534 | AR56: 44923.333 | AS56: 45971.333 | AT56: =IFERROR(SUM(J56:O56)/COUNTIF(J56:O56,">0"),) | AU56: =IFERROR(SUM(P56:R56)/COUNTIF(P56:R56,">0"),) | AV56: =IFERROR(SUM(S56:X56)/COUNTIF(S56:X56,">0"),) | AW56: =IFERROR(SUM(Y56:AA56)/COUNTIF(Y56:AA56,">0"),) | AX56: =IFERROR(SUM(AB56:AG56)/COUNTIF(AB56:AG56,">0"),) | AY56: =IFERROR(SUM(AH56:AJ56)/COUNTIF(AH56:AJ56,">0"),) | AZ56: =IFERROR(SUM(AK56:AP56)/COUNTIF(AK56:AP56,">0"),) | BA56: =IFERROR(SUM(AQ56:AS56)/COUNTIF(AQ56:AS56,">0"),)
A57: Tubulin alpha-3 chain OS=Mus musculus GN=Tuba3a PE=1 SV=1 | B57: 4.8 | C57: 50643.955 | D57: 26905.75 | E57: P05214 | F57: 20 | G57: 50.89 | H57: 0 | I57: TBA3_MOUSE | J57: 5017.6403 | K57: 7360.3803 | L57: 6290.2766 | M57: 7234.0905 | N57: 8288.5048 | O57: 8319.6603 | P57: 6571.3613 | Q57: 7286.908 | R57: 6590.2031 | AB57: 4030.955 | AC57: 3278.7525 | AD57: 3542.3428 | AE57: 3513.6965 | AF57: 3462.6485 | AG57: 5376.6288 | AH57: 3840.7894 | AI57: 4158.5172 | AJ57: 4320.6441 | AK57: 4781.9377 | AL57: 4987.7012 | AM57: 3909.8283 | AN57: 4675.4616 | AO57: 6423.6665 | AP57: 3026.8387 | AT57: =IFERROR(SUM(J57:O57)/COUNTIF(J57:O57,">0"),) | AU57: =IFERROR(SUM(P57:R57)/COUNTIF(P57:R57,">0"),) | AV57: =IFERROR(SUM(S57:X57)/COUNTIF(S57:X57,">0"),) | AW57: =IFERROR(SUM(Y57:AA57)/COUNTIF(Y57:AA57,">0"),) | AX57: =IFERROR(SUM(AB57:AG57)/COUNTIF(AB57:AG57,">0"),) | AY57: =IFERROR(SUM(AH57:AJ57)/COUNTIF(AH57:AJ57,">0"),) | AZ57: =IFERROR(SUM(AK57:AP57)/COUNTIF(AK57:AP57,">0"),) | BA57: =IFERROR(SUM(AQ57:AS57)/COUNTIF(AQ57:AS57,">0"),)
A58: U6 snRNA-associated Sm-like protein LSm2 OS=Mus musculus GN=Lsm2 PE=1 SV=1 | B58: 6.08 | C58: 10948.592 | D58: 26611.31 | E58: O35900 | F58: 6 | G58: 60 | H58: 0 | I58: LSM2_MOUSE | J58: 14004.333 | K58: 35690 | L58: 34149.333 | M58: 21737 | N58: 29735.5 | O58: 15894 | P58: 22385.667 | Q58: 23795.333 | R58: 21297 | S58: 20334.333 | T58: 21691.667 | U58: 32578 | V58: 30230 | W58: 35842.333 | X58: 33496 | Y58: 30009 | Z58: 30743.333 | AA58: 30132.333 | AB58: 13323.667 | AC58: 28916.333 | AD58: 40008.5 | AE58: 34302 | AF58: 14670.333 | AG58: 29152 | AH58: 34641 | AI58: 23568.5 | AJ58: 20934.333 | AK58: 17781.333 | AL58: 23682.667 | AM58: 24274 | AN58: 26376.333 | AO58: 26671.667 | AP58: 21330.667 | AQ58: 24374.333 | AR58: 26331 | AS58: 25880 | AT58: =IFERROR(SUM(J58:O58)/COUNTIF(J58:O58,">0"),) | AU58: =IFERROR(SUM(P58:R58)/COUNTIF(P58:R58,">0"),) | AV58: =IFERROR(SUM(S58:X58)/COUNTIF(S58:X58,">0"),) | AW58: =IFERROR(SUM(Y58:AA58)/COUNTIF(Y58:AA58,">0"),) | AX58: =IFERROR(SUM(AB58:AG58)/COUNTIF(AB58:AG58,">0"),) | AY58: =IFERROR(SUM(AH58:AJ58)/COUNTIF(AH58:AJ58,">0"),) | AZ58: =IFERROR(SUM(AK58:AP58)/COUNTIF(AK58:AP58,">0"),) | BA58: =IFERROR(SUM(AQ58:AS58)/COUNTIF(AQ58:AS58,">0"),)
A59: Heterogeneous nuclear ribonucleoprotein D0 OS=Mus musculus GN=Hnrnpd PE=1 SV=2 | B59: 7.9 | C59: 38525.269 | D59: 26484.36 | E59: Q60668 | F59: 20 | G59: 42.54 | H59: 0 | I59: HNRPD_MOUSE | J59: 78221.333 | K59: 160699 | L59: 152780.67 | M59: 164193.67 | N59: 138869.33 | O59: 119601.67 | P59: 163316 | Q59: 158801.33 | R59: 169490 | S59: 131507.33 | T59: 128523.67 | U59: 213575.67 | V59: 160489 | W59: 195891 | X59: 208477 | Y59: 197716.67 | Z59: 162671.33 | AA59: 145178 | AB59: 156604 | AC59: 205370.33 | AD59: 179613.67 | AE59: 124275.33 | AF59: 146628.33 | AG59: 126698.67 | AH59: 175772.67 | AI59: 173038 | AJ59: 167342.67 | AK59: 153501.67 | AL59: 148848.33 | AM59: 137019.67 | AN59: 190510.33 | AO59: 215623.67 | AP59: 126897.33 | AQ59: 156411 | AR59: 150026.67 | AS59: 109781.67 | AT59: =IFERROR(SUM(J59:O59)/COUNTIF(J59:O59,">0"),) | AU59: =IFERROR(SUM(P59:R59)/COUNTIF(P59:R59,">0"),) | AV59: =IFERROR(SUM(S59:X59)/COUNTIF(S59:X59,">0"),) | AW59: =IFERROR(SUM(Y59:AA59)/COUNTIF(Y59:AA59,">0"),) | AX59: =IFERROR(SUM(AB59:AG59)/COUNTIF(AB59:AG59,">0"),) | AY59: =IFERROR(SUM(AH59:AJ59)/COUNTIF(AH59:AJ59,">0"),) | AZ59: =IFERROR(SUM(AK59:AP59)/COUNTIF(AK59:AP59,">0"),) | BA59: =IFERROR(SUM(AQ59:AS59)/COUNTIF(AQ59:AS59,">0"),)
A60: Heat shock cognate 71 kDa protein OS=Mus musculus GN=Hspa8 PE=1 SV=1 | B60: 5.2 | C60: 71099.284 | D60: 26335.79 | E60: P63017 | F60: 42 | G60: 73.99 | H60: 0 | I60: HSP7C_MOUSE | J60: 180045 | K60: 169049.97 | L60: 180230.63 | M60: 224584.33 | N60: 201705.72 | O60: 178994.63 | P60: 213865.14 | Q60: 201932.96 | R60: 199354.16 | S60: 149832.07 | T60: 179805.59 | U60: 232213.87 | V60: 226494.78 | W60: 250923.26 | X60: 241336.75 | Y60: 225954.52 | Z60: 239285.53 | AA60: 211868.14 | AB60: 202589.91 | AC60: 207664.7 | AD60: 201893.3 | AE60: 152257.38 | AF60: 203641.8 | AG60: 192167.24 | AH60: 246945 | AI60: 223278 | AJ60: 225498.06 | AK60: 174328.67 | AL60: 192536.15 | AM60: 163248.89 | AN60: 216269 | AO60: 217231.84 | AP60: 138289.35 | AQ60: 174693.68 | AR60: 186444.22 | AS60: 186567.87 | AT60: =IFERROR(SUM(J60:O60)/COUNTIF(J60:O60,">0"),) | AU60: =IFERROR(SUM(P60:R60)/COUNTIF(P60:R60,">0"),) | AV60: =IFERROR(SUM(S60:X60)/COUNTIF(S60:X60,">0"),) | AW60: =IFERROR(SUM(Y60:AA60)/COUNTIF(Y60:AA60,">0"),) | AX60: =IFERROR(SUM(AB60:AG60)/COUNTIF(AB60:AG60,">0"),) | AY60: =IFERROR(SUM(AH60:AJ60)/COUNTIF(AH60:AJ60,">0"),) | AZ60: =IFERROR(SUM(AK60:AP60)/COUNTIF(AK60:AP60,">0"),) | BA60: =IFERROR(SUM(AQ60:AS60)/COUNTIF(AQ60:AS60,">0"),)
A61: Protein disulfide-isomerase A3 OS=Mus musculus GN=Pdia3 PE=1 SV=2 | B61: 5.81 | C61: 57134.658 | D61: 26129.51 | E61: P27773 | F61: 40 | G61: 68.12 | H61: 0 | I61: PDIA3_MOUSE | J61: 108070.67 | K61: 151900.67 | L61: 150836.67 | M61: 148905.33 | N61: 175776.33 | O61: 152262.33 | P61: 155043 | Q61: 165435.67 | R61: 153306.67 | S61: 54591.667 | T61: 80854.667 | U61: 86682 | V61: 105706 | W61: 93122.333 | X61: 103251.33 | Y61: 85028.333 | Z61: 89816 | AA61: 89769 | AB61: 155427 | AC61: 181940.33 | AD61: 160682.33 | AE61: 138080 | AF61: 137521 | AG61: 155585 | AH61: 151457.33 | AI61: 146556.67 | AJ61: 150278.67 | AK61: 75425.333 | AL61: 78019.333 | AM61: 69556.333 | AN61: 83696.333 | AO61: 93487.333 | AP61: 63422.667 | AQ61: 73820 | AR61: 69980.667 | AS61: 77920.333 | AT61: =IFERROR(SUM(J61:O61)/COUNTIF(J61:O61,">0"),) | AU61: =IFERROR(SUM(P61:R61)/COUNTIF(P61:R61,">0"),) | AV61: =IFERROR(SUM(S61:X61)/COUNTIF(S61:X61,">0"),) | AW61: =IFERROR(SUM(Y61:AA61)/COUNTIF(Y61:AA61,">0"),) | AX61: =IFERROR(SUM(AB61:AG61)/COUNTIF(AB61:AG61,">0"),) | AY61: =IFERROR(SUM(AH61:AJ61)/COUNTIF(AH61:AJ61,">0"),) | AZ61: =IFERROR(SUM(AK61:AP61)/COUNTIF(AK61:AP61,">0"),) | BA61: =IFERROR(SUM(AQ61:AS61)/COUNTIF(AQ61:AS61,">0"),)
A62: Voltage-dependent anion-selective channel protein 1 OS=Mus musculus GN=Vdac1 PE=1 SV=3 | B62: 8.67 | C62: 32522.602 | D62: 26111.32 | E62: Q60932 | F62: 12 | G62: 58.45 | H62: 0 | I62: VDAC1_MOUSE | J62: 74013.667 | K62: 113784.67 | L62: 129798.33 | M62: 147876.67 | N62: 137828.33 | O62: 145735.67 | P62: 139050 | Q62: 128168 | R62: 123225.33 | S62: 52910 | T62: 80316.667 | U62: 82490.333 | V62: 118348.33 | W62: 88825 | X62: 105392.67 | Y62: 79635.333 | Z62: 82066.667 | AA62: 80398 | AB62: 158796.33 | AC62: 158465 | AD62: 143622 | AE62: 63921.667 | AF62: 164406.33 | AG62: 125853.33 | AH62: 154587 | AI62: 139939.33 | AJ62: 131645.67 | AK62: 89713.667 | AL62: 97545.667 | AM62: 74459.333 | AN62: 79720 | AO62: 133083 | AP62: 51556.333 | AQ62: 82383 | AR62: 76559 | AS62: 79317.667 | AT62: =IFERROR(SUM(J62:O62)/COUNTIF(J62:O62,">0"),) | AU62: =IFERROR(SUM(P62:R62)/COUNTIF(P62:R62,">0"),) | AV62: =IFERROR(SUM(S62:X62)/COUNTIF(S62:X62,">0"),) | AW62: =IFERROR(SUM(Y62:AA62)/COUNTIF(Y62:AA62,">0"),) | AX62: =IFERROR(SUM(AB62:AG62)/COUNTIF(AB62:AG62,">0"),) | AY62: =IFERROR(SUM(AH62:AJ62)/COUNTIF(AH62:AJ62,">0"),) | AZ62: =IFERROR(SUM(AK62:AP62)/COUNTIF(AK62:AP62,">0"),) | BA62: =IFERROR(SUM(AQ62:AS62)/COUNTIF(AQ62:AS62,">0"),)
A63: ATP synthase subunit beta, mitochondrial OS=Mus musculus GN=Atp5b PE=1 SV=2 | B63: 5.03 | C63: 56300.593 | D63: 26069.99 | E63: P56480 | F63: 30 | G63: 79.58 | H63: 0 | I63: ATPB_MOUSE | J63: 191686 | K63: 185011.67 | L63: 166165.33 | M63: 216909.33 | N63: 174412 | O63: 164298 | P63: 211778.67 | Q63: 206823.67 | R63: 198805.67 | S63: 154702.67 | T63: 192179.67 | U63: 214777.67 | V63: 196998 | W63: 224166 | X63: 206906 | Y63: 191813.67 | Z63: 200358.33 | AA63: 197887.33 | AB63: 205923.33 | AC63: 221776.33 | AD63: 211404.33 | AE63: 160514.67 | AF63: 203649 | AG63: 185960.67 | AH63: 234359.67 | AI63: 229817.33 | AJ63: 212980.67 | AK63: 195896.67 | AL63: 190252 | AM63: 149221 | AN63: 163956.67 | AO63: 209779.67 | AP63: 153731.33 | AQ63: 195341.67 | AR63: 187890 | AS63: 178872.67 | AT63: =IFERROR(SUM(J63:O63)/COUNTIF(J63:O63,">0"),) | AU63: =IFERROR(SUM(P63:R63)/COUNTIF(P63:R63,">0"),) | AV63: =IFERROR(SUM(S63:X63)/COUNTIF(S63:X63,">0"),) | AW63: =IFERROR(SUM(Y63:AA63)/COUNTIF(Y63:AA63,">0"),) | AX63: =IFERROR(SUM(AB63:AG63)/COUNTIF(AB63:AG63,">0"),) | AY63: =IFERROR(SUM(AH63:AJ63)/COUNTIF(AH63:AJ63,">0"),) | AZ63: =IFERROR(SUM(AK63:AP63)/COUNTIF(AK63:AP63,">0"),) | BA63: =IFERROR(SUM(AQ63:AS63)/COUNTIF(AQ63:AS63,">0"),)
A64: Up-regulated during skeletal muscle growth protein 5 OS=Mus musculus GN=Usmg5 PE=1 SV=1 | B64: 10.16 | C64: 6438.5621 | D64: 25984.51 | E64: Q78IK2 | F64: 4 | G64: 46.55 | H64: 0 | I64: USMG5_MOUSE | K64: 38706 | L64: 96534 | M64: 45294.667 | N64: 26949.333 | O64: 56714.333 | P64: 44077.667 | Q64: 63634.333 | R64: 63027 | S64: 76173.667 | T64: 94817 | U64: 133341.5 | V64: 84562.5 | W64: 96892.667 | X64: 77060 | Y64: 116294 | Z64: 112594.5 | AA64: 127812.5 | AB64: 37362.667 | AC64: 81401 | AD64: 62737.667 | AE64: 65239.667 | AF64: 54657.667 | AG64: 68611.333 | AH64: 47809 | AI64: 73856.333 | AJ64: 62556.667 | AK64: 91028.333 | AL64: 51914.667 | AM64: 67371 | AN64: 79679.667 | AO64: 77944 | AP64: 82935.667 | AQ64: 78918.333 | AR64: 78849.667 | AS64: 70102.667 | AT64: =IFERROR(SUM(J64:O64)/COUNTIF(J64:O64,">0"),) | AU64: =IFERROR(SUM(P64:R64)/COUNTIF(P64:R64,">0"),) | AV64: =IFERROR(SUM(S64:X64)/COUNTIF(S64:X64,">0"),) | AW64: =IFERROR(SUM(Y64:AA64)/COUNTIF(Y64:AA64,">0"),) | AX64: =IFERROR(SUM(AB64:AG64)/COUNTIF(AB64:AG64,">0"),) | AY64: =IFERROR(SUM(AH64:AJ64)/COUNTIF(AH64:AJ64,">0"),) | AZ64: =IFERROR(SUM(AK64:AP64)/COUNTIF(AK64:AP64,">0"),) | BA64: =IFERROR(SUM(AQ64:AS64)/COUNTIF(AQ64:AS64,">0"),)
A65: Ras-related protein Rab-1B OS=Mus musculus GN=Rab1b PE=1 SV=1 | B65: 5.39 | C65: 22358.276 | D65: 25962.01 | E65: Q9D1G1 | F65: 14 | G65: 69.15 | H65: 0 | I65: RAB1B_MOUSE | J65: 24880.333 | K65: 18346.894 | L65: 30376.816 | M65: 34963.679 | N65: 19757.532 | O65: 20289.821 | P65: 21304.96 | Q65: 20578.811 | R65: 20021.961 | S65: 26657.478 | T65: 33277.894 | U65: 14968.21 | V65: 28757.996 | W65: 28065.108 | X65: 32289.193 | Y65: 29588.818 | Z65: 25912.207 | AA65: 28847.936 | AB65: 30482.354 | AC65: 35484.65 | AD65: 33743.476 | AE65: 12429.513 | AF65: 35307.336 | AG65: 25682.433 | AH65: 34276.439 | AI65: 28280.881 | AJ65: 31568.941 | AK65: 25883.319 | AL65: 26451.146 | AM65: 19110.678 | AN65: 20193.517 | AO65: 14262.921 | AP65: 9694.8565 | AQ65: 33548.87 | AR65: 28067.506 | AS65: 28585.741 | AT65: =IFERROR(SUM(J65:O65)/COUNTIF(J65:O65,">0"),) | AU65: =IFERROR(SUM(P65:R65)/COUNTIF(P65:R65,">0"),) | AV65: =IFERROR(SUM(S65:X65)/COUNTIF(S65:X65,">0"),) | AW65: =IFERROR(SUM(Y65:AA65)/COUNTIF(Y65:AA65,">0"),) | AX65: =IFERROR(SUM(AB65:AG65)/COUNTIF(AB65:AG65,">0"),) | AY65: =IFERROR(SUM(AH65:AJ65)/COUNTIF(AH65:AJ65,">0"),) | AZ65: =IFERROR(SUM(AK65:AP65)/COUNTIF(AK65:AP65,">0"),) | BA65: =IFERROR(SUM(AQ65:AS65)/COUNTIF(AQ65:AS65,">0"),)
A66: 60S acidic ribosomal protein P2 OS=Mus musculus GN=Rplp2 PE=1 SV=3 | B66: 4.18 | C66: 11650.927 | D66: 25907.02 | E66: P99027 | F66: 5 | G66: 78.26 | H66: 0 | I66: RLA2_MOUSE | J66: 15298 | K66: 39265.333 | L66: 45037.333 | M66: 25378 | N66: 29137 | O66: 41432.5 | P66: 32458 | Q66: 34481.667 | R66: 36923.333 | S66: 52750.333 | T66: 61016.667 | U66: 64152.333 | V66: 55411.333 | W66: 93069.333 | X66: 85361.333 | Y66: 73670.667 | Z66: 95813 | AA66: 98188 | AB66: 22053 | AC66: 53043.667 | AD66: 39265.667 | AE66: 51651.333 | AF66: 21378 | AG66: 33421 | AH66: 35625 | AI66: 42249.667 | AJ66: 41796.333 | AK66: 61060 | AL66: 77325 | AM66: 70001.667 | AN66: 74781 | AO66: 59323.667 | AP66: 63723.333 | AQ66: 86959.5 | AR66: 73235 | AS66: 78224 | AT66: =IFERROR(SUM(J66:O66)/COUNTIF(J66:O66,">0"),) | AU66: =IFERROR(SUM(P66:R66)/COUNTIF(P66:R66,">0"),) | AV66: =IFERROR(SUM(S66:X66)/COUNTIF(S66:X66,">0"),) | AW66: =IFERROR(SUM(Y66:AA66)/COUNTIF(Y66:AA66,">0"),) | AX66: =IFERROR(SUM(AB66:AG66)/COUNTIF(AB66:AG66,">0"),) | AY66: =IFERROR(SUM(AH66:AJ66)/COUNTIF(AH66:AJ66,">0"),) | AZ66: =IFERROR(SUM(AK66:AP66)/COUNTIF(AK66:AP66,">0"),) | BA66: =IFERROR(SUM(AQ66:AS66)/COUNTIF(AQ66:AS66,">0"),)
A67: Ras-related protein Rab-1A OS=Mus musculus GN=Rab1A PE=1 SV=3 | B67: 5.85 | C67: 22905.899 | D67: 25758.33 | E67: P62821 | F67: 15 | G67: 61.46 | H67: 0 | I67: RAB1A_MOUSE | J67: 38189.667 | K67: 27101.439 | L67: 48026.851 | M67: 53238.988 | N67: 27901.801 | O67: 29140.846 | P67: 46847.04 | Q67: 45614.523 | R67: 37688.705 | S67: 29797.401 | T67: 40363.907 | U67: 36344.363 | V67: 43633.338 | W67: 48666.034 | X67: 40679.807 | Y67: 38775.515 | Z67: 46139.258 | AA67: 35474.924 | AB67: 48975.646 | AC67: 57928.35 | AD67: 53367.857 | AE67: 25386.291 | AF67: 62711.997 | AG67: 35484.901 | AH67: 56228.63 | AI67: 50972.453 | AJ67: 48770.726 | AK67: 50286.681 | AL67: 45083.521 | AM67: 33794.322 | AN67: 35057.816 | AO67: 43095.371 | AP67: 29398.454 | AQ67: 29937.463 | AR67: 33888.028 | AS67: 30521.389 | AT67: =IFERROR(SUM(J67:O67)/COUNTIF(J67:O67,">0"),) | AU67: =IFERROR(SUM(P67:R67)/COUNTIF(P67:R67,">0"),) | AV67: =IFERROR(SUM(S67:X67)/COUNTIF(S67:X67,">0"),) | AW67: =IFERROR(SUM(Y67:AA67)/COUNTIF(Y67:AA67,">0"),) | AX67: =IFERROR(SUM(AB67:AG67)/COUNTIF(AB67:AG67,">0"),) | AY67: =IFERROR(SUM(AH67:AJ67)/COUNTIF(AH67:AJ67,">0"),) | AZ67: =IFERROR(SUM(AK67:AP67)/COUNTIF(AK67:AP67,">0"),) | BA67: =IFERROR(SUM(AQ67:AS67)/COUNTIF(AQ67:AS67,">0"),)
A68: Calmodulin OS=Mus musculus GN=Calm1 PE=1 SV=2 | B68: 3.88 | C68: 16837.652 | D68: 25706.58 | E68: P62204 | F68: 15 | G68: 61.07 | H68: 0 | I68: CALM_MOUSE | J68: 24287.888 | K68: 122274.45 | L68: 82847.526 | M68: 78835.257 | N68: 90452.363 | O68: 44268.957 | P68: 84049.811 | Q68: 82358.534 | R68: 80164.28 | S68: 63034.773 | T68: 86577.927 | U68: 104478.88 | V68: 97950.626 | W68: 94772.09 | X68: 91635.232 | Y68: 96950.092 | Z68: 79695.631 | AA68: 93550.718 | AB68: 103055.39 | AC68: 85757.338 | AD68: 93551.533 | AE68: 89761.663 | AF68: 61171.457 | AG68: 92520.696 | AH68: 97155.872 | AI68: 87930.316 | AJ68: 88023.357 | AK68: 94296.93 | AL68: 91673.782 | AM68: 93627.781 | AN68: 97461.967 | AO68: 92237.838 | AP68: 63535.436 | AQ68: 102034.33 | AR68: 94490.333 | AS68: 100690.67 | AT68: =IFERROR(SUM(J68:O68)/COUNTIF(J68:O68,">0"),) | AU68: =IFERROR(SUM(P68:R68)/COUNTIF(P68:R68,">0"),) | AV68: =IFERROR(SUM(S68:X68)/COUNTIF(S68:X68,">0"),) | AW68: =IFERROR(SUM(Y68:AA68)/COUNTIF(Y68:AA68,">0"),) | AX68: =IFERROR(SUM(AB68:AG68)/COUNTIF(AB68:AG68,">0"),) | AY68: =IFERROR(SUM(AH68:AJ68)/COUNTIF(AH68:AJ68,">0"),) | AZ68: =IFERROR(SUM(AK68:AP68)/COUNTIF(AK68:AP68,">0"),) | BA68: =IFERROR(SUM(AQ68:AS68)/COUNTIF(AQ68:AS68,">0"),)
A69: Heterogeneous nuclear ribonucleoprotein A3 OS=Mus musculus GN=Hnrnpa3 PE=1 SV=1 | B69: 9.22 | C69: 39880.164 | D69: 25614.73 | E69: Q8BG05 | F69: 20 | G69: 44.06 | H69: 0 | I69: ROA3_MOUSE | J69: 115339.33 | K69: 254115.33 | L69: 251852 | M69: 233121.33 | N69: 256008.33 | O69: 250327.33 | P69: 250841.33 | Q69: 246056 | R69: 194675.33 | S69: 167530 | T69: 184827 | U69: 247188.67 | V69: 283485 | W69: 223179.67 | X69: 282311.33 | Y69: 231862.33 | Z69: 215254.33 | AA69: 224160.67 | AB69: 256104.33 | AC69: 249732.67 | AD69: 262955 | AE69: 184883 | AF69: 230362 | AG69: 233286.67 | AH69: 236528 | AI69: 242871 | AJ69: 223672.33 | AK69: 196816.33 | AL69: 215914.33 | AM69: 201594.33 | AN69: 243291 | AO69: 254547 | AP69: 188047.33 | AQ69: 214247.67 | AR69: 195400.67 | AS69: 171605.67 | AT69: =IFERROR(SUM(J69:O69)/COUNTIF(J69:O69,">0"),) | AU69: =IFERROR(SUM(P69:R69)/COUNTIF(P69:R69,">0"),) | AV69: =IFERROR(SUM(S69:X69)/COUNTIF(S69:X69,">0"),) | AW69: =IFERROR(SUM(Y69:AA69)/COUNTIF(Y69:AA69,">0"),) | AX69: =IFERROR(SUM(AB69:AG69)/COUNTIF(AB69:AG69,">0"),) | AY69: =IFERROR(SUM(AH69:AJ69)/COUNTIF(AH69:AJ69,">0"),) | AZ69: =IFERROR(SUM(AK69:AP69)/COUNTIF(AK69:AP69,">0"),) | BA69: =IFERROR(SUM(AQ69:AS69)/COUNTIF(AQ69:AS69,">0"),)
A70: Keratin, type I cytoskeletal 14 OS=Mus musculus GN=Krt14 PE=1 SV=2 | B70: 4.91 | C70: 53209.27 | D70: 25563.48 | E70: Q61781 | F70: 30 | G70: 49.79 | H70: 0 | I70: K1C14_MOUSE | J70: 2374.7511 | K70: 4251.3333 | L70: 17214.655 | M70: 2526.7907 | N70: 3977.6667 | O70: 3826.7294 | P70: 8354.4434 | Q70: 7520.1993 | R70: 8128.4479 | S70: 2356.1985 | T70: 2106.9158 | U70: 2036.3333 | V70: 2116.8999 | W70: 2567.6509 | X70: 4757.5973 | AB70: 4629.8123 | AC70: 10267.326 | AD70: 4849.9894 | AE70: 4797.3415 | AF70: 4471.5373 | AG70: 3732.6667 | AH70: 6583.9138 | AI70: 6386.2628 | AJ70: 6558.4413 | AK70: 5092.4187 | AL70: 4022.9452 | AM70: 2147.8654 | AN70: 3230.6064 | AO70: 1381.7705 | AP70: 2451.2436 | AT70: =IFERROR(SUM(J70:O70)/COUNTIF(J70:O70,">0"),) | AU70: =IFERROR(SUM(P70:R70)/COUNTIF(P70:R70,">0"),) | AV70: =IFERROR(SUM(S70:X70)/COUNTIF(S70:X70,">0"),) | AW70: =IFERROR(SUM(Y70:AA70)/COUNTIF(Y70:AA70,">0"),) | AX70: =IFERROR(SUM(AB70:AG70)/COUNTIF(AB70:AG70,">0"),) | AY70: =IFERROR(SUM(AH70:AJ70)/COUNTIF(AH70:AJ70,">0"),) | AZ70: =IFERROR(SUM(AK70:AP70)/COUNTIF(AK70:AP70,">0"),) | BA70: =IFERROR(SUM(AQ70:AS70)/COUNTIF(AQ70:AS70,">0"),)
A71: Histone H2B type 1-A OS=Mus musculus GN=Hist1h2ba PE=1 SV=3 | B71: 10.71 | C71: 14293.676 | D71: 25091.33 | E71: P70696 | F71: 12 | G71: 67.72 | H71: 0 | I71: H2B1A_MOUSE | J71: 32062.456 | K71: 21856.39 | L71: 19736.677 | M71: 30735.818 | N71: 15964.667 | O71: 25199.191 | P71: 20188.616 | Q71: 31892.598 | R71: 19839.956 | S71: 29385.855 | T71: 30926.953 | U71: 32216.53 | V71: 28206.751 | W71: 32303.143 | X71: 28778.869 | Y71: 67033.772 | Z71: 63002.766 | AA71: 68426.814 | AB71: 25376.303 | AC71: 17969.735 | AD71: 18536.598 | AE71: 16182.773 | AF71: 13466.164 | AG71: 22489.141 | AH71: 23536.811 | AI71: 22312.523 | AJ71: 27272.531 | AK71: 32167.757 | AL71: 31579.359 | AM71: 30095.249 | AN71: 34375.553 | AO71: 34249.569 | AP71: 24485.724 | AQ71: 60799.874 | AR71: 50478.828 | AS71: 64542.557 | AT71: =IFERROR(SUM(J71:O71)/COUNTIF(J71:O71,">0"),) | AU71: =IFERROR(SUM(P71:R71)/COUNTIF(P71:R71,">0"),) | AV71: =IFERROR(SUM(S71:X71)/COUNTIF(S71:X71,">0"),) | AW71: =IFERROR(SUM(Y71:AA71)/COUNTIF(Y71:AA71,">0"),) | AX71: =IFERROR(SUM(AB71:AG71)/COUNTIF(AB71:AG71,">0"),) | AY71: =IFERROR(SUM(AH71:AJ71)/COUNTIF(AH71:AJ71,">0"),) | AZ71: =IFERROR(SUM(AK71:AP71)/COUNTIF(AK71:AP71,">0"),) | BA71: =IFERROR(SUM(AQ71:AS71)/COUNTIF(AQ71:AS71,">0"),)
A72: Core histone macro-H2A.1 OS=Mus musculus GN=H2afy PE=1 SV=3 | B72: 10.24 | C72: 39906.346 | D72: 25033.18 | E72: Q9QZQ8 | F72: 16 | G72: 50.54 | H72: 0 | I72: H2AY_MOUSE | J72: 139233 | K72: 91615 | L72: 101059.67 | M72: 105199 | N72: 54592.198 | O72: 127315.33 | P72: 119924.33 | Q72: 110313.67 | R72: 99066.333 | S72: 63386.667 | T72: 83653.282 | U72: 95674.333 | V72: 107261.7 | W72: 114999.33 | X72: 121312 | Y72: 99409.333 | Z72: 106811 | AA72: 104948 | AB72: 134970.33 | AC72: 80548 | AD72: 129095 | AE72: 55515.333 | AF72: 93062.333 | AG72: 103664.33 | AH72: 115406.67 | AI72: 106643.25 | AJ72: 104508.38 | AK72: 98525.667 | AL72: 97919.333 | AM72: 82040.333 | AN72: 94928.333 | AO72: 118344 | AP72: 53608.458 | AQ72: 96917 | AR72: 102154.07 | AS72: 96114.667 | AT72: =IFERROR(SUM(J72:O72)/COUNTIF(J72:O72,">0"),) | AU72: =IFERROR(SUM(P72:R72)/COUNTIF(P72:R72,">0"),) | AV72: =IFERROR(SUM(S72:X72)/COUNTIF(S72:X72,">0"),) | AW72: =IFERROR(SUM(Y72:AA72)/COUNTIF(Y72:AA72,">0"),) | AX72: =IFERROR(SUM(AB72:AG72)/COUNTIF(AB72:AG72,">0"),) | AY72: =IFERROR(SUM(AH72:AJ72)/COUNTIF(AH72:AJ72,">0"),) | AZ72: =IFERROR(SUM(AK72:AP72)/COUNTIF(AK72:AP72,">0"),) | BA72: =IFERROR(SUM(AQ72:AS72)/COUNTIF(AQ72:AS72,">0"),)
A73: Tubulin beta-4A chain OS=Mus musculus GN=Tubb4a PE=1 SV=3 | B73: 4.59 | C73: 50042.117 | D73: 24348.88 | E73: Q9D6F9 | F73: 21 | G73: 52.48 | H73: 0 | I73: TBB4A_MOUSE | J73: 80351.963 | K73: 107506.82 | L73: 88512.042 | M73: 96825.536 | N73: 99684.301 | O73: 99435.779 | P73: 102144.08 | Q73: 102878.54 | R73: 93840.66 | S73: 83479.21 | T73: 118244.12 | U73: 105172.19 | V73: 104268.34 | W73: 134543.34 | X73: 132250.17 | Y73: 114662.14 | Z73: 108813.23 | AA73: 117432.33 | AB73: 97753.525 | AC73: 103458.62 | AD73: 90089.71 | AE73: 77171.788 | AF73: 81911.104 | AG73: 113036.19 | AH73: 115377.76 | AI73: 102219.43 | AJ73: 101675.18 | AK73: 106512.46 | AL73: 101195.09 | AM73: 87956.349 | AN73: 79609.058 | AO73: 127071.39 | AP73: 72703.802 | AQ73: 92215.183 | AR73: 96419.896 | AS73: 100262.14 | AT73: =IFERROR(SUM(J73:O73)/COUNTIF(J73:O73,">0"),) | AU73: =IFERROR(SUM(P73:R73)/COUNTIF(P73:R73,">0"),) | AV73: =IFERROR(SUM(S73:X73)/COUNTIF(S73:X73,">0"),) | AW73: =IFERROR(SUM(Y73:AA73)/COUNTIF(Y73:AA73,">0"),) | AX73: =IFERROR(SUM(AB73:AG73)/COUNTIF(AB73:AG73,">0"),) | AY73: =IFERROR(SUM(AH73:AJ73)/COUNTIF(AH73:AJ73,">0"),) | AZ73: =IFERROR(SUM(AK73:AP73)/COUNTIF(AK73:AP73,">0"),) | BA73: =IFERROR(SUM(AQ73:AS73)/COUNTIF(AQ73:AS73,">0"),)
A74: Peroxiredoxin-2 OS=Mus musculus GN=Prdx2 PE=1 SV=3 | B74: 5.04 | C74: 21949.764 | D74: 24255.93 | E74: Q61171 | F74: 11 | G74: 49.49 | H74: 0 | I74: PRDX2_MOUSE | J74: 60683 | K74: 93049.333 | L74: 101794.33 | M74: 106281 | N74: 97714 | O74: 71144 | P74: 98280.667 | Q74: 105070 | R74: 94183 | S74: 104633.67 | T74: 117268.33 | U74: 190957 | V74: 170505.67 | W74: 146650.33 | X74: 144256.67 | Y74: 166281.67 | Z74: 141056.67 | AA74: 139868 | AB74: 90145 | AC74: 96631 | AD74: 93543.667 | AE74: 85000.667 | AF74: 80186.333 | AG74: 98296.333 | AH74: 103568.33 | AI74: 96069.333 | AJ74: 101104 | AK74: 146160.33 | AL74: 116693.67 | AM74: 98959 | AN74: 133377 | AO74: 163836 | AP74: 80053.667 | AQ74: 127054.33 | AR74: 110515.33 | AS74: 110331 | AT74: =IFERROR(SUM(J74:O74)/COUNTIF(J74:O74,">0"),) | AU74: =IFERROR(SUM(P74:R74)/COUNTIF(P74:R74,">0"),) | AV74: =IFERROR(SUM(S74:X74)/COUNTIF(S74:X74,">0"),) | AW74: =IFERROR(SUM(Y74:AA74)/COUNTIF(Y74:AA74,">0"),) | AX74: =IFERROR(SUM(AB74:AG74)/COUNTIF(AB74:AG74,">0"),) | AY74: =IFERROR(SUM(AH74:AJ74)/COUNTIF(AH74:AJ74,">0"),) | AZ74: =IFERROR(SUM(AK74:AP74)/COUNTIF(AK74:AP74,">0"),) | BA74: =IFERROR(SUM(AQ74:AS74)/COUNTIF(AQ74:AS74,">0"),)
A75: Heterogeneous nuclear ribonucleoprotein A/B OS=Mus musculus GN=Hnrnpab PE=1 SV=1 | B75: 8.14 | C75: 30945.368 | D75: 23952.2 | E75: Q99020 | F75: 17 | G75: 44.56 | H75: 0 | I75: ROAA_MOUSE | J75: 52429.333 | K75: 97582.667 | L75: 110287.67 | M75: 113636 | N75: 91024 | O75: 82869 | P75: 85015 | Q75: 104550 | R75: 90418.667 | S75: 106607.33 | T75: 128349.33 | U75: 188244.67 | V75: 214801.67 | W75: 150026.33 | X75: 182962.67 | Y75: 176755.67 | Z75: 146622.67 | AA75: 134923.33 | AB75: 112893.33 | AC75: 143842.67 | AD75: 126851 | AE75: 71993 | AF75: 101220.67 | AG75: 81980.333 | AH75: 117165.67 | AI75: 122523 | AJ75: 99111.333 | AK75: 145398.33 | AL75: 173692 | AM75: 108293 | AN75: 183944.67 | AO75: 190034.67 | AP75: 90830 | AQ75: 150619.67 | AR75: 127940 | AS75: 97719 | AT75: =IFERROR(SUM(J75:O75)/COUNTIF(J75:O75,">0"),) | AU75: =IFERROR(SUM(P75:R75)/COUNTIF(P75:R75,">0"),) | AV75: =IFERROR(SUM(S75:X75)/COUNTIF(S75:X75,">0"),) | AW75: =IFERROR(SUM(Y75:AA75)/COUNTIF(Y75:AA75,">0"),) | AX75: =IFERROR(SUM(AB75:AG75)/COUNTIF(AB75:AG75,">0"),) | AY75: =IFERROR(SUM(AH75:AJ75)/COUNTIF(AH75:AJ75,">0"),) | AZ75: =IFERROR(SUM(AK75:AP75)/COUNTIF(AK75:AP75,">0"),) | BA75: =IFERROR(SUM(AQ75:AS75)/COUNTIF(AQ75:AS75,">0"),)
A76: Dihydropyrimidinase-related protein 2 OS=Mus musculus GN=Dpysl2 PE=1 SV=2 | B76: 5.92 | C76: 62676.856 | D76: 23940.58 | E76: O08553 | F76: 33 | G76: 70.28 | H76: 0 | I76: DPYL2_MOUSE | J76: 227770.67 | K76: 204370.87 | L76: 205160 | M76: 209874 | N76: 186156.3 | O76: 189970.7 | P76: 221901.33 | Q76: 205359 | R76: 225202.67 | S76: 113772.67 | T76: 151886.33 | U76: 201371.67 | V76: 191601.33 | W76: 196690.33 | X76: 198408 | Y76: 160564.67 | Z76: 160821.67 | AA76: 137727 | AB76: 195695.33 | AC76: 237710.67 | AD76: 192021.33 | AE76: 151863.33 | AF76: 208992.33 | AG76: 189269.09 | AH76: 195863 | AI76: 191045.67 | AJ76: 186900.67 | AK76: 157307 | AL76: 148368 | AM76: 108599.33 | AN76: 122128 | AO76: 198258.33 | AP76: 98054.333 | AQ76: 137843.33 | AR76: 117321.67 | AS76: 111354.33 | AT76: =IFERROR(SUM(J76:O76)/COUNTIF(J76:O76,">0"),) | AU76: =IFERROR(SUM(P76:R76)/COUNTIF(P76:R76,">0"),) | AV76: =IFERROR(SUM(S76:X76)/COUNTIF(S76:X76,">0"),) | AW76: =IFERROR(SUM(Y76:AA76)/COUNTIF(Y76:AA76,">0"),) | AX76: =IFERROR(SUM(AB76:AG76)/COUNTIF(AB76:AG76,">0"),) | AY76: =IFERROR(SUM(AH76:AJ76)/COUNTIF(AH76:AJ76,">0"),) | AZ76: =IFERROR(SUM(AK76:AP76)/COUNTIF(AK76:AP76,">0"),) | BA76: =IFERROR(SUM(AQ76:AS76)/COUNTIF(AQ76:AS76,">0"),)
A77: ATP synthase subunit d, mitochondrial OS=Mus musculus GN=Atp5h PE=1 SV=3 | B77: 5.37 | C77: 18806.512 | D77: 23917.72 | E77: Q9DCX2 | F77: 10 | G77: 72.67 | H77: 0 | I77: ATP5H_MOUSE | J77: 72802 | K77: 71143 | L77: 53814.667 | M77: 73628 | N77: 84870.667 | O77: 62084 | P77: 57115.667 | Q77: 71933 | R77: 75924.667 | S77: 35849.333 | T77: 33159.333 | U77: 36182.333 | V77: 33186.667 | W77: 35760.667 | X77: 40717 | Y77: 34910.667 | Z77: 37845.667 | AA77: 38072.333 | AB77: 66055.333 | AC77: 90279 | AD77: 75092.667 | AE77: 36652.667 | AF77: 96147 | AG77: 76998.667 | AH77: 45515 | AI77: 65056.333 | AJ77: 67435 | AK77: 31540.667 | AL77: 35036 | AM77: 26591.333 | AN77: 30236.667 | AO77: 49167 | AP77: 32307.667 | AQ77: 32447.667 | AR77: 34069 | AS77: 34034.333 | AT77: =IFERROR(SUM(J77:O77)/COUNTIF(J77:O77,">0"),) | AU77: =IFERROR(SUM(P77:R77)/COUNTIF(P77:R77,">0"),) | AV77: =IFERROR(SUM(S77:X77)/COUNTIF(S77:X77,">0"),) | AW77: =IFERROR(SUM(Y77:AA77)/COUNTIF(Y77:AA77,">0"),) | AX77: =IFERROR(SUM(AB77:AG77)/COUNTIF(AB77:AG77,">0"),) | AY77: =IFERROR(SUM(AH77:AJ77)/COUNTIF(AH77:AJ77,">0"),) | AZ77: =IFERROR(SUM(AK77:AP77)/COUNTIF(AK77:AP77,">0"),) | BA77: =IFERROR(SUM(AQ77:AS77)/COUNTIF(AQ77:AS77,">0"),)
A78: Histone H1.2 OS=Mus musculus GN=Hist1h1c PE=1 SV=2 | B78: 11.49 | C78: 21266.67 | D78: 23552.53 | E78: P15864 | F78: 11 | G78: 46.7 | H78: 0 | I78: H12_MOUSE | J78: 128628.8 | K78: 199616.72 | L78: 178088.81 | M78: 161305.61 | N78: 135804.52 | O78: 219516.5 | P78: 183507.83 | Q78: 179382.59 | R78: 174551.18 | S78: 162952.84 | T78: 159094.07 | U78: 166373.26 | V78: 179325.57 | W78: 176025.48 | X78: 170910.41 | Y78: 213764.48 | Z78: 208576.59 | AA78: 186725.14 | AB78: 191610.68 | AC78: 151579.5 | AD78: 192686.6 | AE78: 160656.56 | AF78: 115565.34 | AG78: 171510.71 | AH78: 182141.66 | AI78: 205830.82 | AJ78: 179045.15 | AK78: 185282.22 | AL78: 170758.05 | AM78: 131612.28 | AN78: 173716.99 | AO78: 185871.84 | AP78: 104784.23 | AQ78: 200577.99 | AR78: 169086.26 | AS78: 173498.67 | AT78: =IFERROR(SUM(J78:O78)/COUNTIF(J78:O78,">0"),) | AU78: =IFERROR(SUM(P78:R78)/COUNTIF(P78:R78,">0"),) | AV78: =IFERROR(SUM(S78:X78)/COUNTIF(S78:X78,">0"),) | AW78: =IFERROR(SUM(Y78:AA78)/COUNTIF(Y78:AA78,">0"),) | AX78: =IFERROR(SUM(AB78:AG78)/COUNTIF(AB78:AG78,">0"),) | AY78: =IFERROR(SUM(AH78:AJ78)/COUNTIF(AH78:AJ78,">0"),) | AZ78: =IFERROR(SUM(AK78:AP78)/COUNTIF(AK78:AP78,">0"),) | BA78: =IFERROR(SUM(AQ78:AS78)/COUNTIF(AQ78:AS78,">0"),)
A79: Keratin, type I cytoskeletal 17 OS=Mus musculus GN=Krt17 PE=1 SV=3 | B79: 4.81 | C79: 48447.053 | D79: 23419.75 | E79: Q9QWL7 | F79: 32 | G79: 59.12 | H79: 0 | I79: K1C17_MOUSE | J79: 1828.1305 | K79: 3485.7987 | L79: 30275.891 | M79: 2350.6594 | N79: 2049.9749 | O79: 2950.0867 | P79: 8995.5643 | Q79: 8841.4672 | R79: 8782.1761 | S79: 19867.176 | T79: 22251.16 | U79: 16101.344 | V79: 16195.843 | W79: 20340.72 | X79: 35016.018 | Y79: 18325.298 | Z79: 17264.545 | AA79: 16442.955 | AB79: 4399.4263 | AC79: 11338.163 | AD79: 7101.5097 | AE79: 9124.1338 | AF79: 6128.7948 | AG79: 3924.2035 | AH79: 6411.3406 | AI79: 6173.6584 | AJ79: 5985.0702 | AK79: 34324.608 | AL79: 19788.48 | AM79: 11038.048 | AN79: 14341.061 | AO79: 8893.3606 | AP79: 7634.2635 | AQ79: 25578.787 | AR79: 23936.837 | AS79: 24389.221 | AT79: =IFERROR(SUM(J79:O79)/COUNTIF(J79:O79,">0"),) | AU79: =IFERROR(SUM(P79:R79)/COUNTIF(P79:R79,">0"),) | AV79: =IFERROR(SUM(S79:X79)/COUNTIF(S79:X79,">0"),) | AW79: =IFERROR(SUM(Y79:AA79)/COUNTIF(Y79:AA79,">0"),) | AX79: =IFERROR(SUM(AB79:AG79)/COUNTIF(AB79:AG79,">0"),) | AY79: =IFERROR(SUM(AH79:AJ79)/COUNTIF(AH79:AJ79,">0"),) | AZ79: =IFERROR(SUM(AK79:AP79)/COUNTIF(AK79:AP79,">0"),) | BA79: =IFERROR(SUM(AQ79:AS79)/COUNTIF(AQ79:AS79,">0"),)
A80: Rho GDP-dissociation inhibitor 2 OS=Mus musculus GN=Arhgdib PE=1 SV=3 | B80: 4.76 | C80: 22907.955 | D80: 23362.01 | E80: Q61599 | F80: 12 | G80: 60 | H80: 0 | I80: GDIR2_MOUSE | J80: 48748.667 | K80: 100356.67 | L80: 119328 | M80: 106320 | N80: 142883.33 | O80: 123131.33 | P80: 147587 | Q80: 133090.33 | R80: 121841.33 | S80: 9612 | T80: 8016.5 | U80: 4143 | V80: 7562 | W80: 5903.6667 | X80: 6309.5 | Y80: 2510 | Z80: 6140.5 | AB80: 107636 | AC80: 98561 | AD80: 122889.67 | AE80: 171349 | AF80: 89335.667 | AG80: 126966.67 | AH80: 143662.33 | AI80: 137290.67 | AJ80: 117183.33 | AK80: 9146 | AL80: 7873 | AM80: 11001 | AN80: 11609 | AO80: 5780.3333 | AP80: 7655 | AR80: 10195 | AS80: 7857.5 | AT80: =IFERROR(SUM(J80:O80)/COUNTIF(J80:O80,">0"),) | AU80: =IFERROR(SUM(P80:R80)/COUNTIF(P80:R80,">0"),) | AV80: =IFERROR(SUM(S80:X80)/COUNTIF(S80:X80,">0"),) | AW80: =IFERROR(SUM(Y80:AA80)/COUNTIF(Y80:AA80,">0"),) | AX80: =IFERROR(SUM(AB80:AG80)/COUNTIF(AB80:AG80,">0"),) | AY80: =IFERROR(SUM(AH80:AJ80)/COUNTIF(AH80:AJ80,">0"),) | AZ80: =IFERROR(SUM(AK80:AP80)/COUNTIF(AK80:AP80,">0"),) | BA80: =IFERROR(SUM(AQ80:AS80)/COUNTIF(AQ80:AS80,">0"),)
A81: 78 kDa glucose-regulated protein OS=Mus musculus GN=Hspa5 PE=1 SV=3 | B81: 4.87 | C81: 72536.207 | D81: 23359.78 | E81: P20029 | F81: 41 | G81: 58.47 | H81: 0 | I81: GRP78_MOUSE | J81: 126038.67 | K81: 161034.33 | L81: 137735.67 | M81: 141130 | N81: 163649.67 | O81: 167071.67 | P81: 180136.67 | Q81: 166864.67 | R81: 163801.33 | S81: 88788.333 | T81: 127668.33 | U81: 124857 | V81: 121907.67 | W81: 143826.33 | X81: 136779.33 | Y81: 114243 | Z81: 124629.67 | AA81: 129557.33 | AB81: 155082 | AC81: 164738.33 | AD81: 153302.33 | AE81: 147541 | AF81: 164511.67 | AG81: 175170.67 | AH81: 172114.33 | AI81: 178884 | AJ81: 152672 | AK81: 107330.67 | AL81: 105701.67 | AM81: 101853.67 | AN81: 105838.33 | AO81: 135081.33 | AP81: 87487.333 | AQ81: 107755 | AR81: 95906.667 | AS81: 104316.33 | AT81: =IFERROR(SUM(J81:O81)/COUNTIF(J81:O81,">0"),) | AU81: =IFERROR(SUM(P81:R81)/COUNTIF(P81:R81,">0"),) | AV81: =IFERROR(SUM(S81:X81)/COUNTIF(S81:X81,">0"),) | AW81: =IFERROR(SUM(Y81:AA81)/COUNTIF(Y81:AA81,">0"),) | AX81: =IFERROR(SUM(AB81:AG81)/COUNTIF(AB81:AG81,">0"),) | AY81: =IFERROR(SUM(AH81:AJ81)/COUNTIF(AH81:AJ81,">0"),) | AZ81: =IFERROR(SUM(AK81:AP81)/COUNTIF(AK81:AP81,">0"),) | BA81: =IFERROR(SUM(AQ81:AS81)/COUNTIF(AQ81:AS81,">0"),)
A82: Heterogeneous nuclear ribonucleoprotein A1 OS=Mus musculus GN=Hnrnpa1 PE=1 SV=2 | B82: 9.52 | C82: 34310.304 | D82: 23161.9 | E82: P49312 | F82: 18 | G82: 57.5 | H82: 0 | I82: ROA1_MOUSE | J82: 51952.667 | K82: 168098.33 | L82: 194425 | M82: 174532.67 | N82: 192437.67 | O82: 178518 | P82: 175211.67 | Q82: 181141.33 | R82: 174309.67 | S82: 160243.67 | T82: 164045 | U82: 259663.67 | V82: 286210.33 | W82: 226618.33 | X82: 249402 | Y82: 256022 | Z82: 206592.67 | AA82: 197591 | AB82: 179999.33 | AC82: 168091 | AD82: 188337.67 | AE82: 128806 | AF82: 154710.67 | AG82: 167896 | AH82: 183746.33 | AI82: 185997 | AJ82: 161063 | AK82: 176879.33 | AL82: 209829 | AM82: 182374.67 | AN82: 227018 | AO82: 275643.67 | AP82: 131900.33 | AQ82: 206800.33 | AR82: 173128 | AS82: 133800.67 | AT82: =IFERROR(SUM(J82:O82)/COUNTIF(J82:O82,">0"),) | AU82: =IFERROR(SUM(P82:R82)/COUNTIF(P82:R82,">0"),) | AV82: =IFERROR(SUM(S82:X82)/COUNTIF(S82:X82,">0"),) | AW82: =IFERROR(SUM(Y82:AA82)/COUNTIF(Y82:AA82,">0"),) | AX82: =IFERROR(SUM(AB82:AG82)/COUNTIF(AB82:AG82,">0"),) | AY82: =IFERROR(SUM(AH82:AJ82)/COUNTIF(AH82:AJ82,">0"),) | AZ82: =IFERROR(SUM(AK82:AP82)/COUNTIF(AK82:AP82,">0"),) | BA82: =IFERROR(SUM(AQ82:AS82)/COUNTIF(AQ82:AS82,">0"),)
A83: Thymosin beta-10 OS=Mus musculus GN=Tmsb10 PE=1 SV=3 | B83: 5.12 | C83: 5025.6895 | D83: 23118.13 | E83: Q6ZWY8 | F83: 5 | G83: 77.27 | H83: 0 | I83: TYB10_MOUSE | J83: 7595.2232 | K83: 9442.2152 | L83: 10760.128 | M83: 9928.0946 | N83: 18021.592 | O83: 7341.5558 | S83: 6080.8915 | T83: 8207.7929 | U83: 19019.391 | V83: 12976.912 | W83: 8352.2842 | X83: 13032.597 | AK83: 7009.6091 | AL83: 6222.1617 | AM83: 4886.5594 | AN83: 8813.6574 | AO83: 6277.4349 | AP83: 3941.1105 | AQ83: 3461.3479 | AR83: 3904.9018 | AS83: 3718 | AT83: =IFERROR(SUM(J83:O83)/COUNTIF(J83:O83,">0"),) | AU83: =IFERROR(SUM(P83:R83)/COUNTIF(P83:R83,">0"),) | AV83: =IFERROR(SUM(S83:X83)/COUNTIF(S83:X83,">0"),) | AW83: =IFERROR(SUM(Y83:AA83)/COUNTIF(Y83:AA83,">0"),) | AX83: =IFERROR(SUM(AB83:AG83)/COUNTIF(AB83:AG83,">0"),) | AY83: =IFERROR(SUM(AH83:AJ83)/COUNTIF(AH83:AJ83,">0"),) | AZ83: =IFERROR(SUM(AK83:AP83)/COUNTIF(AK83:AP83,">0"),) | BA83: =IFERROR(SUM(AQ83:AS83)/COUNTIF(AQ83:AS83,">0"),)
A84: Chromobox protein homolog 1 OS=Mus musculus GN=Cbx1 PE=1 SV=1 | B84: 4.66 | C84: 21531.86 | D84: 23074.11 | E84: P83917 | F84: 8 | G84: 40 | H84: 0 | I84: CBX1_MOUSE | J84: 30517.21 | K84: 43953.144 | L84: 42265.307 | M84: 49213.688 | N84: 50534.201 | O84: 51003.99 | P84: 41990.032 | Q84: 54987.912 | R84: 60221.921 | S84: 43915 | T84: 25557.5 | U84: 37112.5 | V84: 49080.878 | W84: 34203.63 | X84: 37235.893 | Y84: 39485.586 | Z84: 35089.728 | AA84: 36513 | AB84: 55372.096 | AC84: 60616.831 | AD84: 50107.041 | AE84: 40913.177 | AF84: 67376.276 | AG84: 54874.891 | AH84: 57662.613 | AI84: 60952.697 | AJ84: 59312.264 | AK84: 33320.39 | AL84: 34234.028 | AM84: 26276.78 | AN84: 43854.811 | AO84: 37337.5 | AP84: 21389.171 | AQ84: 32091.992 | AR84: 27002.662 | AS84: 32726 | AT84: =IFERROR(SUM(J84:O84)/COUNTIF(J84:O84,">0"),) | AU84: =IFERROR(SUM(P84:R84)/COUNTIF(P84:R84,">0"),) | AV84: =IFERROR(SUM(S84:X84)/COUNTIF(S84:X84,">0"),) | AW84: =IFERROR(SUM(Y84:AA84)/COUNTIF(Y84:AA84,">0"),) | AX84: =IFERROR(SUM(AB84:AG84)/COUNTIF(AB84:AG84,">0"),) | AY84: =IFERROR(SUM(AH84:AJ84)/COUNTIF(AH84:AJ84,">0"),) | AZ84: =IFERROR(SUM(AK84:AP84)/COUNTIF(AK84:AP84,">0"),) | BA84: =IFERROR(SUM(AQ84:AS84)/COUNTIF(AQ84:AS84,">0"),)
A85: Annexin A3 OS=Mus musculus GN=Anxa3 PE=1 SV=4 | B85: 5.37 | C85: 36555.217 | D85: 22712.7 | E85: O35639 | F85: 20 | G85: 52.32 | H85: 0 | I85: ANXA3_MOUSE | J85: 79291.333 | K85: 198968 | L85: 151020.33 | M85: 138808 | N85: 189020.33 | O85: 150449 | P85: 162407.67 | Q85: 173972 | R85: 174908.33 | S85: 8174.6667 | T85: 7950.6667 | U85: 4894.3333 | V85: 10360.667 | W85: 6762.3333 | X85: 4815.6667 | Y85: 4893 | Z85: 6374.6667 | AA85: 6101.3333 | AB85: 150774.33 | AC85: 190213.67 | AD85: 169444.67 | AE85: 124544.33 | AF85: 125820.67 | AG85: 160133.33 | AH85: 185620.67 | AI85: 185464.67 | AJ85: 180671 | AK85: 12421 | AL85: 9037 | AM85: 3631 | AN85: 2979.5 | AO85: 7627.6667 | AP85: 6271 | AQ85: 7207.3333 | AR85: 7312 | AS85: 6443.3333 | AT85: =IFERROR(SUM(J85:O85)/COUNTIF(J85:O85,">0"),) | AU85: =IFERROR(SUM(P85:R85)/COUNTIF(P85:R85,">0"),) | AV85: =IFERROR(SUM(S85:X85)/COUNTIF(S85:X85,">0"),) | AW85: =IFERROR(SUM(Y85:AA85)/COUNTIF(Y85:AA85,">0"),) | AX85: =IFERROR(SUM(AB85:AG85)/COUNTIF(AB85:AG85,">0"),) | AY85: =IFERROR(SUM(AH85:AJ85)/COUNTIF(AH85:AJ85,">0"),) | AZ85: =IFERROR(SUM(AK85:AP85)/COUNTIF(AK85:AP85,">0"),) | BA85: =IFERROR(SUM(AQ85:AS85)/COUNTIF(AQ85:AS85,">0"),)
A86: Regulator of G-protein signaling 10 OS=Mus musculus GN=Rgs10 PE=1 SV=1 | B86: 6.41 | C86: 21207.859 | D86: 22659 | E86: Q9CQE5 | F86: 10 | G86: 51.93 | H86: 0 | I86: RGS10_MOUSE | J86: 96809 | K86: 120278 | L86: 110579 | M86: 116907.33 | N86: 134609.67 | O86: 100265.33 | P86: 138805 | Q86: 127894.33 | R86: 143771.67 | T86: 3940 | U86: 4297 | V86: 2816.5 | W86: 4504 | X86: 3900.5 | Y86: 4939 | Z86: 3394.5 | AA86: 4068 | AB86: 118138 | AC86: 135363 | AD86: 124320.67 | AE86: 99838.333 | AF86: 98311 | AG86: 93391 | AH86: 120919 | AI86: 124317.33 | AJ86: 109783.67 | AK86: 5593.5 | AL86: 3998.5 | AM86: 2828 | AN86: 4550 | AO86: 4002.3333 | AP86: 2760 | AQ86: 3617 | AR86: 4808 | AS86: 3755 | AT86: =IFERROR(SUM(J86:O86)/COUNTIF(J86:O86,">0"),) | AU86: =IFERROR(SUM(P86:R86)/COUNTIF(P86:R86,">0"),) | AV86: =IFERROR(SUM(S86:X86)/COUNTIF(S86:X86,">0"),) | AW86: =IFERROR(SUM(Y86:AA86)/COUNTIF(Y86:AA86,">0"),) | AX86: =IFERROR(SUM(AB86:AG86)/COUNTIF(AB86:AG86,">0"),) | AY86: =IFERROR(SUM(AH86:AJ86)/COUNTIF(AH86:AJ86,">0"),) | AZ86: =IFERROR(SUM(AK86:AP86)/COUNTIF(AK86:AP86,">0"),) | BA86: =IFERROR(SUM(AQ86:AS86)/COUNTIF(AQ86:AS86,">0"),)
A87: L-lactate dehydrogenase B chain OS=Mus musculus GN=Ldhb PE=1 SV=2 | B87: 5.63 | C87: 36857.516 | D87: 22020.65 | E87: P16125 | F87: 17 | G87: 45.21 | H87: 0 | I87: LDHB_MOUSE | J87: 114657.33 | K87: 168699 | L87: 162967 | M87: 162484.67 | N87: 170714 | O87: 153419.33 | P87: 156699.33 | Q87: 169114 | R87: 184797.67 | S87: 44754 | T87: 42681.333 | U87: 77367.667 | V87: 82823.667 | W87: 92140.333 | X87: 75685 | Y87: 73936 | Z87: 67217 | AA87: 61448.667 | AB87: 147978.67 | AC87: 170968.67 | AD87: 178879.33 | AE87: 165387.33 | AF87: 112565 | AG87: 154168 | AH87: 161096.33 | AI87: 157274.67 | AJ87: 162704 | AK87: 74831.333 | AL87: 57176 | AM87: 44067 | AN87: 63252.667 | AO87: 87979.667 | AP87: 57981.333 | AQ87: 67447 | AR87: 61774 | AS87: 53707.333 | AT87: =IFERROR(SUM(J87:O87)/COUNTIF(J87:O87,">0"),) | AU87: =IFERROR(SUM(P87:R87)/COUNTIF(P87:R87,">0"),) | AV87: =IFERROR(SUM(S87:X87)/COUNTIF(S87:X87,">0"),) | AW87: =IFERROR(SUM(Y87:AA87)/COUNTIF(Y87:AA87,">0"),) | AX87: =IFERROR(SUM(AB87:AG87)/COUNTIF(AB87:AG87,">0"),) | AY87: =IFERROR(SUM(AH87:AJ87)/COUNTIF(AH87:AJ87,">0"),) | AZ87: =IFERROR(SUM(AK87:AP87)/COUNTIF(AK87:AP87,">0"),) | BA87: =IFERROR(SUM(AQ87:AS87)/COUNTIF(AQ87:AS87,">0"),)
A88: Allograft inflammatory factor 1 OS=Mus musculus GN=Aif1 PE=1 SV=1 | B88: 9.31 | C88: 16910.611 | D88: 21865.86 | E88: O70200 | F88: 10 | G88: 51.02 | H88: 0 | I88: AIF1_MOUSE | J88: 32055.333 | K88: 54330 | L88: 76929 | M88: 53438 | N88: 60932.333 | O88: 54022.333 | P88: 60443.667 | Q88: 63412 | R88: 67074.333 | T88: 3220.5 | U88: 3416 | V88: 3886 | W88: 3172.6667 | X88: 2939 | AB88: 49140.667 | AC88: 71949 | AD88: 66339.333 | AE88: 70492.333 | AF88: 31871.667 | AG88: 54253.667 | AH88: 63545.667 | AI88: 54287 | AJ88: 49827.667 | AK88: 3370 | AL88: 3518 | AN88: 3092 | AO88: 4236.5 | AP88: 3077 | AT88: =IFERROR(SUM(J88:O88)/COUNTIF(J88:O88,">0"),) | AU88: =IFERROR(SUM(P88:R88)/COUNTIF(P88:R88,">0"),) | AV88: =IFERROR(SUM(S88:X88)/COUNTIF(S88:X88,">0"),) | AW88: =IFERROR(SUM(Y88:AA88)/COUNTIF(Y88:AA88,">0"),) | AX88: =IFERROR(SUM(AB88:AG88)/COUNTIF(AB88:AG88,">0"),) | AY88: =IFERROR(SUM(AH88:AJ88)/COUNTIF(AH88:AJ88,">0"),) | AZ88: =IFERROR(SUM(AK88:AP88)/COUNTIF(AK88:AP88,">0"),) | BA88: =IFERROR(SUM(AQ88:AS88)/COUNTIF(AQ88:AS88,">0"),)
A89: 10 kDa heat shock protein, mitochondrial OS=Mus musculus GN=Hspe1 PE=1 SV=2 | B89: 9.12 | C89: 10962.719 | D89: 21811.7 | E89: Q64433 | F89: 13 | G89: 72.55 | H89: 0 | I89: CH10_MOUSE | J89: 29971 | K89: 54120 | L89: 60228 | M89: 72469.667 | N89: 67080.667 | O89: 16054 | P89: 46189.667 | Q89: 54097.333 | R89: 52767.333 | S89: 45627.333 | T89: 56791.667 | U89: 41323.667 | V89: 38022 | W89: 47200.667 | X89: 39476 | Y89: 50566.667 | Z89: 46601.333 | AA89: 41805.667 | AB89: 51700.667 | AC89: 75947.667 | AD89: 67930.667 | AE89: 58725 | AF89: 67474 | AG89: 53839.333 | AH89: 54876 | AI89: 66376.333 | AJ89: 62134.667 | AK89: 42198.667 | AL89: 43633.667 | AM89: 37100.333 | AN89: 46036.667 | AO89: 43449.333 | AP89: 39425.333 | AQ89: 47491.333 | AR89: 43592 | AS89: 42597 | AT89: =IFERROR(SUM(J89:O89)/COUNTIF(J89:O89,">0"),) | AU89: =IFERROR(SUM(P89:R89)/COUNTIF(P89:R89,">0"),) | AV89: =IFERROR(SUM(S89:X89)/COUNTIF(S89:X89,">0"),) | AW89: =IFERROR(SUM(Y89:AA89)/COUNTIF(Y89:AA89,">0"),) | AX89: =IFERROR(SUM(AB89:AG89)/COUNTIF(AB89:AG89,">0"),) | AY89: =IFERROR(SUM(AH89:AJ89)/COUNTIF(AH89:AJ89,">0"),) | AZ89: =IFERROR(SUM(AK89:AP89)/COUNTIF(AK89:AP89,">0"),) | BA89: =IFERROR(SUM(AQ89:AS89)/COUNTIF(AQ89:AS89,">0"),)
A90: Glutathione S-transferase Mu 1 OS=Mus musculus GN=Gstm1 PE=1 SV=2 | B90: 8.12 | C90: 26084.123 | D90: 21791.66 | E90: P10649 | F90: 17 | G90: 67.89 | H90: 0 | I90: GSTM1_MOUSE | J90: 48727.913 | K90: 119741.33 | L90: 77487.333 | M90: 78610.667 | N90: 96321.333 | O90: 99235.667 | P90: 92054.667 | Q90: 99741 | R90: 101915.67 | S90: 47875 | T90: 40307.667 | U90: 93214.667 | V90: 76302 | W90: 76705 | X90: 73588 | Y90: 62204 | Z90: 71764 | AA90: 59526.333 | AB90: 91256.333 | AC90: 98319.667 | AD90: 81822.333 | AE90: 65413 | AF90: 88069.667 | AG90: 102074 | AH90: 103380.67 | AI90: 98162.667 | AJ90: 105061.33 | AK90: 71360 | AL90: 59307.667 | AM90: 35598.667 | AN90: 49384.333 | AO90: 75283.667 | AP90: 32751.667 | AQ90: 51460.667 | AR90: 56741.667 | AS90: 47838.667 | AT90: =IFERROR(SUM(J90:O90)/COUNTIF(J90:O90,">0"),) | AU90: =IFERROR(SUM(P90:R90)/COUNTIF(P90:R90,">0"),) | AV90: =IFERROR(SUM(S90:X90)/COUNTIF(S90:X90,">0"),) | AW90: =IFERROR(SUM(Y90:AA90)/COUNTIF(Y90:AA90,">0"),) | AX90: =IFERROR(SUM(AB90:AG90)/COUNTIF(AB90:AG90,">0"),) | AY90: =IFERROR(SUM(AH90:AJ90)/COUNTIF(AH90:AJ90,">0"),) | AZ90: =IFERROR(SUM(AK90:AP90)/COUNTIF(AK90:AP90,">0"),) | BA90: =IFERROR(SUM(AQ90:AS90)/COUNTIF(AQ90:AS90,">0"),)
A91: Histone H1.3 OS=Mus musculus GN=Hist1h1d PE=1 SV=2 | B91: 11.52 | C91: 22099.539 | D91: 21609.31 | E91: P43277 | F91: 11 | G91: 44.34 | H91: 0 | I91: H13_MOUSE | J91: 56514.363 | K91: 49562.131 | L91: 57860.292 | M91: 49257.374 | N91: 39287.465 | O91: 52642.304 | P91: 42236.564 | Q91: 48988.046 | R91: 51013.794 | S91: 94742.328 | T91: 97557.378 | U91: 92301.419 | V91: 106557.96 | W91: 109788.37 | X91: 118868.38 | Y91: 87808.617 | Z91: 86199.629 | AA91: 71930.125 | AB91: 76706.274 | AC91: 67412.843 | AD91: 91430.859 | AE91: 74431.307 | AF91: 47545.406 | AG91: 71969.2 | AH91: 48035.124 | AI91: 61950.311 | AJ91: 53858.775 | AK91: 106542.14 | AL91: 87244.256 | AM91: 79210.608 | AN91: 88285.401 | AO91: 90835.758 | AP91: 67488.123 | AQ91: 101490.34 | AR91: 87043.764 | AS91: 80620.027 | AT91: =IFERROR(SUM(J91:O91)/COUNTIF(J91:O91,">0"),) | AU91: =IFERROR(SUM(P91:R91)/COUNTIF(P91:R91,">0"),) | AV91: =IFERROR(SUM(S91:X91)/COUNTIF(S91:X91,">0"),) | AW91: =IFERROR(SUM(Y91:AA91)/COUNTIF(Y91:AA91,">0"),) | AX91: =IFERROR(SUM(AB91:AG91)/COUNTIF(AB91:AG91,">0"),) | AY91: =IFERROR(SUM(AH91:AJ91)/COUNTIF(AH91:AJ91,">0"),) | AZ91: =IFERROR(SUM(AK91:AP91)/COUNTIF(AK91:AP91,">0"),) | BA91: =IFERROR(SUM(AQ91:AS91)/COUNTIF(AQ91:AS91,">0"),)
A92: Activated RNA polymerase II transcriptional coactivator p15 OS=Mus musculus GN=Sub1 PE=1 SV=3 | B92: 10.07 | C92: 14427.485 | D92: 21591.17 | E92: P11031 | F92: 12 | G92: 74.02 | H92: 0 | I92: TCP4_MOUSE | J92: 31963.333 | K92: 73071 | L92: 77411.333 | M92: 74967.333 | N92: 82266.333 | O92: 77309.667 | P92: 85723.667 | Q92: 78136 | R92: 80897.667 | S92: 27948.333 | T92: 23969.667 | U92: 54393 | V92: 60484.667 | W92: 40555 | X92: 49300.333 | Y92: 45275 | Z92: 41766 | AA92: 38856.667 | AB92: 78407 | AC92: 74421 | AD92: 78145.667 | AE92: 62402.667 | AF92: 60238 | AG92: 73633.667 | AH92: 78443.333 | AI92: 74008.667 | AJ92: 73624.333 | AK92: 40426.333 | AL92: 39125.667 | AM92: 26470.333 | AN92: 39752.333 | AO92: 54764 | AP92: 26310.667 | AQ92: 37969.333 | AR92: 34048.333 | AS92: 50691 | AT92: =IFERROR(SUM(J92:O92)/COUNTIF(J92:O92,">0"),) | AU92: =IFERROR(SUM(P92:R92)/COUNTIF(P92:R92,">0"),) | AV92: =IFERROR(SUM(S92:X92)/COUNTIF(S92:X92,">0"),) | AW92: =IFERROR(SUM(Y92:AA92)/COUNTIF(Y92:AA92,">0"),) | AX92: =IFERROR(SUM(AB92:AG92)/COUNTIF(AB92:AG92,">0"),) | AY92: =IFERROR(SUM(AH92:AJ92)/COUNTIF(AH92:AJ92,">0"),) | AZ92: =IFERROR(SUM(AK92:AP92)/COUNTIF(AK92:AP92,">0"),) | BA92: =IFERROR(SUM(AQ92:AS92)/COUNTIF(AQ92:AS92,">0"),)
A93: 60S acidic ribosomal protein P1 OS=Mus musculus GN=Rplp1 PE=1 SV=1 | B93: 4.02 | C93: 11588.971 | D93: 21564.83 | E93: P47955 | F93: 3 | G93: 34.21 | H93: 0 | I93: RLA1_MOUSE | J93: 63530 | K93: 35862 | L93: 23925.333 | M93: 44473.667 | N93: 48415.333 | O93: 49009.5 | P93: 47613 | Q93: 49985.667 | R93: 64777.333 | S93: 9955.6667 | T93: 24007 | U93: 29297 | V93: 39919.333 | W93: 31659.667 | X93: 33413.667 | Y93: 26084.667 | Z93: 39564.5 | AA93: 31807.5 | AB93: 52550.667 | AC93: 41027.667 | AD93: 49313 | AE93: 33512.5 | AF93: 37899.667 | AG93: 41494 | AH93: 38262.333 | AI93: 54124.333 | AJ93: 58602 | AK93: 21605.333 | AL93: 31415.667 | AM93: 35822 | AN93: 40937.5 | AO93: 27594 | AP93: 17935.5 | AQ93: 34877 | AR93: 25052 | AS93: 14272 | AT93: =IFERROR(SUM(J93:O93)/COUNTIF(J93:O93,">0"),) | AU93: =IFERROR(SUM(P93:R93)/COUNTIF(P93:R93,">0"),) | AV93: =IFERROR(SUM(S93:X93)/COUNTIF(S93:X93,">0"),) | AW93: =IFERROR(SUM(Y93:AA93)/COUNTIF(Y93:AA93,">0"),) | AX93: =IFERROR(SUM(AB93:AG93)/COUNTIF(AB93:AG93,">0"),) | AY93: =IFERROR(SUM(AH93:AJ93)/COUNTIF(AH93:AJ93,">0"),) | AZ93: =IFERROR(SUM(AK93:AP93)/COUNTIF(AK93:AP93,">0"),) | BA93: =IFERROR(SUM(AQ93:AS93)/COUNTIF(AQ93:AS93,">0"),)
A94: Serum albumin OS=Bos taurus GN=ALB PE=1 SV=4 | B94: 5.76 | C94: 71289.43 | D94: 21057.13 | E94: P02769 | F94: 32 | G94: 48.93 | H94: 0 | I94: ALBU_BOVIN | J94: 219111.67 | K94: 298426 | L94: 239835.67 | M94: 287138.67 | N94: 204963 | O94: 257352.67 | P94: 270039 | Q94: 262635 | R94: 267020 | S94: 326595.67 | T94: 364321.67 | U94: 425835.33 | V94: 355024 | W94: 316438 | X94: 406664.67 | Y94: 392890.67 | Z94: 406729.33 | AA94: 432043.33 | AB94: 275475.33 | AC94: 287980.67 | AD94: 206680 | AE94: 283079.33 | AF94: 181125.33 | AG94: 235398 | AH94: 266934 | AI94: 276297.33 | AJ94: 269241.33 | AK94: 346325.67 | AL94: 290170.67 | AM94: 209241.67 | AN94: 384520.67 | AO94: 257406 | AP94: 314268 | AQ94: 319261.67 | AR94: 319104 | AS94: 310217.33 | AT94: =IFERROR(SUM(J94:O94)/COUNTIF(J94:O94,">0"),) | AU94: =IFERROR(SUM(P94:R94)/COUNTIF(P94:R94,">0"),) | AV94: =IFERROR(SUM(S94:X94)/COUNTIF(S94:X94,">0"),) | AW94: =IFERROR(SUM(Y94:AA94)/COUNTIF(Y94:AA94,">0"),) | AX94: =IFERROR(SUM(AB94:AG94)/COUNTIF(AB94:AG94,">0"),) | AY94: =IFERROR(SUM(AH94:AJ94)/COUNTIF(AH94:AJ94,">0"),) | AZ94: =IFERROR(SUM(AK94:AP94)/COUNTIF(AK94:AP94,">0"),) | BA94: =IFERROR(SUM(AQ94:AS94)/COUNTIF(AQ94:AS94,">0"),)
A95: Transgelin-2 OS=Mus musculus GN=Tagln2 PE=1 SV=4 | B95: 8.44 | C95: 22566.573 | D95: 21006.45 | E95: Q9WVA4 | F95: 14 | G95: 67.34 | H95: 0 | I95: TAGL2_MOUSE | J95: 23647 | K95: 57995.667 | L95: 44562.333 | M95: 38639 | N95: 50081.667 | O95: 41092.667 | P95: 46466.333 | Q95: 50693 | R95: 46366.333 | S95: 11629.64 | T95: 15644.667 | U95: 18502.069 | V95: 20047.983 | W95: 19270.667 | X95: 16017.67 | Y95: 19408.57 | Z95: 17652 | AA95: 17093.667 | AB95: 51077.333 | AC95: 58556.667 | AD95: 46472.667 | AE95: 62141 | AF95: 59336.333 | AG95: 52662 | AH95: 57210.333 | AI95: 55769 | AJ95: 52681 | AK95: 13371.746 | AL95: 15436.61 | AM95: 23328.667 | AN95: 18388.904 | AO95: 18789.78 | AP95: 12911.667 | AQ95: 14327.474 | AR95: 16977.333 | AS95: 14370.667 | AT95: =IFERROR(SUM(J95:O95)/COUNTIF(J95:O95,">0"),) | AU95: =IFERROR(SUM(P95:R95)/COUNTIF(P95:R95,">0"),) | AV95: =IFERROR(SUM(S95:X95)/COUNTIF(S95:X95,">0"),) | AW95: =IFERROR(SUM(Y95:AA95)/COUNTIF(Y95:AA95,">0"),) | AX95: =IFERROR(SUM(AB95:AG95)/COUNTIF(AB95:AG95,">0"),) | AY95: =IFERROR(SUM(AH95:AJ95)/COUNTIF(AH95:AJ95,">0"),) | AZ95: =IFERROR(SUM(AK95:AP95)/COUNTIF(AK95:AP95,">0"),) | BA95: =IFERROR(SUM(AQ95:AS95)/COUNTIF(AQ95:AS95,">0"),)
A96: ADP-ribosylation factor 1 OS=Mus musculus GN=Arf1 PE=1 SV=2 | B96: 6.37 | C96: 20753.842 | D96: 20678.58 | E96: P84078 | F96: 11 | G96: 67.96 | H96: 0 | I96: ARF1_MOUSE | J96: 25628.295 | K96: 69617.517 | L96: 65698.931 | M96: 84501.26 | N96: 69231.732 | O96: 76972.978 | P96: 34864.708 | Q96: 38766.906 | R96: 38918.424 | S96: 20972.101 | T96: 23928.117 | U96: 24733.207 | V96: 32898.278 | W96: 30869.753 | X96: 27491.41 | Y96: 21262.661 | Z96: 19241.88 | AA96: 19868.181 | AB96: 74411.695 | AC96: 59892.26 | AD96: 73862.907 | AE96: 38865.803 | AF96: 56600.445 | AG96: 67633.223 | AH96: 30905.461 | AI96: 27685.966 | AJ96: 29824.387 | AK96: 21019.307 | AL96: 20369.249 | AM96: 19635.088 | AN96: 22432.952 | AO96: 20206.769 | AP96: 16036.958 | AQ96: 19215.626 | AR96: 18178.544 | AS96: 15457.732 | AT96: =IFERROR(SUM(J96:O96)/COUNTIF(J96:O96,">0"),) | AU96: =IFERROR(SUM(P96:R96)/COUNTIF(P96:R96,">0"),) | AV96: =IFERROR(SUM(S96:X96)/COUNTIF(S96:X96,">0"),) | AW96: =IFERROR(SUM(Y96:AA96)/COUNTIF(Y96:AA96,">0"),) | AX96: =IFERROR(SUM(AB96:AG96)/COUNTIF(AB96:AG96,">0"),) | AY96: =IFERROR(SUM(AH96:AJ96)/COUNTIF(AH96:AJ96,">0"),) | AZ96: =IFERROR(SUM(AK96:AP96)/COUNTIF(AK96:AP96,">0"),) | BA96: =IFERROR(SUM(AQ96:AS96)/COUNTIF(AQ96:AS96,">0"),)
A97: Myristoylated alanine-rich C-kinase substrate OS=Mus musculus GN=Marcks PE=1 SV=2 | B97: 4.12 | C97: 29718.363 | D97: 20527.65 | E97: P26645 | F97: 21 | G97: 72.49 | H97: 0 | I97: MARCS_MOUSE | J97: 90146.667 | K97: 102686 | L97: 116535 | M97: 93485.667 | N97: 121752 | O97: 141852.33 | P97: 113023 | Q97: 116708.33 | R97: 109564 | S97: 77209.333 | T97: 75879.667 | U97: 112962 | V97: 97195.333 | W97: 113900.33 | X97: 113201.33 | Y97: 93418 | Z97: 99364 | AA97: 80279.333 | AB97: 112484.67 | AC97: 132904 | AD97: 127708.67 | AE97: 117937.67 | AF97: 106922.67 | AG97: 110598 | AH97: 136282.33 | AI97: 135488 | AJ97: 97008.333 | AK97: 88271 | AL97: 72675.667 | AM97: 83404.333 | AN97: 102838 | AO97: 102997.33 | AP97: 90198.667 | AQ97: 79559.333 | AR97: 89899.333 | AS97: 66863.667 | AT97: =IFERROR(SUM(J97:O97)/COUNTIF(J97:O97,">0"),) | AU97: =IFERROR(SUM(P97:R97)/COUNTIF(P97:R97,">0"),) | AV97: =IFERROR(SUM(S97:X97)/COUNTIF(S97:X97,">0"),) | AW97: =IFERROR(SUM(Y97:AA97)/COUNTIF(Y97:AA97,">0"),) | AX97: =IFERROR(SUM(AB97:AG97)/COUNTIF(AB97:AG97,">0"),) | AY97: =IFERROR(SUM(AH97:AJ97)/COUNTIF(AH97:AJ97,">0"),) | AZ97: =IFERROR(SUM(AK97:AP97)/COUNTIF(AK97:AP97,">0"),) | BA97: =IFERROR(SUM(AQ97:AS97)/COUNTIF(AQ97:AS97,">0"),)
A98: Histone H1.5 OS=Mus musculus GN=Hist1h1b PE=1 SV=2 | B98: 11.4 | C98: 22576.151 | D98: 20316.22 | E98: P43276 | F98: 10 | G98: 38.57 | H98: 0 | I98: H15_MOUSE | J98: 111982.36 | K98: 130089 | L98: 151993.33 | M98: 132645.33 | N98: 100525.39 | O98: 158060.5 | P98: 140741 | Q98: 156109.73 | R98: 106249.22 | S98: 176087.92 | T98: 174365.04 | U98: 174363.33 | V98: 106840.67 | W98: 155576.68 | X98: 232551.08 | Y98: 156416.48 | Z98: 125251.44 | AA98: 156340.67 | AB98: 195624.13 | AC98: 149174.94 | AD98: 195753.93 | AE98: 180258.83 | AF98: 114958.67 | AG98: 162315.76 | AH98: 172193 | AI98: 150457.17 | AJ98: 149144 | AK98: 135295.68 | AL98: 176800.39 | AM98: 156701.62 | AN98: 151428.32 | AO98: 217100.5 | AP98: 151831.21 | AQ98: 144069.95 | AR98: 193167.65 | AS98: 165445 | AT98: =IFERROR(SUM(J98:O98)/COUNTIF(J98:O98,">0"),) | AU98: =IFERROR(SUM(P98:R98)/COUNTIF(P98:R98,">0"),) | AV98: =IFERROR(SUM(S98:X98)/COUNTIF(S98:X98,">0"),) | AW98: =IFERROR(SUM(Y98:AA98)/COUNTIF(Y98:AA98,">0"),) | AX98: =IFERROR(SUM(AB98:AG98)/COUNTIF(AB98:AG98,">0"),) | AY98: =IFERROR(SUM(AH98:AJ98)/COUNTIF(AH98:AJ98,">0"),) | AZ98: =IFERROR(SUM(AK98:AP98)/COUNTIF(AK98:AP98,">0"),) | BA98: =IFERROR(SUM(AQ98:AS98)/COUNTIF(AQ98:AS98,">0"),)
A99: Chromobox protein homolog 3 OS=Mus musculus GN=Cbx3 PE=1 SV=2 | B99: 4.94 | C99: 21026.552 | D99: 20250.33 | E99: P23198 | F99: 9 | G99: 47.54 | H99: 0 | I99: CBX3_MOUSE | J99: 51038.79 | K99: 93758.522 | L99: 98899.027 | M99: 85985.979 | N99: 87001.465 | O99: 75381.677 | P99: 98366.635 | Q99: 98106.421 | R99: 109510.08 | S99: 77087 | T99: 75518.667 | U99: 106645.33 | V99: 101801.12 | W99: 90696.333 | X99: 93075.333 | Y99: 98786.414 | Z99: 102056 | AA99: 102674 | AB99: 81574.238 | AC99: 112111.84 | AD99: 91525.293 | AE99: 96145.333 | AF99: 93191.724 | AG99: 76446.775 | AH99: 99111.054 | AI99: 99702.636 | AJ99: 104766.74 | AK99: 80235.667 | AL99: 69428.639 | AM99: 58215.553 | AN99: 97003.855 | AO99: 100917.67 | AP99: 77155 | AQ99: 82428.342 | AR99: 90939.333 | AS99: 82644 | AT99: =IFERROR(SUM(J99:O99)/COUNTIF(J99:O99,">0"),) | AU99: =IFERROR(SUM(P99:R99)/COUNTIF(P99:R99,">0"),) | AV99: =IFERROR(SUM(S99:X99)/COUNTIF(S99:X99,">0"),) | AW99: =IFERROR(SUM(Y99:AA99)/COUNTIF(Y99:AA99,">0"),) | AX99: =IFERROR(SUM(AB99:AG99)/COUNTIF(AB99:AG99,">0"),) | AY99: =IFERROR(SUM(AH99:AJ99)/COUNTIF(AH99:AJ99,">0"),) | AZ99: =IFERROR(SUM(AK99:AP99)/COUNTIF(AK99:AP99,">0"),) | BA99: =IFERROR(SUM(AQ99:AS99)/COUNTIF(AQ99:AS99,">0"),)
A100: Vesicle-associated membrane protein 2 OS=Mus musculus GN=Vamp2 PE=1 SV=2 | B100: 8.7 | C100: 12747.841 | D100: 20030.28 | E100: P63044 | F100: 3 | G100: 34.48 | H100: 0 | I100: VAMP2_MOUSE | J100: 10185.84 | K100: 30556.096 | L100: 30113.877 | M100: 31706.759 | N100: 24813.561 | O100: 25155.559 | P100: 27650.044 | Q100: 28587.705 | R100: 30555.851 | S100: 26258.392 | T100: 44374.295 | U100: 41988.825 | V100: 40512.894 | W100: 40138.618 | X100: 38644.689 | Y100: 44175.725 | Z100: 41556.865 | AA100: 26685.994 | AB100: 37885.757 | AC100: 44130.168 | AD100: 50742.566 | AE100: 33280.333 | AF100: 21748.424 | AG100: 32394.219 | AH100: 38780.18 | AI100: 35200.795 | AJ100: 36314.747 | AK100: 52282.942 | AL100: 53695.379 | AM100: 21105.134 | AN100: 25664.321 | AO100: 62318.743 | AP100: 17463.405 | AQ100: 45092.365 | AR100: 34915.235 | AS100: 27914.944 | AT100: =IFERROR(SUM(J100:O100)/COUNTIF(J100:O100,">0"),) | AU100: =IFERROR(SUM(P100:R100)/COUNTIF(P100:R100,">0"),) | AV100: =IFERROR(SUM(S100:X100)/COUNTIF(S100:X100,">0"),) | AW100: =IFERROR(SUM(Y100:AA100)/COUNTIF(Y100:AA100,">0"),) | AX100: =IFERROR(SUM(AB100:AG100)/COUNTIF(AB100:AG100,">0"),) | AY100: =IFERROR(SUM(AH100:AJ100)/COUNTIF(AH100:AJ100,">0"),) | AZ100: =IFERROR(SUM(AK100:AP100)/COUNTIF(AK100:AP100,">0"),) | BA100: =IFERROR(SUM(AQ100:AS100)/COUNTIF(AQ100:AS100,">0"),)
... A124: Reticulocalbin-2 OS=Mus musculus GN=Rcn2 PE=1 SV=1 | B124: 4.09 | C124: 37270.825 | D124: 17293.12 | E124: Q8BP92 | F124: 17 | G124: 63.75 | H124: 0 | I124: RCN2_MOUSE | J124: 20661 | K124: 72352.667 | L124: 55329 | M124: 41185.333 | N124: 58715.667 | O124: 58661 | P124: 64744.333 | Q124: 53197.333 | R124: 51483.333 | S124: 24788 | T124: 16916.667 | U124: 41675.333 | V124: 38486 | W124: 31791.333 | X124: 43908.333 | Y124: 35097.667 | Z124: 26232 | AA124: 22509.333 | AB124: 61538 | AC124: 84630 | AD124: 57416.333 | AE124: 29018.333 | AF124: 80704.333 | AG124: 67113.667 | AH124: 88692.667 | AI124: 71290.333 | AJ124: 65284.667 | AK124: 38743.333 | AL124: 31112.333 | AM124: 17038.667 | AN124: 37155.667 | AO124: 55963.667 | AP124: 25447 | AQ124: 33304 | AR124: 26803 | AS124: 19342.667 | AT124: =IFERROR(SUM(J124:O124)/COUNTIF(J124:O124,">0"),) | AU124: =IFERROR(SUM(P124:R124)/COUNTIF(P124:R124,">0"),) | AV124: =IFERROR(SUM(S124:X124)/COUNTIF(S124:X124,">0"),) | AW124: =IFERROR(SUM(Y124:AA124)/COUNTIF(Y124:AA124,">0"),) | AX124: =IFERROR(SUM(AB124:AG124)/COUNTIF(AB124:AG124,">0"),) | AY124: =IFERROR(SUM(AH124:AJ124)/COUNTIF(AH124:AJ124,">0"),) | AZ124: =IFERROR(SUM(AK124:AP124)/COUNTIF(AK124:AP124,">0"),) | BA124: =IFERROR(SUM(AQ124:AS124)/COUNTIF(AQ124:AS124,">0"),)
A125: Keratin, type I cuticular Ha4 OS=Mus musculus GN=Krt34 PE=2 SV=1 | B125: 4.56 | C125: 46213.923 | D125: 17082.06 | E125: Q9D646 | F125: 14 | G125: 34.18 | H125: 0 | I125: KRT34_MOUSE | J125: 3786 | L125: 4959 | M125: 7102 | N125: 962 | Q125: 3620 | T125: 6616 | U125: 2903 | V125: 5598 | W125: 2229 | X125: 3950 | Y125: 5439 | Z125: 3986 | AA125: 4189 | AD125: 7371 | AE125: 74867.794 | AH125: 12236.356 | AI125: 14218.506 | AJ125: 14033.736 | AK125: 5439 | AL125: 6190 | AM125: 7584 | AN125: 2790.9135 | AO125: 2238 | AP125: 7333 | AQ125: 7246 | AR125: 4685 | AS125: 4061 | AT125: =IFERROR(SUM(J125:O125)/COUNTIF(J125:O125,">0"),) | AU125: =IFERROR(SUM(P125:R125)/COUNTIF(P125:R125,">0"),) | AV125: =IFERROR(SUM(S125:X125)/COUNTIF(S125:X125,">0"),) | AW125: =IFERROR(SUM(Y125:AA125)/COUNTIF(Y125:AA125,">0"),) | AX125: =IFERROR(SUM(AB125:AG125)/COUNTIF(AB125:AG125,">0"),) | AY125: =IFERROR(SUM(AH125:AJ125)/COUNTIF(AH125:AJ125,">0"),) | AZ125: =IFERROR(SUM(AK125:AP125)/COUNTIF(AK125:AP125,">0"),) | BA125: =IFERROR(SUM(AQ125:AS125)/COUNTIF(AQ125:AS125,">0"),)
A126: Poly(rC)-binding protein 1 OS=Mus musculus GN=Pcbp1 PE=1 SV=1 | B126: 6.71 | C126: 38011.146 | D126: 17026.94 | E126: P60335 | F126: 12 | G126: 41.57 | H126: 0 | I126: PCBP1_MOUSE | J126: 58007.284 | K126: 48577.92 | L126: 45418.921 | M126: 62090.995 | N126: 51705.092 | O126: 46734.284 | P126: 54401.666 | Q126: 57895.752 | R126: 54176.921 | S126: 31786.096 | T126: 38742.667 | U126: 55305 | V126: 59037.477 | W126: 56750.924 | X126: 57188.402 | Y126: 54559.333 | Z126: 50456.667 | AA126: 50986.333 | AB126: 64463.131 | AC126: 51323.43 | AD126: 64385.995 | AE126: 34028.321 | AF126: 55341.125 | AG126: 51906.839 | AH126: 63920.864 | AI126: 59059.942 | AJ126: 63480.221 | AK126: 42418.667 | AL126: 40824.333 | AM126: 36492.667 | AN126: 51174.624 | AO126: 48570.667 | AP126: 31984.667 | AQ126: 44426 | AR126: 47643 | AS126: 47916 | AT126: =IFERROR(SUM(J126:O126)/COUNTIF(J126:O126,">0"),) | AU126: =IFERROR(SUM(P126:R126)/COUNTIF(P126:R126,">0"),) | AV126: =IFERROR(SUM(S126:X126)/COUNTIF(S126:X126,">0"),) | AW126: =IFERROR(SUM(Y126:AA126)/COUNTIF(Y126:AA126,">0"),) | AX126: =IFERROR(SUM(AB126:AG126)/COUNTIF(AB126:AG126,">0"),) | AY126: =IFERROR(SUM(AH126:AJ126)/COUNTIF(AH126:AJ126,">0"),) | AZ126: =IFERROR(SUM(AK126:AP126)/COUNTIF(AK126:AP126,">0"),) | BA126: =IFERROR(SUM(AQ126:AS126)/COUNTIF(AQ126:AS126,">0"),)
A127: 40S ribosomal protein S24 OS=Mus musculus GN=Rps24 PE=1 SV=1 | B127: 11.23 | C127: 15423.233 | D127: 16850.54 | E127: P62849 | F127: 6 | G127: 39.85 | H127: 0 | I127: RS24_MOUSE | J127: 39426 | K127: 13538 | L127: 15075.333 | M127: 28795.333 | N127: 12910 | O127: 16617 | P127: 16368.667 | Q127: 20353 | R127: 19133.667 | S127: 9746.5 | T127: 29700.667 | U127: 23810.667 | V127: 28437.333 | W127: 30590.333 | X127: 33774.667 | Y127: 26210 | Z127: 22322.333 | AA127: 16594.667 | AB127: 22728 | AC127: 16114.333 | AD127: 24904.333 | AE127: 8613 | AF127: 18682.667 | AG127: 15565.333 | AH127: 15508 | AI127: 17678.667 | AJ127: 15500.667 | AK127: 24456.333 | AL127: 33069.667 | AM127: 21731 | AN127: 28364.333 | AO127: 19407.333 | AP127: 9717.5 | AQ127: 18713.667 | AR127: 20638 | AS127: 14807 | AT127: =IFERROR(SUM(J127:O127)/COUNTIF(J127:O127,">0"),) | AU127: =IFERROR(SUM(P127:R127)/COUNTIF(P127:R127,">0"),) | AV127: =IFERROR(SUM(S127:X127)/COUNTIF(S127:X127,">0"),) | AW127: =IFERROR(SUM(Y127:AA127)/COUNTIF(Y127:AA127,">0"),) | AX127: =IFERROR(SUM(AB127:AG127)/COUNTIF(AB127:AG127,">0"),) | AY127: =IFERROR(SUM(AH127:AJ127)/COUNTIF(AH127:AJ127,">0"),) | AZ127: =IFERROR(SUM(AK127:AP127)/COUNTIF(AK127:AP127,">0"),) | BA127: =IFERROR(SUM(AQ127:AS127)/COUNTIF(AQ127:AS127,">0"),)
A128: Heterogeneous nuclear ribonucleoprotein H OS=Mus musculus GN=Hnrnph1 PE=1 SV=3 | B128: 5.85 | C128: 49484.69 | D128: 16774.53 | E128: O35737 | F128: 20 | G128: 45.88 | H128: 0 | I128: HNRH1_MOUSE | J128: 72831.005 | K128: 68307.567 | L128: 70228.299 | M128: 92874.018 | N128: 80001.114 | O128: 77110.681 | P128: 72450.388 | Q128: 90825.17 | R128: 90339.75 | S128: 84832.937 | T128: 99059.815 | U128: 136454.78 | V128: 133521.02 | W128: 139670.22 | X128: 140190.99 | Y128: 103961.8 | Z128: 127797.75 | AA128: 113518.24 | AB128: 79242.493 | AC128: 87829.514 | AD128: 86812.704 | AE128: 74474.401 | AF128: 97275.112 | AG128: 77065.469 | AH128: 76012.542 | AI128: 91099.814 | AJ128: 97440.122 | AK128: 101247.03 | AL128: 105373.93 | AM128: 81853.469 | AN128: 109939.55 | AO128: 138001.05 | AP128: 78799.101 | AQ128: 92259.584 | AR128: 101586.78 | AS128: 90986.685 | AT128: =IFERROR(SUM(J128:O128)/COUNTIF(J128:O128,">0"),) | AU128: =IFERROR(SUM(P128:R128)/COUNTIF(P128:R128,">0"),) | AV128: =IFERROR(SUM(S128:X128)/COUNTIF(S128:X128,">0"),) | AW128: =IFERROR(SUM(Y128:AA128)/COUNTIF(Y128:AA128,">0"),) | AX128: =IFERROR(SUM(AB128:AG128)/COUNTIF(AB128:AG128,">0"),) | AY128: =IFERROR(SUM(AH128:AJ128)/COUNTIF(AH128:AJ128,">0"),) | AZ128: =IFERROR(SUM(AK128:AP128)/COUNTIF(AK128:AP128,">0"),) | BA128: =IFERROR(SUM(AQ128:AS128)/COUNTIF(AQ128:AS128,">0"),)
A129: Myosin-9 OS=Mus musculus GN=Myh9 PE=1 SV=4 | B129: 5.38 | C129: 227570.06 | D129: 16750.66 | E129: Q8VDD5 | F129: 112 | G129: 54.23 | H129: 0 | I129: MYH9_MOUSE | J129: 83563 | K129: 153517.67 | L129: 115640.33 | M129: 84806 | N129: 126277.67 | O129: 124397.67 | P129: 120346.67 | Q129: 131331.33 | R129: 114243 | S129: 13545.667 | T129: 24337.333 | U129: 30920.333 | V129: 25525.333 | W129: 28617.333 | X129: 24155.333 | Y129: 24689.333 | Z129: 23609.333 | AA129: 20155.667 | AB129: 117501.33 | AC129: 172113 | AD129: 100369 | AE129: 120967 | AF129: 125612 | AG129: 127166.33 | AH129: 131068 | AI129: 131592 | AJ129: 104666.33 | AK129: 23525.667 | AL129: 32078.667 | AM129: 23830.333 | AN129: 27200.667 | AO129: 35785.667 | AP129: 20734.667 | AQ129: 18459.333 | AR129: 24006 | AS129: 23052 | AT129: =IFERROR(SUM(J129:O129)/COUNTIF(J129:O129,">0"),) | AU129: =IFERROR(SUM(P129:R129)/COUNTIF(P129:R129,">0"),) | AV129: =IFERROR(SUM(S129:X129)/COUNTIF(S129:X129,">0"),) | AW129: =IFERROR(SUM(Y129:AA129)/COUNTIF(Y129:AA129,">0"),) | AX129: =IFERROR(SUM(AB129:AG129)/COUNTIF(AB129:AG129,">0"),) | AY129: =IFERROR(SUM(AH129:AJ129)/COUNTIF(AH129:AJ129,">0"),) | AZ129: =IFERROR(SUM(AK129:AP129)/COUNTIF(AK129:AP129,">0"),) | BA129: =IFERROR(SUM(AQ129:AS129)/COUNTIF(AQ129:AS129,">0"),)
A130: Lamina-associated polypeptide 2, isoforms beta/delta/epsilon/gamma OS=Mus musculus GN=Tmpo PE=1 SV=4 | B130: 9.83 | C130: 50429.83 | D130: 16736.08 | E130: Q61029 | F130: 25 | G130: 57.52 | H130: 0 | I130: LAP2B_MOUSE | J130: 62944.177 | K130: 77534.975 | L130: 78207.612 | M130: 64417.55 | N130: 58469.289 | O130: 118923.85 | P130: 91572.959 | Q130: 92706.406 | R130: 85571.578 | S130: 99287.612 | T130: 90204.981 | U130: 109746.73 | V130: 115840.67 | W130: 112748.22 | X130: 134210.2 | Y130: 117069.31 | Z130: 122822.15 | AA130: 122911.15 | AB130: 87380.449 | AC130: 77083.098 | AD130: 95852.424 | AE130: 78779.186 | AF130: 79371.889 | AG130: 88237.202 | AH130: 86144.147 | AI130: 90733.731 | AJ130: 81734.067 | AK130: 92798.692 | AL130: 106236.69 | AM130: 81542.538 | AN130: 112590.25 | AO130: 119147.39 | AP130: 67593.496 | AQ130: 109426.24 | AR130: 108894.77 | AS130: 98946.07 | AT130: =IFERROR(SUM(J130:O130)/COUNTIF(J130:O130,">0"),) | AU130: =IFERROR(SUM(P130:R130)/COUNTIF(P130:R130,">0"),) | AV130: =IFERROR(SUM(S130:X130)/COUNTIF(S130:X130,">0"),) | AW130: =IFERROR(SUM(Y130:AA130)/COUNTIF(Y130:AA130,">0"),) | AX130: =IFERROR(SUM(AB130:AG130)/COUNTIF(AB130:AG130,">0"),) | AY130: =IFERROR(SUM(AH130:AJ130)/COUNTIF(AH130:AJ130,">0"),) | AZ130: =IFERROR(SUM(AK130:AP130)/COUNTIF(AK130:AP130,">0"),) | BA130: =IFERROR(SUM(AQ130:AS130)/COUNTIF(AQ130:AS130,">0"),)
A131: Hemoglobin subunit alpha OS=Mus musculus GN=Hba PE=1 SV=2 | B131: 8.64 | C131: 15142.222 | D131: 16612.04 | E131: P01942 | F131: 6 | G131: 46.48 | H131: 0 | I131: HBA_MOUSE | J131: 92924.482 | K131: 114702.53 | L131: 135365.33 | M131: 156316 | N131: 178231.67 | O131: 25052.344 | P131: 75929.365 | Q131: 83474.859 | R131: 90284.414 | S131: 32899.5 | T131: 33784 | U131: 12561 | V131: 9608.3333 | W131: 25282.667 | X131: 16708.667 | Y131: 18462 | Z131: 21945 | AA131: 19446.333 | AB131: 92616.667 | AC131: 88610.169 | AD131: 90482.333 | AE131: 21264.333 | AF131: 140048.32 | AG131: 92619.721 | AH131: 108957.67 | AI131: 50817.667 | AJ131: 41259 | AK131: 35012 | AL131: 39716.667 | AM131: 9538 | AN131: 21486.667 | AO131: 20464 | AP131: 27387 | AQ131: 28633.333 | AR131: 28406.333 | AS131: 35600.5 | AT131: =IFERROR(SUM(J131:O131)/COUNTIF(J131:O131,">0"),) | AU131: =IFERROR(SUM(P131:R131)/COUNTIF(P131:R131,">0"),) | AV131: =IFERROR(SUM(S131:X131)/COUNTIF(S131:X131,">0"),) | AW131: =IFERROR(SUM(Y131:AA131)/COUNTIF(Y131:AA131,">0"),) | AX131: =IFERROR(SUM(AB131:AG131)/COUNTIF(AB131:AG131,">0"),) | AY131: =IFERROR(SUM(AH131:AJ131)/COUNTIF(AH131:AJ131,">0"),) | AZ131: =IFERROR(SUM(AK131:AP131)/COUNTIF(AK131:AP131,">0"),) | BA131: =IFERROR(SUM(AQ131:AS131)/COUNTIF(AQ131:AS131,">0"),)
A132: 40S ribosomal protein S3 OS=Mus musculus GN=Rps3 PE=1 SV=1 | B132: 10.04 | C132: 26845.418 | D132: 16560.02 | E132: P62908 | F132: 15 | G132: 53.5 | H132: 0 | I132: RS3_MOUSE | J132: 77418.333 | K132: 108289.33 | L132: 120254 | M132: 109038.67 | N132: 106044.33 | O132: 120474 | P132: 114170.33 | Q132: 91765.667 | R132: 118560.33 | S132: 101221 | T132: 98286.667 | U132: 108256.67 | V132: 118319 | W132: 108449.67 | X132: 134776.67 | Y132: 115506 | Z132: 113653.33 | AA132: 112197.67 | AB132: 111996.33 | AC132: 112090 | AD132: 128318 | AE132: 107335.33 | AF132: 88504.667 | AG132: 124755.33 | AH132: 128943.33 | AI132: 129878.67 | AJ132: 117606.67 | AK132: 100960 | AL132: 95023.333 | AM132: 99090 | AN132: 108538.33 | AO132: 121147.33 | AP132: 95291.667 | AQ132: 109298 | AR132: 101599.67 | AS132: 99329.333 | AT132: =IFERROR(SUM(J132:O132)/COUNTIF(J132:O132,">0"),) | AU132: =IFERROR(SUM(P132:R132)/COUNTIF(P132:R132,">0"),) | AV132: =IFERROR(SUM(S132:X132)/COUNTIF(S132:X132,">0"),) | AW132: =IFERROR(SUM(Y132:AA132)/COUNTIF(Y132:AA132,">0"),) | AX132: =IFERROR(SUM(AB132:AG132)/COUNTIF(AB132:AG132,">0"),) | AY132: =IFERROR(SUM(AH132:AJ132)/COUNTIF(AH132:AJ132,">0"),) | AZ132: =IFERROR(SUM(AK132:AP132)/COUNTIF(AK132:AP132,">0"),) | BA132: =IFERROR(SUM(AQ132:AS132)/COUNTIF(AQ132:AS132,">0"),)
...

Sheet correlation
J1: 2017-062-01 Ihbe | K1: 2017-062-03 Ihbe | L1: 2017-062-11 Ihbe | M1: 2017-062-15 Ihbe | N1: 2017-062-21 Ihbe | O1: 2017-062-23 Ihbe | P1: 2017-062-25 Ihbe Pool 1 | Q1: 2017-062-25 Ihbe Pool 1 | R1: 2017-062-25 Ihbe Pool 1 | S1: 2017-062-02 Ihbe | T1: 2017-062-04 Ihbe | U1: 2017-062-12 Ihbe | V1: 2017-062-16 Ihbe | W1: 2017-062-22 Ihbe | X1: 2017-062-24 Ihbe | Y1: 2017-062-26 Ihbe Pool 2 | Z1: 2017-062-26 Ihbe Pool 2 | AA1: 2017-062-26 Ihbe Pool 2 | AB1: 2017-062-05 Ihbe | AC1: 2017-062-07 Ihbe | AD1: 2017-062-09 Ihbe | AE1: 2017-062-13 Ihbe | AF1: 2017-062-17 Ihbe | AG1: 2017-062-19 Ihbe | AH1: 2017-062-27 Ihbe Pool 3 | AI1: 2017-062-27 Ihbe Pool 3 | AJ1: 2017-062-27 Ihbe Pool 3 | AK1: 2017-062-06 Ihbe | AL1: 2017-062-08 Ihbe | AM1: 2017-062-10 Ihbe | AN1: 2017-062-14 Ihbe | AO1: 2017-062-18 Ihbe | AP1: 2017-062-20 Ihbe | AQ1: 2017-062-28 Ihbe Pool 4 | AR1: 2017-062-28 Ihbe Pool 4 | AS1: 2017-062-28 Ihbe Pool 4
J2: 01 Sham-GFP- 1 | K2: 01 Sham-GFP- 2 | L2: 01 Sham-GFP- 3 | M2: 01 Sham-GFP- 4 | N2: 01 Sham-GFP- 5 | O2: 01 Sham-GFP- 6 | P2: 05 Pool Sham-GFP- 1 | Q2: 05 Pool Sham-GFP- 2 | R2: 05 Pool Sham-GFP- 3 | S2: 02 Sham-GFP+ 1 | T2: 02 Sham-GFP+ 2 | U2: 02 Sham-GFP+ 3 | V2: 02 Sham-GFP+ 4 | W2: 02 Sham-GFP+ 5 | X2: 02 Sham-GFP+ 6 | Y2: 06 Pool Sham-GFP+ 1 | Z2: 06 Pool Sham-GFP+ 2 | AA2: 06 Pool Sham-GFP+ 3 | AB2: 03 Lesion-GFP- 1 | AC2: 03 Lesion-GFP- 2 | AD2: 03 Lesion-GFP- 3 | AE2: 03 Lesion-GFP- 4 | AF2: 03 Lesion-GFP- 5 | AG2: 03 Lesion-GFP- 6 | AH2: 07 Pool Lesion-GFP- 1 | AI2: 07 Pool Lesion-GFP- 2 | AJ2: 07 Pool Lesion-GFP- 3 | AK2: 04 Lesion-GFP+ 1 | AL2: 04 Lesion-GFP+ 2 | AM2: 04 Lesion-GFP+ 3 | AN2: 04 Lesion-GFP+ 4 | AO2: 04 Lesion-GFP+ 5 | AP2: 04 Lesion-GFP+ 6 | AQ2: 08 Pool Lesion-GFP+ 1 | AR2: 08 Pool Lesion-GFP+ 2 | AS2: 08 Pool Lesion-GFP+ 3
I3: 01 Sham-GFP- 1 | J3: =CORREL('TOP3 quantification'!J3:J3410,'TOP3 quantification'!J3:J3410) | K3: =CORREL('TOP3 quantification'!J3:J3410,'TOP3 quantification'!K3:K3410) | L3: =CORREL('TOP3 quantification'!J3:J3410,'TOP3 quantification'!L3:L3410) | M3: =CORREL('TOP3 quantification'!J3:J3410,'TOP3 quantification'!M3:M3410) | N3: =CORREL('TOP3 quantification'!J3:J3410,'TOP3 quantification'!N3:N3410) | O3: =CORREL('TOP3 quantification'!J3:J3410,'TOP3 quantification'!O3:O3410) | P3: =CORREL('TOP3 quantification'!J3:J3410,'TOP3 quantification'!P3:P3410) | Q3: =CORREL('TOP3 quantification'!J3:J3410,'TOP3 quantification'!Q3:Q3410) | R3: =CORREL('TOP3 quantification'!J3:J3410,'TOP3 quantification'!R3:R3410) | S3: =CORREL('TOP3 quantification'!J3:J3410,'TOP3 quantification'!S3:S3410) | T3: =CORREL('TOP3 quantification'!J3:J3410,'TOP3 quantification'!T3:T3410) | U3: =CORREL('TOP3 quantification'!J3:J3410,'TOP3 quantification'!U3:U3410) | V3: =CORREL('TOP3 quantification'!J3:J3410,'TOP3 quantification'!V3:V3410) | W3: =CORREL('TOP3 quantification'!J3:J3410,'TOP3 quantification'!W3:W3410) | X3: =CORREL('TOP3 quantification'!J3:J3410,'TOP3 quantification'!X3:X3410) | Y3: =CORREL('TOP3 quantification'!J3:J3410,'TOP3 quantification'!Y3:Y3410) | Z3: =CORREL('TOP3 quantification'!J3:J3410,'TOP3 quantification'!Z3:Z3410) | AA3: =CORREL('TOP3 quantification'!J3:J3410,'TOP3 quantification'!AA3:AA3410) | AB3: =CORREL('TOP3 quantification'!J3:J3410,'TOP3 quantification'!AB3:AB3410) | AC3: =CORREL('TOP3 quantification'!J3:J3410,'TOP3 quantification'!AC3:AC3410) | AD3: =CORREL('TOP3 quantification'!J3:J3410,'TOP3 quantification'!AD3:AD3410) | AE3: =CORREL('TOP3 quantification'!J3:J3410,'TOP3 quantification'!AE3:AE3410) | AF3: =CORREL('TOP3 quantification'!J3:J3410,'TOP3 quantification'!AF3:AF3410) | AG3: =CORREL('TOP3 quantification'!J3:J3410,'TOP3 quantification'!AG3:AG3410) | AH3: =CORREL('TOP3 quantification'!J3:J3410,'TOP3 quantification'!AH3:AH3410) | AI3: =CORREL('TOP3 quantification'!J3:J3410,'TOP3 quantification'!AI3:AI3410) | AJ3: =CORREL('TOP3 quantification'!J3:J3410,'TOP3 quantification'!AJ3:AJ3410) | AK3: =CORREL('TOP3 quantification'!J3:J3410,'TOP3 quantification'!AK3:AK3410) | AL3: =CORREL('TOP3 quantification'!J3:J3410,'TOP3 quantification'!AL3:AL3410) | AM3: =CORREL('TOP3 quantification'!J3:J3410,'TOP3 quantification'!AM3:AM3410) | AN3: =CORREL('TOP3 quantification'!J3:J3410,'TOP3 quantification'!AN3:AN3410) | AO3: =CORREL('TOP3 quantification'!J3:J3410,'TOP3 quantification'!AO3:AO3410) | AP3: =CORREL('TOP3 quantification'!J3:J3410,'TOP3 quantification'!AP3:AP3410) | AQ3: =CORREL('TOP3 quantification'!J3:J3410,'TOP3 quantification'!AQ3:AQ3410) | AR3: =CORREL('TOP3 quantification'!J3:J3410,'TOP3 quantification'!AR3:AR3410) | AS3: =CORREL('TOP3 quantification'!J3:J3410,'TOP3 quantification'!AS3:AS3410)
I4: 01 Sham-GFP- 2 | J4: =CORREL('TOP3 quantification'!K3:K3410,'TOP3 quantification'!J3:J3410) | K4: =CORREL('TOP3 quantification'!K3:K3410,'TOP3 quantification'!K3:K3410) | L4: =CORREL('TOP3 quantification'!K3:K3410,'TOP3 quantification'!L3:L3410) | M4: =CORREL('TOP3 quantification'!K3:K3410,'TOP3 quantification'!M3:M3410) | N4: =CORREL('TOP3 quantification'!K3:K3410,'TOP3 quantification'!N3:N3410) | O4: =CORREL('TOP3 quantification'!K3:K3410,'TOP3 quantification'!O3:O3410) | P4: =CORREL('TOP3 quantification'!K3:K3410,'TOP3 quantification'!P3:P3410) | Q4: =CORREL('TOP3 quantification'!K3:K3410,'TOP3 quantification'!Q3:Q3410) | R4: =CORREL('TOP3 quantification'!K3:K3410,'TOP3 quantification'!R3:R3410) | S4: =CORREL('TOP3 quantification'!K3:K3410,'TOP3 quantification'!S3:S3410) | T4: =CORREL('TOP3 quantification'!K3:K3410,'TOP3 quantification'!T3:T3410) | U4: =CORREL('TOP3 quantification'!K3:K3410,'TOP3 quantification'!U3:U3410) | V4: =CORREL('TOP3 quantification'!K3:K3410,'TOP3 quantification'!V3:V3410) | W4: =CORREL('TOP3 quantification'!K3:K3410,'TOP3 quantification'!W3:W3410) | X4: =CORREL('TOP3 quantification'!K3:K3410,'TOP3 quantification'!X3:X3410) | Y4: =CORREL('TOP3 quantification'!K3:K3410,'TOP3 quantification'!Y3:Y3410) | Z4: =CORREL('TOP3 quantification'!K3:K3410,'TOP3 quantification'!Z3:Z3410) | AA4: =CORREL('TOP3 quantification'!K3:K3410,'TOP3 quantification'!AA3:AA3410) | AB4: =CORREL('TOP3 quantification'!K3:K3410,'TOP3 quantification'!AB3:AB3410) | AC4: =CORREL('TOP3 quantification'!K3:K3410,'TOP3 quantification'!AC3:AC3410) | AD4: =CORREL('TOP3 quantification'!K3:K3410,'TOP3 quantification'!AD3:AD3410) | AE4: =CORREL('TOP3 quantification'!K3:K3410,'TOP3 quantification'!AE3:AE3410) | AF4: =CORREL('TOP3 quantification'!K3:K3410,'TOP3 quantification'!AF3:AF3410) | AG4: =CORREL('TOP3 quantification'!K3:K3410,'TOP3 quantification'!AG3:AG3410) | AH4: =CORREL('TOP3 quantification'!K3:K3410,'TOP3 quantification'!AH3:AH3410) | AI4: =CORREL('TOP3 quantification'!K3:K3410,'TOP3 quantification'!AI3:AI3410) | AJ4: =CORREL('TOP3 quantification'!K3:K3410,'TOP3 quantification'!AJ3:AJ3410) | AK4: =CORREL('TOP3 quantification'!K3:K3410,'TOP3 quantification'!AK3:AK3410) | AL4: =CORREL('TOP3 quantification'!K3:K3410,'TOP3 quantification'!AL3:AL3410) | AM4: =CORREL('TOP3 quantification'!K3:K3410,'TOP3 quantification'!AM3:AM3410) | AN4: =CORREL('TOP3 quantification'!K3:K3410,'TOP3 quantification'!AN3:AN3410) | AO4: =CORREL('TOP3 quantification'!K3:K3410,'TOP3 quantification'!AO3:AO3410) | AP4: =CORREL('TOP3 quantification'!K3:K3410,'TOP3 quantification'!AP3:AP3410) | AQ4: =CORREL('TOP3 quantification'!K3:K3410,'TOP3 quantification'!AQ3:AQ3410) | AR4: =CORREL('TOP3 quantification'!K3:K3410,'TOP3 quantification'!AR3:AR3410) | AS4: =CORREL('TOP3 quantification'!K3:K3410,'TOP3 quantification'!AS3:AS3410)
I5: 01 Sham-GFP- 3 | J5: =CORREL('TOP3 quantification'!L3:L3410,'TOP3 quantification'!J3:J3410) | K5: =CORREL('TOP3 quantification'!L3:L3410,'TOP3 quantification'!K3:K3410) | L5: =CORREL('TOP3 quantification'!L3:L3410,'TOP3 quantification'!L3:L3410) | M5: =CORREL('TOP3 quantification'!L3:L3410,'TOP3 quantification'!M3:M3410) | N5: =CORREL('TOP3 quantification'!L3:L3410,'TOP3 quantification'!N3:N3410) | O5: =CORREL('TOP3 quantification'!L3:L3410,'TOP3 quantification'!O3:O3410) | P5: =CORREL('TOP3 quantification'!L3:L3410,'TOP3 quantification'!P3:P3410) | Q5: =CORREL('TOP3 quantification'!L3:L3410,'TOP3 quantification'!Q3:Q3410) | R5: =CORREL('TOP3 quantification'!L3:L3410,'TOP3 quantification'!R3:R3410) | S5: =CORREL('TOP3 quantification'!L3:L3410,'TOP3 quantification'!S3:S3410) | T5: =CORREL('TOP3 quantification'!L3:L3410,'TOP3 quantification'!T3:T3410) | U5: =CORREL('TOP3 quantification'!L3:L3410,'TOP3 quantification'!U3:U3410) | V5: =CORREL('TOP3 quantification'!L3:L3410,'TOP3 quantification'!V3:V3410) | W5: =CORREL('TOP3 quantification'!L3:L3410,'TOP3 quantification'!W3:W3410) | X5: =CORREL('TOP3 quantification'!L3:L3410,'TOP3 quantification'!X3:X3410) | Y5: =CORREL('TOP3 quantification'!L3:L3410,'TOP3 quantification'!Y3:Y3410) | Z5: =CORREL('TOP3 quantification'!L3:L3410,'TOP3 quantification'!Z3:Z3410) | AA5: =CORREL('TOP3 quantification'!L3:L3410,'TOP3 quantification'!AA3:AA3410) | AB5: =CORREL('TOP3 quantification'!L3:L3410,'TOP3 quantification'!AB3:AB3410) | AC5: =CORREL('TOP3 quantification'!L3:L3410,'TOP3 quantification'!AC3:AC3410) | AD5: =CORREL('TOP3 quantification'!L3:L3410,'TOP3 quantification'!AD3:AD3410) | AE5: =CORREL('TOP3 quantification'!L3:L3410,'TOP3 quantification'!AE3:AE3410) | AF5: =CORREL('TOP3 quantification'!L3:L3410,'TOP3 quantification'!AF3:AF3410) | AG5: =CORREL('TOP3 quantification'!L3:L3410,'TOP3 quantification'!AG3:AG3410) | AH5: =CORREL('TOP3 quantification'!L3:L3410,'TOP3 quantification'!AH3:AH3410) | AI5: =CORREL('TOP3 quantification'!L3:L3410,'TOP3 quantification'!AI3:AI3410) | AJ5: =CORREL('TOP3 quantification'!L3:L3410,'TOP3 quantification'!AJ3:AJ3410) | AK5: =CORREL('TOP3 quantification'!L3:L3410,'TOP3 quantification'!AK3:AK3410) | AL5: =CORREL('TOP3 quantification'!L3:L3410,'TOP3 quantification'!AL3:AL3410) | AM5: =CORREL('TOP3 quantification'!L3:L3410,'TOP3 quantification'!AM3:AM3410) | AN5: =CORREL('TOP3 quantification'!L3:L3410,'TOP3 quantification'!AN3:AN3410) | AO5: =CORREL('TOP3 quantification'!L3:L3410,'TOP3 quantification'!AO3:AO3410) | AP5: =CORREL('TOP3 quantification'!L3:L3410,'TOP3 quantification'!AP3:AP3410) | AQ5: =CORREL('TOP3 quantification'!L3:L3410,'TOP3 quantification'!AQ3:AQ3410) | AR5: =CORREL('TOP3 quantification'!L3:L3410,'TOP3 quantification'!AR3:AR3410) | AS5: =CORREL('TOP3 quantification'!L3:L3410,'TOP3 quantification'!AS3:AS3410)
I6: 01 Sham-GFP- 4 | J6: =CORREL('TOP3 quantification'!M3:M3410,'TOP3 quantification'!J3:J3410) | K6: =CORREL('TOP3 quantification'!M3:M3410,'TOP3 quantification'!K3:K3410) | L6: =CORREL('TOP3 quantification'!M3:M3410,'TOP3 quantification'!L3:L3410) | M6: =CORREL('TOP3 quantification'!M3:M3410,'TOP3 quantification'!M3:M3410) | N6: =CORREL('TOP3 quantification'!M3:M3410,'TOP3 quantification'!N3:N3410) | O6: =CORREL('TOP3 quantification'!M3:M3410,'TOP3 quantification'!O3:O3410) | P6: =CORREL('TOP3 quantification'!M3:M3410,'TOP3 quantification'!P3:P3410) | Q6: =CORREL('TOP3 quantification'!M3:M3410,'TOP3 quantification'!Q3:Q3410) | R6: =CORREL('TOP3 quantification'!M3:M3410,'TOP3 quantification'!R3:R3410) | S6: =CORREL('TOP3 quantification'!M3:M3410,'TOP3 quantification'!S3:S3410) | T6: =CORREL('TOP3 quantification'!M3:M3410,'TOP3 quantification'!T3:T3410) | U6: =CORREL('TOP3 quantification'!M3:M3410,'TOP3 quantification'!U3:U3410) | V6: =CORREL('TOP3 quantification'!M3:M3410,'TOP3 quantification'!V3:V3410) | W6: =CORREL('TOP3 quantification'!M3:M3410,'TOP3 quantification'!W3:W3410) | X6: =CORREL('TOP3 quantification'!M3:M3410,'TOP3 quantification'!X3:X3410) | Y6: =CORREL('TOP3 quantification'!M3:M3410,'TOP3 quantification'!Y3:Y3410) | Z6: =CORREL('TOP3 quantification'!M3:M3410,'TOP3 quantification'!Z3:Z3410) | AA6: =CORREL('TOP3 quantification'!M3:M3410,'TOP3 quantification'!AA3:AA3410) | AB6: =CORREL('TOP3 quantification'!M3:M3410,'TOP3 quantification'!AB3:AB3410) | AC6: =CORREL('TOP3 quantification'!M3:M3410,'TOP3 quantification'!AC3:AC3410) | AD6: =CORREL('TOP3 quantification'!M3:M3410,'TOP3 quantification'!AD3:AD3410) | AE6: =CORREL('TOP3 quantification'!M3:M3410,'TOP3 quantification'!AE3:AE3410) | AF6: =CORREL('TOP3 quantification'!M3:M3410,'TOP3 quantification'!AF3:AF3410) | AG6: =CORREL('TOP3 quantification'!M3:M3410,'TOP3 quantification'!AG3:AG3410) | AH6: =CORREL('TOP3 quantification'!M3:M3410,'TOP3 quantification'!AH3:AH3410) | AI6: =CORREL('TOP3 quantification'!M3:M3410,'TOP3 quantification'!AI3:AI3410) | AJ6: =CORREL('TOP3 quantification'!M3:M3410,'TOP3 quantification'!AJ3:AJ3410) | AK6: =CORREL('TOP3 quantification'!M3:M3410,'TOP3 quantification'!AK3:AK3410) | AL6: =CORREL('TOP3 quantification'!M3:M3410,'TOP3 quantification'!AL3:AL3410) | AM6: =CORREL('TOP3 quantification'!M3:M3410,'TOP3 quantification'!AM3:AM3410) | AN6: =CORREL('TOP3 quantification'!M3:M3410,'TOP3 quantification'!AN3:AN3410) | AO6: =CORREL('TOP3 quantification'!M3:M3410,'TOP3 quantification'!AO3:AO3410) | AP6: =CORREL('TOP3 quantification'!M3:M3410,'TOP3 quantification'!AP3:AP3410) | AQ6: =CORREL('TOP3 quantification'!M3:M3410,'TOP3 quantification'!AQ3:AQ3410) | AR6: =CORREL('TOP3 quantification'!M3:M3410,'TOP3 quantification'!AR3:AR3410) | AS6: =CORREL('TOP3 quantification'!M3:M3410,'TOP3 quantification'!AS3:AS3410)
I7: 01 Sham-GFP- 5 | J7: =CORREL('TOP3 quantification'!N3:N3410,'TOP3 quantification'!J3:J3410) | K7: =CORREL('TOP3 quantification'!N3:N3410,'TOP3 quantification'!K3:K3410) | L7: =CORREL('TOP3 quantification'!N3:N3410,'TOP3 quantification'!L3:L3410) | M7: =CORREL('TOP3 quantification'!N3:N3410,'TOP3 quantification'!M3:M3410) | N7: =CORREL('TOP3 quantification'!N3:N3410,'TOP3 quantification'!N3:N3410) | O7: =CORREL('TOP3 quantification'!N3:N3410,'TOP3 quantification'!O3:O3410) | P7: =CORREL('TOP3 quantification'!N3:N3410,'TOP3 quantification'!P3:P3410) | Q7: =CORREL('TOP3 quantification'!N3:N3410,'TOP3 quantification'!Q3:Q3410) | R7: =CORREL('TOP3 quantification'!N3:N3410,'TOP3 quantification'!R3:R3410) | S7: =CORREL('TOP3 quantification'!N3:N3410,'TOP3 quantification'!S3:S3410) | T7: =CORREL('TOP3 quantification'!N3:N3410,'TOP3 quantification'!T3:T3410) | U7: =CORREL('TOP3 quantification'!N3:N3410,'TOP3 quantification'!U3:U3410) | V7: =CORREL('TOP3 quantification'!N3:N3410,'TOP3 quantification'!V3:V3410) | W7: =CORREL('TOP3 quantification'!N3:N3410,'TOP3 quantification'!W3:W3410) | X7: =CORREL('TOP3 quantification'!N3:N3410,'TOP3 quantification'!X3:X3410) | Y7: =CORREL('TOP3 quantification'!N3:N3410,'TOP3 quantification'!Y3:Y3410) | Z7: =CORREL('TOP3 quantification'!N3:N3410,'TOP3 quantification'!Z3:Z3410) | AA7: =CORREL('TOP3 quantification'!N3:N3410,'TOP3 quantification'!AA3:AA3410) | AB7: =CORREL('TOP3 quantification'!N3:N3410,'TOP3 quantification'!AB3:AB3410) | AC7: =CORREL('TOP3 quantification'!N3:N3410,'TOP3 quantification'!AC3:AC3410) | AD7: =CORREL('TOP3 quantification'!N3:N3410,'TOP3 quantification'!AD3:AD3410) | AE7: =CORREL('TOP3 quantification'!N3:N3410,'TOP3 quantification'!AE3:AE3410) | AF7: =CORREL('TOP3 quantification'!N3:N3410,'TOP3 quantification'!AF3:AF3410) | AG7: =CORREL('TOP3 quantification'!N3:N3410,'TOP3 quantification'!AG3:AG3410) | AH7: =CORREL('TOP3 quantification'!N3:N3410,'TOP3 quantification'!AH3:AH3410) | AI7: =CORREL('TOP3 quantification'!N3:N3410,'TOP3 quantification'!AI3:AI3410) | AJ7: =CORREL('TOP3 quantification'!N3:N3410,'TOP3 quantification'!AJ3:AJ3410) | AK7: =CORREL('TOP3 quantification'!N3:N3410,'TOP3 quantification'!AK3:AK3410) | AL7: =CORREL('TOP3 quantification'!N3:N3410,'TOP3 quantification'!AL3:AL3410) | AM7: =CORREL('TOP3 quantification'!N3:N3410,'TOP3 quantification'!AM3:AM3410) | AN7: =CORREL('TOP3 quantification'!N3:N3410,'TOP3 quantification'!AN3:AN3410) | AO7: =CORREL('TOP3 quantification'!N3:N3410,'TOP3 quantification'!AO3:AO3410) | AP7: =CORREL('TOP3 quantification'!N3:N3410,'TOP3 quantification'!AP3:AP3410) | AQ7: =CORREL('TOP3 quantification'!N3:N3410,'TOP3 quantification'!AQ3:AQ3410) | AR7: =CORREL('TOP3 quantification'!N3:N3410,'TOP3 quantification'!AR3:AR3410) | AS7: =CORREL('TOP3 quantification'!N3:N3410,'TOP3 quantification'!AS3:AS3410)
I8: 01 Sham-GFP- 6 | J8: =CORREL('TOP3 quantification'!O3:O3410,'TOP3 quantification'!J3:J3410) | K8: =CORREL('TOP3 quantification'!O3:O3410,'TOP3 quantification'!K3:K3410) | L8: =CORREL('TOP3 quantification'!O3:O3410,'TOP3 quantification'!L3:L3410) | M8: =CORREL('TOP3 quantification'!O3:O3410,'TOP3 quantification'!M3:M3410) | N8: =CORREL('TOP3 quantification'!O3:O3410,'TOP3 quantification'!N3:N3410) | O8: =CORREL('TOP3 quantification'!O3:O3410,'TOP3 quantification'!O3:O3410) | P8: =CORREL('TOP3 quantification'!O3:O3410,'TOP3 quantification'!P3:P3410) | Q8: =CORREL('TOP3 quantification'!O3:O3410,'TOP3 quantification'!Q3:Q3410) | R8: =CORREL('TOP3 quantification'!O3:O3410,'TOP3 quantification'!R3:R3410) | S8: =CORREL('TOP3 quantification'!O3:O3410,'TOP3 quantification'!S3:S3410) | T8: =CORREL('TOP3 quantification'!O3:O3410,'TOP3 quantification'!T3:T3410) | U8: =CORREL('TOP3 quantification'!O3:O3410,'TOP3 quantification'!U3:U3410) | V8: =CORREL('TOP3 quantification'!O3:O3410,'TOP3 quantification'!V3:V3410) | W8: =CORREL('TOP3 quantification'!O3:O3410,'TOP3 quantification'!W3:W3410) | X8: =CORREL('TOP3 quantification'!O3:O3410,'TOP3 quantification'!X3:X3410) | Y8: =CORREL('TOP3 quantification'!O3:O3410,'TOP3 quantification'!Y3:Y3410) | Z8: =CORREL('TOP3 quantification'!O3:O3410,'TOP3 quantification'!Z3:Z3410) | AA8: =CORREL('TOP3 quantification'!O3:O3410,'TOP3 quantification'!AA3:AA3410) | AB8: =CORREL('TOP3 quantification'!O3:O3410,'TOP3 quantification'!AB3:AB3410) | AC8: =CORREL('TOP3 quantification'!O3:O3410,'TOP3 quantification'!AC3:AC3410) | AD8: =CORREL('TOP3 quantification'!O3:O3410,'TOP3 quantification'!AD3:AD3410) | AE8: =CORREL('TOP3 quantification'!O3:O3410,'TOP3 quantification'!AE3:AE3410) | AF8: =CORREL('TOP3 quantification'!O3:O3410,'TOP3 quantification'!AF3:AF3410) | AG8: =CORREL('TOP3 quantification'!O3:O3410,'TOP3 quantification'!AG3:AG3410) | AH8: =CORREL('TOP3 quantification'!O3:O3410,'TOP3 quantification'!AH3:AH3410) | AI8: =CORREL('TOP3 quantification'!O3:O3410,'TOP3 quantification'!AI3:AI3410) | AJ8: =CORREL('TOP3 quantification'!O3:O3410,'TOP3 quantification'!AJ3:AJ3410) | AK8: =CORREL('TOP3 quantification'!O3:O3410,'TOP3 quantification'!AK3:AK3410) | AL8: =CORREL('TOP3 quantification'!O3:O3410,'TOP3 quantification'!AL3:AL3410) | AM8: =CORREL('TOP3 quantification'!O3:O3410,'TOP3 quantification'!AM3:AM3410) | AN8: =CORREL('TOP3 quantification'!O3:O3410,'TOP3 quantification'!AN3:AN3410) | AO8: =CORREL('TOP3 quantification'!O3:O3410,'TOP3 quantification'!AO3:AO3410) | AP8: =CORREL('TOP3 quantification'!O3:O3410,'TOP3 quantification'!AP3:AP3410) | AQ8: =CORREL('TOP3 quantification'!O3:O3410,'TOP3 quantification'!AQ3:AQ3410) | AR8: =CORREL('TOP3 quantification'!O3:O3410,'TOP3 quantification'!AR3:AR3410) | AS8: =CORREL('TOP3 quantification'!O3:O3410,'TOP3 quantification'!AS3:AS3410)
I9: 05 Pool Sham-GFP- 1 | J9: =CORREL('TOP3 quantification'!P3:P3410,'TOP3 quantification'!J3:J3410) | K9: =CORREL('TOP3 quantification'!P3:P3410,'TOP3 quantification'!K3:K3410) | L9: =CORREL('TOP3 quantification'!P3:P3410,'TOP3 quantification'!L3:L3410) | M9: =CORREL('TOP3 quantification'!P3:P3410,'TOP3 quantification'!M3:M3410) | N9: =CORREL('TOP3 quantification'!P3:P3410,'TOP3 quantification'!N3:N3410) | O9: =CORREL('TOP3 quantification'!P3:P3410,'TOP3 quantification'!O3:O3410) | P9: =CORREL('TOP3 quantification'!P3:P3410,'TOP3 quantification'!P3:P3410) | Q9: =CORREL('TOP3 quantification'!P3:P3410,'TOP3 quantification'!Q3:Q3410) | R9: =CORREL('TOP3 quantification'!P3:P3410,'TOP3 quantification'!R3:R3410) | S9: =CORREL('TOP3 quantification'!P3:P3410,'TOP3 quantification'!S3:S3410) | T9: =CORREL('TOP3 quantification'!P3:P3410,'TOP3 quantification'!T3:T3410) | U9: =CORREL('TOP3 quantification'!P3:P3410,'TOP3 quantification'!U3:U3410) | V9: =CORREL('TOP3 quantification'!P3:P3410,'TOP3 quantification'!V3:V3410) | W9: =CORREL('TOP3 quantification'!P3:P3410,'TOP3 quantification'!W3:W3410) | X9: =CORREL('TOP3 quantification'!P3:P3410,'TOP3 quantification'!X3:X3410) | Y9: =CORREL('TOP3 quantification'!P3:P3410,'TOP3 quantification'!Y3:Y3410) | Z9: =CORREL('TOP3 quantification'!P3:P3410,'TOP3 quantification'!Z3:Z3410) | AA9: =CORREL('TOP3 quantification'!P3:P3410,'TOP3 quantification'!AA3:AA3410) | AB9: =CORREL('TOP3 quantification'!P3:P3410,'TOP3 quantification'!AB3:AB3410) | AC9: =CORREL('TOP3 quantification'!P3:P3410,'TOP3 quantification'!AC3:AC3410) | AD9: =CORREL('TOP3 quantification'!P3:P3410,'TOP3 quantification'!AD3:AD3410) | AE9: =CORREL('TOP3 quantification'!P3:P3410,'TOP3 quantification'!AE3:AE3410) | AF9: =CORREL('TOP3 quantification'!P3:P3410,'TOP3 quantification'!AF3:AF3410) | AG9: =CORREL('TOP3 quantification'!P3:P3410,'TOP3 quantification'!AG3:AG3410) | AH9: =CORREL('TOP3 quantification'!P3:P3410,'TOP3 quantification'!AH3:AH3410) | AI9: =CORREL('TOP3 quantification'!P3:P3410,'TOP3 quantification'!AI3:AI3410) | AJ9: =CORREL('TOP3 quantification'!P3:P3410,'TOP3 quantification'!AJ3:AJ3410) | AK9: =CORREL('TOP3 quantification'!P3:P3410,'TOP3 quantification'!AK3:AK3410) | AL9: =CORREL('TOP3 quantification'!P3:P3410,'TOP3 quantification'!AL3:AL3410) | AM9: =CORREL('TOP3 quantification'!P3:P3410,'TOP3 quantification'!AM3:AM3410) | AN9: =CORREL('TOP3 quantification'!P3:P3410,'TOP3 quantification'!AN3:AN3410) | AO9: =CORREL('TOP3 quantification'!P3:P3410,'TOP3 quantification'!AO3:AO3410) | AP9: =CORREL('TOP3 quantification'!P3:P3410,'TOP3 quantification'!AP3:AP3410) | AQ9: =CORREL('TOP3 quantification'!P3:P3410,'TOP3 quantification'!AQ3:AQ3410) | AR9: =CORREL('TOP3 quantification'!P3:P3410,'TOP3 quantification'!AR3:AR3410) | AS9: =CORREL('TOP3 quantification'!P3:P3410,'TOP3 quantification'!AS3:AS3410)
I10: 05 Pool Sham-GFP- 2 | J10: =CORREL('TOP3 quantification'!Q3:Q3410,'TOP3 quantification'!J3:J3410) | K10: =CORREL('TOP3 quantification'!Q3:Q3410,'TOP3 quantification'!K3:K3410) | L10: =CORREL('TOP3 quantification'!Q3:Q3410,'TOP3 quantification'!L3:L3410) | M10: =CORREL('TOP3 quantification'!Q3:Q3410,'TOP3 quantification'!M3:M3410) | N10: =CORREL('TOP3 quantification'!Q3:Q3410,'TOP3 quantification'!N3:N3410) | O10: =CORREL('TOP3 quantification'!Q3:Q3410,'TOP3 quantification'!O3:O3410) | P10: =CORREL('TOP3 quantification'!Q3:Q3410,'TOP3 quantification'!P3:P3410) | Q10: =CORREL('TOP3 quantification'!Q3:Q3410,'TOP3 quantification'!Q3:Q3410) | R10: =CORREL('TOP3 quantification'!Q3:Q3410,'TOP3 quantification'!R3:R3410) | S10: =CORREL('TOP3 quantification'!Q3:Q3410,'TOP3 quantification'!S3:S3410) | T10: =CORREL('TOP3 quantification'!Q3:Q3410,'TOP3 quantification'!T3:T3410) | U10: =CORREL('TOP3 quantification'!Q3:Q3410,'TOP3 quantification'!U3:U3410) | V10: =CORREL('TOP3 quantification'!Q3:Q3410,'TOP3 quantification'!V3:V3410) | W10: =CORREL('TOP3 quantification'!Q3:Q3410,'TOP3 quantification'!W3:W3410) | X10: =CORREL('TOP3 quantification'!Q3:Q3410,'TOP3 quantification'!X3:X3410) | Y10: =CORREL('TOP3 quantification'!Q3:Q3410,'TOP3 quantification'!Y3:Y3410) | Z10: =CORREL('TOP3 quantification'!Q3:Q3410,'TOP3 quantification'!Z3:Z3410) | AA10: =CORREL('TOP3 quantification'!Q3:Q3410,'TOP3 quantification'!AA3:AA3410) | AB10: =CORREL('TOP3 quantification'!Q3:Q3410,'TOP3 quantification'!AB3:AB3410) | AC10: =CORREL('TOP3 quantification'!Q3:Q3410,'TOP3 quantification'!AC3:AC3410) | AD10: =CORREL('TOP3 quantification'!Q3:Q3410,'TOP3 quantification'!AD3:AD3410) | AE10: =CORREL('TOP3 quantification'!Q3:Q3410,'TOP3 quantification'!AE3:AE3410) | AF10: =CORREL('TOP3 quantification'!Q3:Q3410,'TOP3 quantification'!AF3:AF3410) | AG10: =CORREL('TOP3 quantification'!Q3:Q3410,'TOP3 quantification'!AG3:AG3410) | AH10: =CORREL('TOP3 quantification'!Q3:Q3410,'TOP3 quantification'!AH3:AH3410) | AI10: =CORREL('TOP3 quantification'!Q3:Q3410,'TOP3 quantification'!AI3:AI3410) | AJ10: =CORREL('TOP3 quantification'!Q3:Q3410,'TOP3 quantification'!AJ3:AJ3410) | AK10: =CORREL('TOP3 quantification'!Q3:Q3410,'TOP3 quantification'!AK3:AK3410) | AL10: =CORREL('TOP3 quantification'!Q3:Q3410,'TOP3 quantification'!AL3:AL3410) | AM10: =CORREL('TOP3 quantification'!Q3:Q3410,'TOP3 quantification'!AM3:AM3410) | AN10: =CORREL('TOP3 quantification'!Q3:Q3410,'TOP3 quantification'!AN3:AN3410) | AO10: =CORREL('TOP3 quantification'!Q3:Q3410,'TOP3 quantification'!AO3:AO3410) | AP10: =CORREL('TOP3 quantification'!Q3:Q3410,'TOP3 quantification'!AP3:AP3410) | AQ10: =CORREL('TOP3 quantification'!Q3:Q3410,'TOP3 quantification'!AQ3:AQ3410) | AR10: =CORREL('TOP3 quantification'!Q3:Q3410,'TOP3 quantification'!AR3:AR3410) | AS10: =CORREL('TOP3 quantification'!Q3:Q3410,'TOP3 quantification'!AS3:AS3410)
I11: 05 Pool Sham-GFP- 3 | J11: =CORREL('TOP3 quantification'!R3:R3410,'TOP3 quantification'!J3:J3410) | K11: =CORREL('TOP3 quantification'!R3:R3410,'TOP3 quantification'!K3:K3410) | L11: =CORREL('TOP3 quantification'!R3:R3410,'TOP3 quantification'!L3:L3410) | M11: =CORREL('TOP3 quantification'!R3:R3410,'TOP3 quantification'!M3:M3410) | N11: =CORREL('TOP3 quantification'!R3:R3410,'TOP3 quantification'!N3:N3410) | O11: =CORREL('TOP3 quantification'!R3:R3410,'TOP3 quantification'!O3:O3410) | P11: =CORREL('TOP3 quantification'!R3:R3410,'TOP3 quantification'!P3:P3410) | Q11: =CORREL('TOP3 quantification'!R3:R3410,'TOP3 quantification'!Q3:Q3410) | R11: =CORREL('TOP3 quantification'!R3:R3410,'TOP3 quantification'!R3:R3410) | S11: =CORREL('TOP3 quantification'!R3:R3410,'TOP3 quantification'!S3:S3410) | T11: =CORREL('TOP3 quantification'!R3:R3410,'TOP3 quantification'!T3:T3410) | U11: =CORREL('TOP3 quantification'!R3:R3410,'TOP3 quantification'!U3:U3410) | V11: =CORREL('TOP3 quantification'!R3:R3410,'TOP3 quantification'!V3:V3410) | W11: =CORREL('TOP3 quantification'!R3:R3410,'TOP3 quantification'!W3:W3410) | X11: =CORREL('TOP3 quantification'!R3:R3410,'TOP3 quantification'!X3:X3410) | Y11: =CORREL('TOP3 quantification'!R3:R3410,'TOP3 quantification'!Y3:Y3410) | Z11: =CORREL('TOP3 quantification'!R3:R3410,'TOP3 quantification'!Z3:Z3410) | AA11: =CORREL('TOP3 quantification'!R3:R3410,'TOP3 quantification'!AA3:AA3410) | AB11: =CORREL('TOP3 quantification'!R3:R3410,'TOP3 quantification'!AB3:AB3410) | AC11: =CORREL('TOP3 quantification'!R3:R3410,'TOP3 quantification'!AC3:AC3410) | AD11: =CORREL('TOP3 quantification'!R3:R3410,'TOP3 quantification'!AD3:AD3410) | AE11: =CORREL('TOP3 quantification'!R3:R3410,'TOP3 quantification'!AE3:AE3410) | AF11: =CORREL('TOP3 quantification'!R3:R3410,'TOP3 quantification'!AF3:AF3410) | AG11: =CORREL('TOP3 quantification'!R3:R3410,'TOP3 quantification'!AG3:AG3410) | AH11: =CORREL('TOP3 quantification'!R3:R3410,'TOP3 quantification'!AH3:AH3410) | AI11: =CORREL('TOP3 quantification'!R3:R3410,'TOP3 quantification'!AI3:AI3410) | AJ11: =CORREL('TOP3 quantification'!R3:R3410,'TOP3 quantification'!AJ3:AJ3410) | AK11: =CORREL('TOP3 quantification'!R3:R3410,'TOP3 quantification'!AK3:AK3410) | AL11: =CORREL('TOP3 quantification'!R3:R3410,'TOP3 quantification'!AL3:AL3410) | AM11: =CORREL('TOP3 quantification'!R3:R3410,'TOP3 quantification'!AM3:AM3410) | AN11: =CORREL('TOP3 quantification'!R3:R3410,'TOP3 quantification'!AN3:AN3410) | AO11: =CORREL('TOP3 quantification'!R3:R3410,'TOP3 quantification'!AO3:AO3410) | AP11: =CORREL('TOP3 quantification'!R3:R3410,'TOP3 quantification'!AP3:AP3410) | AQ11: =CORREL('TOP3 quantification'!R3:R3410,'TOP3 quantification'!AQ3:AQ3410) | AR11: =CORREL('TOP3 quantification'!R3:R3410,'TOP3 quantification'!AR3:AR3410) | AS11: =CORREL('TOP3 quantification'!R3:R3410,'TOP3 quantification'!AS3:AS3410)
I12: 02 Sham-GFP+ 1 | J12: =CORREL('TOP3 quantification'!S3:S3410,'TOP3 quantification'!J3:J3410) | K12: =CORREL('TOP3 quantification'!S3:S3410,'TOP3 quantification'!K3:K3410) | L12: =CORREL('TOP3 quantification'!S3:S3410,'TOP3 quantification'!L3:L3410) | M12: =CORREL('TOP3 quantification'!S3:S3410,'TOP3 quantification'!M3:M3410) | N12: =CORREL('TOP3 quantification'!S3:S3410,'TOP3 quantification'!N3:N3410) | O12: =CORREL('TOP3 quantification'!S3:S3410,'TOP3 quantification'!O3:O3410) | P12: =CORREL('TOP3 quantification'!S3:S3410,'TOP3 quantification'!P3:P3410) | Q12: =CORREL('TOP3 quantification'!S3:S3410,'TOP3 quantification'!Q3:Q3410) | R12: =CORREL('TOP3 quantification'!S3:S3410,'TOP3 quantification'!R3:R3410) | S12: =CORREL('TOP3 quantification'!S3:S3410,'TOP3 quantification'!S3:S3410) | T12: =CORREL('TOP3 quantification'!S3:S3410,'TOP3 quantification'!T3:T3410) | U12: =CORREL('TOP3 quantification'!S3:S3410,'TOP3 quantification'!U3:U3410) | V12: =CORREL('TOP3 quantification'!S3:S3410,'TOP3 quantification'!V3:V3410) | W12: =CORREL('TOP3 quantification'!S3:S3410,'TOP3 quantification'!W3:W3410) | X12: =CORREL('TOP3 quantification'!S3:S3410,'TOP3 quantification'!X3:X3410) | Y12: =CORREL('TOP3 quantification'!S3:S3410,'TOP3 quantification'!Y3:Y3410) | Z12: =CORREL('TOP3 quantification'!S3:S3410,'TOP3 quantification'!Z3:Z3410) | AA12: =CORREL('TOP3 quantification'!S3:S3410,'TOP3 quantification'!AA3:AA3410) | AB12: =CORREL('TOP3 quantification'!S3:S3410,'TOP3 quantification'!AB3:AB3410) | AC12: =CORREL('TOP3 quantification'!S3:S3410,'TOP3 quantification'!AC3:AC3410) | AD12: =CORREL('TOP3 quantification'!S3:S3410,'TOP3 quantification'!AD3:AD3410) | AE12: =CORREL('TOP3 quantification'!S3:S3410,'TOP3 quantification'!AE3:AE3410) | AF12: =CORREL('TOP3 quantification'!S3:S3410,'TOP3 quantification'!AF3:AF3410) | AG12: =CORREL('TOP3 quantification'!S3:S3410,'TOP3 quantification'!AG3:AG3410) | AH12: =CORREL('TOP3 quantification'!S3:S3410,'TOP3 quantification'!AH3:AH3410) | AI12: =CORREL('TOP3 quantification'!S3:S3410,'TOP3 quantification'!AI3:AI3410) | AJ12: =CORREL('TOP3 quantification'!S3:S3410,'TOP3 quantification'!AJ3:AJ3410) | AK12: =CORREL('TOP3 quantification'!S3:S3410,'TOP3 quantification'!AK3:AK3410) | AL12: =CORREL('TOP3 quantification'!S3:S3410,'TOP3 quantification'!AL3:AL3410) | AM12: =CORREL('TOP3 quantification'!S3:S3410,'TOP3 quantification'!AM3:AM3410) | AN12: =CORREL('TOP3 quantification'!S3:S3410,'TOP3 quantification'!AN3:AN3410) | AO12: =CORREL('TOP3 quantification'!S3:S3410,'TOP3 quantification'!AO3:AO3410) | AP12: =CORREL('TOP3 quantification'!S3:S3410,'TOP3 quantification'!AP3:AP3410) | AQ12: =CORREL('TOP3 quantification'!S3:S3410,'TOP3 quantification'!AQ3:AQ3410) | AR12: =CORREL('TOP3 quantification'!S3:S3410,'TOP3 quantification'!AR3:AR3410) | AS12: =CORREL('TOP3 quantification'!S3:S3410,'TOP3 quantification'!AS3:AS3410)
I13: 02 Sham-GFP+ 2 | J13: =CORREL('TOP3 quantification'!T3:T3410,'TOP3 quantification'!J3:J3410) | K13: =CORREL('TOP3 quantification'!T3:T3410,'TOP3 quantification'!K3:K3410) | L13: =CORREL('TOP3 quantification'!T3:T3410,'TOP3 quantification'!L3:L3410) | M13: =CORREL('TOP3 quantification'!T3:T3410,'TOP3 quantification'!M3:M3410) | N13: =CORREL('TOP3 quantification'!T3:T3410,'TOP3 quantification'!N3:N3410) | O13: =CORREL('TOP3 quantification'!T3:T3410,'TOP3 quantification'!O3:O3410) | P13: =CORREL('TOP3 quantification'!T3:T3410,'TOP3 quantification'!P3:P3410) | Q13: =CORREL('TOP3 quantification'!T3:T3410,'TOP3 quantification'!Q3:Q3410) | R13: =CORREL('TOP3 quantification'!T3:T3410,'TOP3 quantification'!R3:R3410) | S13: =CORREL('TOP3 quantification'!T3:T3410,'TOP3 quantification'!S3:S3410) | T13: =CORREL('TOP3 quantification'!T3:T3410,'TOP3 quantification'!T3:T3410) | U13: =CORREL('TOP3 quantification'!T3:T3410,'TOP3 quantification'!U3:U3410) | V13: =CORREL('TOP3 quantification'!T3:T3410,'TOP3 quantification'!V3:V3410) | W13: =CORREL('TOP3 quantification'!T3:T3410,'TOP3 quantification'!W3:W3410) | X13: =CORREL('TOP3 quantification'!T3:T3410,'TOP3 quantification'!X3:X3410) | Y13: =CORREL('TOP3 quantification'!T3:T3410,'TOP3 quantification'!Y3:Y3410) | Z13: =CORREL('TOP3 quantification'!T3:T3410,'TOP3 quantification'!Z3:Z3410) | AA13: =CORREL('TOP3 quantification'!T3:T3410,'TOP3 quantification'!AA3:AA3410) | AB13: =CORREL('TOP3 quantification'!T3:T3410,'TOP3 quantification'!AB3:AB3410) | AC13: =CORREL('TOP3 quantification'!T3:T3410,'TOP3 quantification'!AC3:AC3410) | AD13: =CORREL('TOP3 quantification'!T3:T3410,'TOP3 quantification'!AD3:AD3410) | AE13: =CORREL('TOP3 quantification'!T3:T3410,'TOP3 quantification'!AE3:AE3410) | AF13: =CORREL('TOP3 quantification'!T3:T3410,'TOP3 quantification'!AF3:AF3410) | AG13: =CORREL('TOP3 quantification'!T3:T3410,'TOP3 quantification'!AG3:AG3410) | AH13: =CORREL('TOP3 quantification'!T3:T3410,'TOP3 quantification'!AH3:AH3410) | AI13: =CORREL('TOP3 quantification'!T3:T3410,'TOP3 quantification'!AI3:AI3410) | AJ13: =CORREL('TOP3 quantification'!T3:T3410,'TOP3 quantification'!AJ3:AJ3410) | AK13: =CORREL('TOP3 quantification'!T3:T3410,'TOP3 quantification'!AK3:AK3410) | AL13: =CORREL('TOP3 quantification'!T3:T3410,'TOP3 quantification'!AL3:AL3410) | AM13: =CORREL('TOP3 quantification'!T3:T3410,'TOP3 quantification'!AM3:AM3410) | AN13: =CORREL('TOP3 quantification'!T3:T3410,'TOP3 quantification'!AN3:AN3410) | AO13: =CORREL('TOP3 quantification'!T3:T3410,'TOP3 quantification'!AO3:AO3410) | AP13: =CORREL('TOP3 quantification'!T3:T3410,'TOP3 quantification'!AP3:AP3410) | AQ13: =CORREL('TOP3 quantification'!T3:T3410,'TOP3 quantification'!AQ3:AQ3410) | AR13: =CORREL('TOP3 quantification'!T3:T3410,'TOP3 quantification'!AR3:AR3410) | AS13: =CORREL('TOP3 quantification'!T3:T3410,'TOP3 quantification'!AS3:AS3410)
I14: 02 Sham-GFP+ 3 | J14: =CORREL('TOP3 quantification'!U3:U3410,'TOP3 quantification'!J3:J3410) | K14: =CORREL('TOP3 quantification'!U3:U3410,'TOP3 quantification'!K3:K3410) | L14: =CORREL('TOP3 quantification'!U3:U3410,'TOP3 quantification'!L3:L3410) | M14: =CORREL('TOP3 quantification'!U3:U3410,'TOP3 quantification'!M3:M3410) | N14: =CORREL('TOP3 quantification'!U3:U3410,'TOP3 quantification'!N3:N3410) | O14: =CORREL('TOP3 quantification'!U3:U3410,'TOP3 quantification'!O3:O3410) | P14: =CORREL('TOP3 quantification'!U3:U3410,'TOP3 quantification'!P3:P3410) | Q14: =CORREL('TOP3 quantification'!U3:U3410,'TOP3 quantification'!Q3:Q3410) | R14: =CORREL('TOP3 quantification'!U3:U3410,'TOP3 quantification'!R3:R3410) | S14: =CORREL('TOP3 quantification'!U3:U3410,'TOP3 quantification'!S3:S3410) | T14: =CORREL('TOP3 quantification'!U3:U3410,'TOP3 quantification'!T3:T3410) | U14: =CORREL('TOP3 quantification'!U3:U3410,'TOP3 quantification'!U3:U3410) | V14: =CORREL('TOP3 quantification'!U3:U3410,'TOP3 quantification'!V3:V3410) | W14: =CORREL('TOP3 quantification'!U3:U3410,'TOP3 quantification'!W3:W3410) | X14: =CORREL('TOP3 quantification'!U3:U3410,'TOP3 quantification'!X3:X3410) | Y14: =CORREL('TOP3 quantification'!U3:U3410,'TOP3 quantification'!Y3:Y3410) | Z14: =CORREL('TOP3 quantification'!U3:U3410,'TOP3 quantification'!Z3:Z3410) | AA14: =CORREL('TOP3 quantification'!U3:U3410,'TOP3 quantification'!AA3:AA3410) | AB14: =CORREL('TOP3 quantification'!U3:U3410,'TOP3 quantification'!AB3:AB3410) | AC14: =CORREL('TOP3 quantification'!U3:U3410,'TOP3 quantification'!AC3:AC3410) | AD14: =CORREL('TOP3 quantification'!U3:U3410,'TOP3 quantification'!AD3:AD3410) | AE14: =CORREL('TOP3 quantification'!U3:U3410,'TOP3 quantification'!AE3:AE3410) | AF14: =CORREL('TOP3 quantification'!U3:U3410,'TOP3 quantification'!AF3:AF3410) | AG14: =CORREL('TOP3 quantification'!U3:U3410,'TOP3 quantification'!AG3:AG3410) | AH14: =CORREL('TOP3 quantification'!U3:U3410,'TOP3 quantification'!AH3:AH3410) | AI14: =CORREL('TOP3 quantification'!U3:U3410,'TOP3 quantification'!AI3:AI3410) | AJ14: =CORREL('TOP3 quantification'!U3:U3410,'TOP3 quantification'!AJ3:AJ3410) | AK14: =CORREL('TOP3 quantification'!U3:U3410,'TOP3 quantification'!AK3:AK3410) | AL14: =CORREL('TOP3 quantification'!U3:U3410,'TOP3 quantification'!AL3:AL3410) | AM14: =CORREL('TOP3 quantification'!U3:U3410,'TOP3 quantification'!AM3:AM3410) | AN14: =CORREL('TOP3 quantification'!U3:U3410,'TOP3 quantification'!AN3:AN3410) | AO14: =CORREL('TOP3 quantification'!U3:U3410,'TOP3 quantification'!AO3:AO3410) | AP14: =CORREL('TOP3 quantification'!U3:U3410,'TOP3 quantification'!AP3:AP3410) | AQ14: =CORREL('TOP3 quantification'!U3:U3410,'TOP3 quantification'!AQ3:AQ3410) | AR14: =CORREL('TOP3 quantification'!U3:U3410,'TOP3 quantification'!AR3:AR3410) | AS14: =CORREL('TOP3 quantification'!U3:U3410,'TOP3 quantification'!AS3:AS3410)
I15: 02 Sham-GFP+ 4 | J15: =CORREL('TOP3 quantification'!V3:V3410,'TOP3 quantification'!J3:J3410) | K15: =CORREL('TOP3 quantification'!V3:V3410,'TOP3 quantification'!K3:K3410) | L15: =CORREL('TOP3 quantification'!V3:V3410,'TOP3 quantification'!L3:L3410) | M15: =CORREL('TOP3 quantification'!V3:V3410,'TOP3 quantification'!M3:M3410) | N15: =CORREL('TOP3 quantification'!V3:V3410,'TOP3 quantification'!N3:N3410) | O15: =CORREL('TOP3 quantification'!V3:V3410,'TOP3 quantification'!O3:O3410) | P15: =CORREL('TOP3 quantification'!V3:V3410,'TOP3 quantification'!P3:P3410) | Q15: =CORREL('TOP3 quantification'!V3:V3410,'TOP3 quantification'!Q3:Q3410) | R15: =CORREL('TOP3 quantification'!V3:V3410,'TOP3 quantification'!R3:R3410) | S15: =CORREL('TOP3 quantification'!V3:V3410,'TOP3 quantification'!S3:S3410) | T15: =CORREL('TOP3 quantification'!V3:V3410,'TOP3 quantification'!T3:T3410) | U15: =CORREL('TOP3 quantification'!V3:V3410,'TOP3 quantification'!U3:U3410) | V15: =CORREL('TOP3 quantification'!V3:V3410,'TOP3 quantification'!V3:V3410) | W15: =CORREL('TOP3 quantification'!V3:V3410,'TOP3 quantification'!W3:W3410) | X15: =CORREL('TOP3 quantification'!V3:V3410,'TOP3 quantification'!X3:X3410) | Y15: =CORREL('TOP3 quantification'!V3:V3410,'TOP3 quantification'!Y3:Y3410) | Z15: =CORREL('TOP3 quantification'!V3:V3410,'TOP3 quantification'!Z3:Z3410) | AA15: =CORREL('TOP3 quantification'!V3:V3410,'TOP3 quantification'!AA3:AA3410) | AB15: =CORREL('TOP3 quantification'!V3:V3410,'TOP3 quantification'!AB3:AB3410) | AC15: =CORREL('TOP3 quantification'!V3:V3410,'TOP3 quantification'!AC3:AC3410) | AD15: =CORREL('TOP3 quantification'!V3:V3410,'TOP3 quantification'!AD3:AD3410) | AE15: =CORREL('TOP3 quantification'!V3:V3410,'TOP3 quantification'!AE3:AE3410) | AF15: =CORREL('TOP3 quantification'!V3:V3410,'TOP3 quantification'!AF3:AF3410) | AG15: =CORREL('TOP3 quantification'!V3:V3410,'TOP3 quantification'!AG3:AG3410) | AH15: =CORREL('TOP3 quantification'!V3:V3410,'TOP3 quantification'!AH3:AH3410) | AI15: =CORREL('TOP3 quantification'!V3:V3410,'TOP3 quantification'!AI3:AI3410) | AJ15: =CORREL('TOP3 quantification'!V3:V3410,'TOP3 quantification'!AJ3:AJ3410) | AK15: =CORREL('TOP3 quantification'!V3:V3410,'TOP3 quantification'!AK3:AK3410) | AL15: =CORREL('TOP3 quantification'!V3:V3410,'TOP3 quantification'!AL3:AL3410) | AM15: =CORREL('TOP3 quantification'!V3:V3410,'TOP3 quantification'!AM3:AM3410) | AN15: =CORREL('TOP3 quantification'!V3:V3410,'TOP3 quantification'!AN3:AN3410) | AO15: =CORREL('TOP3 quantification'!V3:V3410,'TOP3 quantification'!AO3:AO3410) | AP15: =CORREL('TOP3 quantification'!V3:V3410,'TOP3 quantification'!AP3:AP3410) | AQ15: =CORREL('TOP3 quantification'!V3:V3410,'TOP3 quantification'!AQ3:AQ3410) | AR15: =CORREL('TOP3 quantification'!V3:V3410,'TOP3 quantification'!AR3:AR3410) | AS15: =CORREL('TOP3 quantification'!V3:V3410,'TOP3 quantification'!AS3:AS3410)
I16: 02 Sham-GFP+ 5 | J16: =CORREL('TOP3 quantification'!W3:W3410,'TOP3 quantification'!J3:J3410) | K16: =CORREL('TOP3 quantification'!W3:W3410,'TOP3 quantification'!K3:K3410) | L16: =CORREL('TOP3 quantification'!W3:W3410,'TOP3 quantification'!L3:L3410) | M16: =CORREL('TOP3 quantification'!W3:W3410,'TOP3 quantification'!M3:M3410) | N16: =CORREL('TOP3 quantification'!W3:W3410,'TOP3 quantification'!N3:N3410) | O16: =CORREL('TOP3 quantification'!W3:W3410,'TOP3 quantification'!O3:O3410) | P16: =CORREL('TOP3 quantification'!W3:W3410,'TOP3 quantification'!P3:P3410) | Q16: =CORREL('TOP3 quantification'!W3:W3410,'TOP3 quantification'!Q3:Q3410) | R16: =CORREL('TOP3 quantification'!W3:W3410,'TOP3 quantification'!R3:R3410) | S16: =CORREL('TOP3 quantification'!W3:W3410,'TOP3 quantification'!S3:S3410) | T16: =CORREL('TOP3 quantification'!W3:W3410,'TOP3 quantification'!T3:T3410) | U16: =CORREL('TOP3 quantification'!W3:W3410,'TOP3 quantification'!U3:U3410) | V16: =CORREL('TOP3 quantification'!W3:W3410,'TOP3 quantification'!V3:V3410) | W16: =CORREL('TOP3 quantification'!W3:W3410,'TOP3 quantification'!W3:W3410) | X16: =CORREL('TOP3 quantification'!W3:W3410,'TOP3 quantification'!X3:X3410) | Y16: =CORREL('TOP3 quantification'!W3:W3410,'TOP3 quantification'!Y3:Y3410) | Z16: =CORREL('TOP3 quantification'!W3:W3410,'TOP3 quantification'!Z3:Z3410) | AA16: =CORREL('TOP3 quantification'!W3:W3410,'TOP3 quantification'!AA3:AA3410) | AB16: =CORREL('TOP3 quantification'!W3:W3410,'TOP3 quantification'!AB3:AB3410) | AC16: =CORREL('TOP3 quantification'!W3:W3410,'TOP3 quantification'!AC3:AC3410) | AD16: =CORREL('TOP3 quantification'!W3:W3410,'TOP3 quantification'!AD3:AD3410) | AE16: =CORREL('TOP3 quantification'!W3:W3410,'TOP3 quantification'!AE3:AE3410) | AF16: =CORREL('TOP3 quantification'!W3:W3410,'TOP3 quantification'!AF3:AF3410) | AG16: =CORREL('TOP3 quantification'!W3:W3410,'TOP3 quantification'!AG3:AG3410) | AH16: =CORREL('TOP3 quantification'!W3:W3410,'TOP3 quantification'!AH3:AH3410) | AI16: =CORREL('TOP3 quantification'!W3:W3410,'TOP3 quantification'!AI3:AI3410) | AJ16: =CORREL('TOP3 quantification'!W3:W3410,'TOP3 quantification'!AJ3:AJ3410) | AK16: =CORREL('TOP3 quantification'!W3:W3410,'TOP3 quantification'!AK3:AK3410) | AL16: =CORREL('TOP3 quantification'!W3:W3410,'TOP3 quantification'!AL3:AL3410) | AM16: =CORREL('TOP3 quantification'!W3:W3410,'TOP3 quantification'!AM3:AM3410) | AN16: =CORREL('TOP3 quantification'!W3:W3410,'TOP3 quantification'!AN3:AN3410) | AO16: =CORREL('TOP3 quantification'!W3:W3410,'TOP3 quantification'!AO3:AO3410) | AP16: =CORREL('TOP3 quantification'!W3:W3410,'TOP3 quantification'!AP3:AP3410) | AQ16: =CORREL('TOP3 quantification'!W3:W3410,'TOP3 quantification'!AQ3:AQ3410) | AR16: =CORREL('TOP3 quantification'!W3:W3410,'TOP3 quantification'!AR3:AR3410) | AS16: =CORREL('TOP3 quantification'!W3:W3410,'TOP3 quantification'!AS3:AS3410)
I17: 02 Sham-GFP+ 6 | J17: =CORREL('TOP3 quantification'!X3:X3410,'TOP3 quantification'!J3:J3410) | K17: =CORREL('TOP3 quantification'!X3:X3410,'TOP3 quantification'!K3:K3410) | L17: =CORREL('TOP3 quantification'!X3:X3410,'TOP3 quantification'!L3:L3410) | M17: =CORREL('TOP3 quantification'!X3:X3410,'TOP3 quantification'!M3:M3410) | N17: =CORREL('TOP3 quantification'!X3:X3410,'TOP3 quantification'!N3:N3410) | O17: =CORREL('TOP3 quantification'!X3:X3410,'TOP3 quantification'!O3:O3410) | P17: =CORREL('TOP3 quantification'!X3:X3410,'TOP3 quantification'!P3:P3410) | Q17: =CORREL('TOP3 quantification'!X3:X3410,'TOP3 quantification'!Q3:Q3410) | R17: =CORREL('TOP3 quantification'!X3:X3410,'TOP3 quantification'!R3:R3410) | S17: =CORREL('TOP3 quantification'!X3:X3410,'TOP3 quantification'!S3:S3410) | T17: =CORREL('TOP3 quantification'!X3:X3410,'TOP3 quantification'!T3:T3410) | U17: =CORREL('TOP3 quantification'!X3:X3410,'TOP3 quantification'!U3:U3410) | V17: =CORREL('TOP3 quantification'!X3:X3410,'TOP3 quantification'!V3:V3410) | W17: =CORREL('TOP3 quantification'!X3:X3410,'TOP3 quantification'!W3:W3410) | X17: =CORREL('TOP3 quantification'!X3:X3410,'TOP3 quantification'!X3:X3410) | Y17: =CORREL('TOP3 quantification'!X3:X3410,'TOP3 quantification'!Y3:Y3410) | Z17: =CORREL('TOP3 quantification'!X3:X3410,'TOP3 quantification'!Z3:Z3410) | AA17: =CORREL('TOP3 quantification'!X3:X3410,'TOP3 quantification'!AA3:AA3410) | AB17: =CORREL('TOP3 quantification'!X3:X3410,'TOP3 quantification'!AB3:AB3410) | AC17: =CORREL('TOP3 quantification'!X3:X3410,'TOP3 quantification'!AC3:AC3410) | AD17: =CORREL('TOP3 quantification'!X3:X3410,'TOP3 quantification'!AD3:AD3410) | AE17: =CORREL('TOP3 quantification'!X3:X3410,'TOP3 quantification'!AE3:AE3410) | AF17: =CORREL('TOP3 quantification'!X3:X3410,'TOP3 quantification'!AF3:AF3410) | AG17: =CORREL('TOP3 quantification'!X3:X3410,'TOP3 quantification'!AG3:AG3410) | AH17: =CORREL('TOP3 quantification'!X3:X3410,'TOP3 quantification'!AH3:AH3410) | AI17: =CORREL('TOP3 quantification'!X3:X3410,'TOP3 quantification'!AI3:AI3410) | AJ17: =CORREL('TOP3 quantification'!X3:X3410,'TOP3 quantification'!AJ3:AJ3410) | AK17: =CORREL('TOP3 quantification'!X3:X3410,'TOP3 quantification'!AK3:AK3410) | AL17: =CORREL('TOP3 quantification'!X3:X3410,'TOP3 quantification'!AL3:AL3410) | AM17: =CORREL('TOP3 quantification'!X3:X3410,'TOP3 quantification'!AM3:AM3410) | AN17: =CORREL('TOP3 quantification'!X3:X3410,'TOP3 quantification'!AN3:AN3410) | AO17: =CORREL('TOP3 quantification'!X3:X3410,'TOP3 quantification'!AO3:AO3410) | AP17: =CORREL('TOP3 quantification'!X3:X3410,'TOP3 quantification'!AP3:AP3410) | AQ17: =CORREL('TOP3 quantification'!X3:X3410,'TOP3 quantification'!AQ3:AQ3410) | AR17: =CORREL('TOP3 quantification'!X3:X3410,'TOP3 quantification'!AR3:AR3410) | AS17: =CORREL('TOP3 quantification'!X3:X3410,'TOP3 quantification'!AS3:AS3410)
I18: 06 Pool Sham-GFP+ 1 | J18: =CORREL('TOP3 quantification'!Y3:Y3410,'TOP3 quantification'!J3:J3410) | K18: =CORREL('TOP3 quantification'!Y3:Y3410,'TOP3 quantification'!K3:K3410) | L18: =CORREL('TOP3 quantification'!Y3:Y3410,'TOP3 quantification'!L3:L3410) | M18: =CORREL('TOP3 quantification'!Y3:Y3410,'TOP3 quantification'!M3:M3410) | N18: =CORREL('TOP3 quantification'!Y3:Y3410,'TOP3 quantification'!N3:N3410) | O18: =CORREL('TOP3 quantification'!Y3:Y3410,'TOP3 quantification'!O3:O3410) | P18: =CORREL('TOP3 quantification'!Y3:Y3410,'TOP3 quantification'!P3:P3410) | Q18: =CORREL('TOP3 quantification'!Y3:Y3410,'TOP3 quantification'!Q3:Q3410) | R18: =CORREL('TOP3 quantification'!Y3:Y3410,'TOP3 quantification'!R3:R3410) | S18: =CORREL('TOP3 quantification'!Y3:Y3410,'TOP3 quantification'!S3:S3410) | T18: =CORREL('TOP3 quantification'!Y3:Y3410,'TOP3 quantification'!T3:T3410) | U18: =CORREL('TOP3 quantification'!Y3:Y3410,'TOP3 quantification'!U3:U3410) | V18: =CORREL('TOP3 quantification'!Y3:Y3410,'TOP3 quantification'!V3:V3410) | W18: =CORREL('TOP3 quantification'!Y3:Y3410,'TOP3 quantification'!W3:W3410) | X18: =CORREL('TOP3 quantification'!Y3:Y3410,'TOP3 quantification'!X3:X3410) | Y18: =CORREL('TOP3 quantification'!Y3:Y3410,'TOP3 quantification'!Y3:Y3410) | Z18: =CORREL('TOP3 quantification'!Y3:Y3410,'TOP3 quantification'!Z3:Z3410) | AA18: =CORREL('TOP3 quantification'!Y3:Y3410,'TOP3 quantification'!AA3:AA3410) | AB18: =CORREL('TOP3 quantification'!Y3:Y3410,'TOP3 quantification'!AB3:AB3410) | AC18: =CORREL('TOP3 quantification'!Y3:Y3410,'TOP3 quantification'!AC3:AC3410) | AD18: =CORREL('TOP3 quantification'!Y3:Y3410,'TOP3 quantification'!AD3:AD3410) | AE18: =CORREL('TOP3 quantification'!Y3:Y3410,'TOP3 quantification'!AE3:AE3410) | AF18: =CORREL('TOP3 quantification'!Y3:Y3410,'TOP3 quantification'!AF3:AF3410) | AG18: =CORREL('TOP3 quantification'!Y3:Y3410,'TOP3 quantification'!AG3:AG3410) | AH18: =CORREL('TOP3 quantification'!Y3:Y3410,'TOP3 quantification'!AH3:AH3410) | AI18: =CORREL('TOP3 quantification'!Y3:Y3410,'TOP3 quantification'!AI3:AI3410) | AJ18: =CORREL('TOP3 quantification'!Y3:Y3410,'TOP3 quantification'!AJ3:AJ3410) | AK18: =CORREL('TOP3 quantification'!Y3:Y3410,'TOP3 quantification'!AK3:AK3410) | AL18: =CORREL('TOP3 quantification'!Y3:Y3410,'TOP3 quantification'!AL3:AL3410) | AM18: =CORREL('TOP3 quantification'!Y3:Y3410,'TOP3 quantification'!AM3:AM3410) | AN18: =CORREL('TOP3 quantification'!Y3:Y3410,'TOP3 quantification'!AN3:AN3410) | AO18: =CORREL('TOP3 quantification'!Y3:Y3410,'TOP3 quantification'!AO3:AO3410) | AP18: =CORREL('TOP3 quantification'!Y3:Y3410,'TOP3 quantification'!AP3:AP3410) | AQ18: =CORREL('TOP3 quantification'!Y3:Y3410,'TOP3 quantification'!AQ3:AQ3410) | AR18: =CORREL('TOP3 quantification'!Y3:Y3410,'TOP3 quantification'!AR3:AR3410) | AS18: =CORREL('TOP3 quantification'!Y3:Y3410,'TOP3 quantification'!AS3:AS3410)
I19: 06 Pool Sham-GFP+ 2 | J19: =CORREL('TOP3 quantification'!Z3:Z3410,'TOP3 quantification'!J3:J3410) | K19: =CORREL('TOP3 quantification'!Z3:Z3410,'TOP3 quantification'!K3:K3410) | L19: =CORREL('TOP3 quantification'!Z3:Z3410,'TOP3 quantification'!L3:L3410) | M19: =CORREL('TOP3 quantification'!Z3:Z3410,'TOP3 quantification'!M3:M3410) | N19: =CORREL('TOP3 quantification'!Z3:Z3410,'TOP3 quantification'!N3:N3410) | O19: =CORREL('TOP3 quantification'!Z3:Z3410,'TOP3 quantification'!O3:O3410) | P19: =CORREL('TOP3 quantification'!Z3:Z3410,'TOP3 quantification'!P3:P3410) | Q19: =CORREL('TOP3 quantification'!Z3:Z3410,'TOP3 quantification'!Q3:Q3410) | R19: =CORREL('TOP3 quantification'!Z3:Z3410,'TOP3 quantification'!R3:R3410) | S19: =CORREL('TOP3 quantification'!Z3:Z3410,'TOP3 quantification'!S3:S3410) | T19: =CORREL('TOP3 quantification'!Z3:Z3410,'TOP3 quantification'!T3:T3410) | U19: =CORREL('TOP3 quantification'!Z3:Z3410,'TOP3 quantification'!U3:U3410) | V19: =CORREL('TOP3 quantification'!Z3:Z3410,'TOP3 quantification'!V3:V3410) | W19: =CORREL('TOP3 quantification'!Z3:Z3410,'TOP3 quantification'!W3:W3410) | X19: =CORREL('TOP3 quantification'!Z3:Z3410,'TOP3 quantification'!X3:X3410) | Y19: =CORREL('TOP3 quantification'!Z3:Z3410,'TOP3 quantification'!Y3:Y3410) | Z19: =CORREL('TOP3 quantification'!Z3:Z3410,'TOP3 quantification'!Z3:Z3410) | AA19: =CORREL('TOP3 quantification'!Z3:Z3410,'TOP3 quantification'!AA3:AA3410) | AB19: =CORREL('TOP3 quantification'!Z3:Z3410,'TOP3 quantification'!AB3:AB3410) | AC19: =CORREL('TOP3 quantification'!Z3:Z3410,'TOP3 quantification'!AC3:AC3410) | AD19: =CORREL('TOP3 quantification'!Z3:Z3410,'TOP3 quantification'!AD3:AD3410) | AE19: =CORREL('TOP3 quantification'!Z3:Z3410,'TOP3 quantification'!AE3:AE3410) | AF19: =CORREL('TOP3 quantification'!Z3:Z3410,'TOP3 quantification'!AF3:AF3410) | AG19: =CORREL('TOP3 quantification'!Z3:Z3410,'TOP3 quantification'!AG3:AG3410) | AH19: =CORREL('TOP3 quantification'!Z3:Z3410,'TOP3 quantification'!AH3:AH3410) | AI19: =CORREL('TOP3 quantification'!Z3:Z3410,'TOP3 quantification'!AI3:AI3410) | AJ19: =CORREL('TOP3 quantification'!Z3:Z3410,'TOP3 quantification'!AJ3:AJ3410) | AK19: =CORREL('TOP3 quantification'!Z3:Z3410,'TOP3 quantification'!AK3:AK3410) | AL19: =CORREL('TOP3 quantification'!Z3:Z3410,'TOP3 quantification'!AL3:AL3410) | AM19: =CORREL('TOP3 quantification'!Z3:Z3410,'TOP3 quantification'!AM3:AM3410) | AN19: =CORREL('TOP3 quantification'!Z3:Z3410,'TOP3 quantification'!AN3:AN3410) | AO19: =CORREL('TOP3 quantification'!Z3:Z3410,'TOP3 quantification'!AO3:AO3410) | AP19: =CORREL('TOP3 quantification'!Z3:Z3410,'TOP3 quantification'!AP3:AP3410) | AQ19: =CORREL('TOP3 quantification'!Z3:Z3410,'TOP3 quantification'!AQ3:AQ3410) | AR19: =CORREL('TOP3 quantification'!Z3:Z3410,'TOP3 quantification'!AR3:AR3410) | AS19: =CORREL('TOP3 quantification'!Z3:Z3410,'TOP3 quantification'!AS3:AS3410)
I20: 06 Pool Sham-GFP+ 3 | J20: =CORREL('TOP3 quantification'!AA3:AA3410,'TOP3 quantification'!J3:J3410) | K20: =CORREL('TOP3 quantification'!AA3:AA3410,'TOP3 quantification'!K3:K3410) | L20: =CORREL('TOP3 quantification'!AA3:AA3410,'TOP3 quantification'!L3:L3410) | M20: =CORREL('TOP3 quantification'!AA3:AA3410,'TOP3 quantification'!M3:M3410) | N20: =CORREL('TOP3 quantification'!AA3:AA3410,'TOP3 quantification'!N3:N3410) | O20: =CORREL('TOP3 quantification'!AA3:AA3410,'TOP3 quantification'!O3:O3410) | P20: =CORREL('TOP3 quantification'!AA3:AA3410,'TOP3 quantification'!P3:P3410) | Q20: =CORREL('TOP3 quantification'!AA3:AA3410,'TOP3 quantification'!Q3:Q3410) | R20: =CORREL('TOP3 quantification'!AA3:AA3410,'TOP3 quantification'!R3:R3410) | S20: =CORREL('TOP3 quantification'!AA3:AA3410,'TOP3 quantification'!S3:S3410) | T20: =CORREL('TOP3 quantification'!AA3:AA3410,'TOP3 quantification'!T3:T3410) | U20: =CORREL('TOP3 quantification'!AA3:AA3410,'TOP3 quantification'!U3:U3410) | V20: =CORREL('TOP3 quantification'!AA3:AA3410,'TOP3 quantification'!V3:V3410) | W20: =CORREL('TOP3 quantification'!AA3:AA3410,'TOP3 quantification'!W3:W3410) | X20: =CORREL('TOP3 quantification'!AA3:AA3410,'TOP3 quantification'!X3:X3410) | Y20: =CORREL('TOP3 quantification'!AA3:AA3410,'TOP3 quantification'!Y3:Y3410) | Z20: =CORREL('TOP3 quantification'!AA3:AA3410,'TOP3 quantification'!Z3:Z3410) | AA20: =CORREL('TOP3 quantification'!AA3:AA3410,'TOP3 quantification'!AA3:AA3410) | AB20: =CORREL('TOP3 quantification'!AA3:AA3410,'TOP3 quantification'!AB3:AB3410) | AC20: =CORREL('TOP3 quantification'!AA3:AA3410,'TOP3 quantification'!AC3:AC3410) | AD20: =CORREL('TOP3 quantification'!AA3:AA3410,'TOP3 quantification'!AD3:AD3410) | AE20: =CORREL('TOP3 quantification'!AA3:AA3410,'TOP3 quantification'!AE3:AE3410) | AF20: =CORREL('TOP3 quantification'!AA3:AA3410,'TOP3 quantification'!AF3:AF3410) | AG20: =CORREL('TOP3 quantification'!AA3:AA3410,'TOP3 quantification'!AG3:AG3410) | AH20: =CORREL('TOP3 quantification'!AA3:AA3410,'TOP3 quantification'!AH3:AH3410) | AI20: =CORREL('TOP3 quantification'!AA3:AA3410,'TOP3 quantification'!AI3:AI3410) | AJ20: =CORREL('TOP3 quantification'!AA3:AA3410,'TOP3 quantification'!AJ3:AJ3410) | AK20: =CORREL('TOP3 quantification'!AA3:AA3410,'TOP3 quantification'!AK3:AK3410) | AL20: =CORREL('TOP3 quantification'!AA3:AA3410,'TOP3 quantification'!AL3:AL3410) | AM20: =CORREL('TOP3 quantification'!AA3:AA3410,'TOP3 quantification'!AM3:AM3410) | AN20: =CORREL('TOP3 quantification'!AA3:AA3410,'TOP3 quantification'!AN3:AN3410) | AO20: =CORREL('TOP3 quantification'!AA3:AA3410,'TOP3 quantification'!AO3:AO3410) | AP20: =CORREL('TOP3 quantification'!AA3:AA3410,'TOP3 quantification'!AP3:AP3410) | AQ20: =CORREL('TOP3 quantification'!AA3:AA3410,'TOP3 quantification'!AQ3:AQ3410) | AR20: =CORREL('TOP3 quantification'!AA3:AA3410,'TOP3 quantification'!AR3:AR3410) | AS20: =CORREL('TOP3 quantification'!AA3:AA3410,'TOP3 quantification'!AS3:AS3410)
I21: 03 Lesion-GFP- 1 | J21: =CORREL('TOP3 quantification'!AB3:AB3410,'TOP3 quantification'!J3:J3410) | K21: =CORREL('TOP3 quantification'!AB3:AB3410,'TOP3 quantification'!K3:K3410) | L21: =CORREL('TOP3 quantification'!AB3:AB3410,'TOP3 quantification'!L3:L3410) | M21: =CORREL('TOP3 quantification'!AB3:AB3410,'TOP3 quantification'!M3:M3410) | N21: =CORREL('TOP3 quantification'!AB3:AB3410,'TOP3 quantification'!N3:N3410) | O21: =CORREL('TOP3 quantification'!AB3:AB3410,'TOP3 quantification'!O3:O3410) | P21: =CORREL('TOP3 quantification'!AB3:AB3410,'TOP3 quantification'!P3:P3410) | Q21: =CORREL('TOP3 quantification'!AB3:AB3410,'TOP3 quantification'!Q3:Q3410) | R21: =CORREL('TOP3 quantification'!AB3:AB3410,'TOP3 quantification'!R3:R3410) | S21: =CORREL('TOP3 quantification'!AB3:AB3410,'TOP3 quantification'!S3:S3410) | T21: =CORREL('TOP3 quantification'!AB3:AB3410,'TOP3 quantification'!T3:T3410) | U21: =CORREL('TOP3 quantification'!AB3:AB3410,'TOP3 quantification'!U3:U3410) | V21: =CORREL('TOP3 quantification'!AB3:AB3410,'TOP3 quantification'!V3:V3410) | W21: =CORREL('TOP3 quantification'!AB3:AB3410,'TOP3 quantification'!W3:W3410) | X21: =CORREL('TOP3 quantification'!AB3:AB3410,'TOP3 quantification'!X3:X3410) | Y21: =CORREL('TOP3 quantification'!AB3:AB3410,'TOP3 quantification'!Y3:Y3410) | Z21: =CORREL('TOP3 quantification'!AB3:AB3410,'TOP3 quantification'!Z3:Z3410) | AA21: =CORREL('TOP3 quantification'!AB3:AB3410,'TOP3 quantification'!AA3:AA3410) | AB21: =CORREL('TOP3 quantification'!AB3:AB3410,'TOP3 quantification'!AB3:AB3410) | AC21: =CORREL('TOP3 quantification'!AB3:AB3410,'TOP3 quantification'!AC3:AC3410) | AD21: =CORREL('TOP3 quantification'!AB3:AB3410,'TOP3 quantification'!AD3:AD3410) | AE21: =CORREL('TOP3 quantification'!AB3:AB3410,'TOP3 quantification'!AE3:AE3410) | AF21: =CORREL('TOP3 quantification'!AB3:AB3410,'TOP3 quantification'!AF3:AF3410) | AG21: =CORREL('TOP3 quantification'!AB3:AB3410,'TOP3 quantification'!AG3:AG3410) | AH21: =CORREL('TOP3 quantification'!AB3:AB3410,'TOP3 quantification'!AH3:AH3410) | AI21: =CORREL('TOP3 quantification'!AB3:AB3410,'TOP3 quantification'!AI3:AI3410) | AJ21: =CORREL('TOP3 quantification'!AB3:AB3410,'TOP3 quantification'!AJ3:AJ3410) | AK21: =CORREL('TOP3 quantification'!AB3:AB3410,'TOP3 quantification'!AK3:AK3410) | AL21: =CORREL('TOP3 quantification'!AB3:AB3410,'TOP3 quantification'!AL3:AL3410) | AM21: =CORREL('TOP3 quantification'!AB3:AB3410,'TOP3 quantification'!AM3:AM3410) | AN21: =CORREL('TOP3 quantification'!AB3:AB3410,'TOP3 quantification'!AN3:AN3410) | AO21: =CORREL('TOP3 quantification'!AB3:AB3410,'TOP3 quantification'!AO3:AO3410) | AP21: =CORREL('TOP3 quantification'!AB3:AB3410,'TOP3 quantification'!AP3:AP3410) | AQ21: =CORREL('TOP3 quantification'!AB3:AB3410,'TOP3 quantification'!AQ3:AQ3410) | AR21: =CORREL('TOP3 quantification'!AB3:AB3410,'TOP3 quantification'!AR3:AR3410) | AS21: =CORREL('TOP3 quantification'!AB3:AB3410,'TOP3 quantification'!AS3:AS3410)
I22: 03 Lesion-GFP- 2 | J22: =CORREL('TOP3 quantification'!AC3:AC3410,'TOP3 quantification'!J3:J3410) | K22: =CORREL('TOP3 quantification'!AC3:AC3410,'TOP3 quantification'!K3:K3410) | L22: =CORREL('TOP3 quantification'!AC3:AC3410,'TOP3 quantification'!L3:L3410) | M22: =CORREL('TOP3 quantification'!AC3:AC3410,'TOP3 quantification'!M3:M3410) | N22: =CORREL('TOP3 quantification'!AC3:AC3410,'TOP3 quantification'!N3:N3410) | O22: =CORREL('TOP3 quantification'!AC3:AC3410,'TOP3 quantification'!O3:O3410) | P22: =CORREL('TOP3 quantification'!AC3:AC3410,'TOP3 quantification'!P3:P3410) | Q22: =CORREL('TOP3 quantification'!AC3:AC3410,'TOP3 quantification'!Q3:Q3410) | R22: =CORREL('TOP3 quantification'!AC3:AC3410,'TOP3 quantification'!R3:R3410) | S22: =CORREL('TOP3 quantification'!AC3:AC3410,'TOP3 quantification'!S3:S3410) | T22: =CORREL('TOP3 quantification'!AC3:AC3410,'TOP3 quantification'!T3:T3410) | U22: =CORREL('TOP3 quantification'!AC3:AC3410,'TOP3 quantification'!U3:U3410) | V22: =CORREL('TOP3 quantification'!AC3:AC3410,'TOP3 quantification'!V3:V3410) | W22: =CORREL('TOP3 quantification'!AC3:AC3410,'TOP3 quantification'!W3:W3410) | X22: =CORREL('TOP3 quantification'!AC3:AC3410,'TOP3 quantification'!X3:X3410) | Y22: =CORREL('TOP3 quantification'!AC3:AC3410,'TOP3 quantification'!Y3:Y3410) | Z22: =CORREL('TOP3 quantification'!AC3:AC3410,'TOP3 quantification'!Z3:Z3410) | AA22: =CORREL('TOP3 quantification'!AC3:AC3410,'TOP3 quantification'!AA3:AA3410) | AB22: =CORREL('TOP3 quantification'!AC3:AC3410,'TOP3 quantification'!AB3:AB3410) | AC22: =CORREL('TOP3 quantification'!AC3:AC3410,'TOP3 quantification'!AC3:AC3410) | AD22: =CORREL('TOP3 quantification'!AC3:AC3410,'TOP3 quantification'!AD3:AD3410) | AE22: =CORREL('TOP3 quantification'!AC3:AC3410,'TOP3 quantification'!AE3:AE3410) | AF22: =CORREL('TOP3 quantification'!AC3:AC3410,'TOP3 quantification'!AF3:AF3410) | AG22: =CORREL('TOP3 quantification'!AC3:AC3410,'TOP3 quantification'!AG3:AG3410) | AH22: =CORREL('TOP3 quantification'!AC3:AC3410,'TOP3 quantification'!AH3:AH3410) | AI22: =CORREL('TOP3 quantification'!AC3:AC3410,'TOP3 quantification'!AI3:AI3410) | AJ22: =CORREL('TOP3 quantification'!AC3:AC3410,'TOP3 quantification'!AJ3:AJ3410) | AK22: =CORREL('TOP3 quantification'!AC3:AC3410,'TOP3 quantification'!AK3:AK3410) | AL22: =CORREL('TOP3 quantification'!AC3:AC3410,'TOP3 quantification'!AL3:AL3410) | AM22: =CORREL('TOP3 quantification'!AC3:AC3410,'TOP3 quantification'!AM3:AM3410) | AN22: =CORREL('TOP3 quantification'!AC3:AC3410,'TOP3 quantification'!AN3:AN3410) | AO22: =CORREL('TOP3 quantification'!AC3:AC3410,'TOP3 quantification'!AO3:AO3410) | AP22: =CORREL('TOP3 quantification'!AC3:AC3410,'TOP3 quantification'!AP3:AP3410) | AQ22: =CORREL('TOP3 quantification'!AC3:AC3410,'TOP3 quantification'!AQ3:AQ3410) | AR22: =CORREL('TOP3 quantification'!AC3:AC3410,'TOP3 quantification'!AR3:AR3410) | AS22: =CORREL('TOP3 quantification'!AC3:AC3410,'TOP3 quantification'!AS3:AS3410)
I23: 03 Lesion-GFP- 3 | J23: =CORREL('TOP3 quantification'!AD3:AD3410,'TOP3 quantification'!J3:J3410) | K23: =CORREL('TOP3 quantification'!AD3:AD3410,'TOP3 quantification'!K3:K3410) | L23: =CORREL('TOP3 quantification'!AD3:AD3410,'TOP3 quantification'!L3:L3410) | M23: =CORREL('TOP3 quantification'!AD3:AD3410,'TOP3 quantification'!M3:M3410) | N23: =CORREL('TOP3 quantification'!AD3:AD3410,'TOP3 quantification'!N3:N3410) | O23: =CORREL('TOP3 quantification'!AD3:AD3410,'TOP3 quantification'!O3:O3410) | P23: =CORREL('TOP3 quantification'!AD3:AD3410,'TOP3 quantification'!P3:P3410) | Q23: =CORREL('TOP3 quantification'!AD3:AD3410,'TOP3 quantification'!Q3:Q3410) | R23: =CORREL('TOP3 quantification'!AD3:AD3410,'TOP3 quantification'!R3:R3410) | S23: =CORREL('TOP3 quantification'!AD3:AD3410,'TOP3 quantification'!S3:S3410) | T23: =CORREL('TOP3 quantification'!AD3:AD3410,'TOP3 quantification'!T3:T3410) | U23: =CORREL('TOP3 quantification'!AD3:AD3410,'TOP3 quantification'!U3:U3410) | V23: =CORREL('TOP3 quantification'!AD3:AD3410,'TOP3 quantification'!V3:V3410) | W23: =CORREL('TOP3 quantification'!AD3:AD3410,'TOP3 quantification'!W3:W3410) | X23: =CORREL('TOP3 quantification'!AD3:AD3410,'TOP3 quantification'!X3:X3410) | Y23: =CORREL('TOP3 quantification'!AD3:AD3410,'TOP3 quantification'!Y3:Y3410) | Z23: =CORREL('TOP3 quantification'!AD3:AD3410,'TOP3 quantification'!Z3:Z3410) | AA23: =CORREL('TOP3 quantification'!AD3:AD3410,'TOP3 quantification'!AA3:AA3410) | AB23: =CORREL('TOP3 quantification'!AD3:AD3410,'TOP3 quantification'!AB3:AB3410) | AC23: =CORREL('TOP3 quantification'!AD3:AD3410,'TOP3 quantification'!AC3:AC3410) | AD23: =CORREL('TOP3 quantification'!AD3:AD3410,'TOP3 quantification'!AD3:AD3410) | AE23: =CORREL('TOP3 quantification'!AD3:AD3410,'TOP3 quantification'!AE3:AE3410) | AF23: =CORREL('TOP3 quantification'!AD3:AD3410,'TOP3 quantification'!AF3:AF3410) | AG23: =CORREL('TOP3 quantification'!AD3:AD3410,'TOP3 quantification'!AG3:AG3410) | AH23: =CORREL('TOP3 quantification'!AD3:AD3410,'TOP3 quantification'!AH3:AH3410) | AI23: =CORREL('TOP3 quantification'!AD3:AD3410,'TOP3 quantification'!AI3:AI3410) | AJ23: =CORREL('TOP3 quantification'!AD3:AD3410,'TOP3 quantification'!AJ3:AJ3410) | AK23: =CORREL('TOP3 quantification'!AD3:AD3410,'TOP3 quantification'!AK3:AK3410) | AL23: =CORREL('TOP3 quantification'!AD3:AD3410,'TOP3 quantification'!AL3:AL3410) | AM23: =CORREL('TOP3 quantification'!AD3:AD3410,'TOP3 quantification'!AM3:AM3410) | AN23: =CORREL('TOP3 quantification'!AD3:AD3410,'TOP3 quantification'!AN3:AN3410) | AO23: =CORREL('TOP3 quantification'!AD3:AD3410,'TOP3 quantification'!AO3:AO3410) | AP23: =CORREL('TOP3 quantification'!AD3:AD3410,'TOP3 quantification'!AP3:AP3410) | AQ23: =CORREL('TOP3 quantification'!AD3:AD3410,'TOP3 quantification'!AQ3:AQ3410) | AR23: =CORREL('TOP3 quantification'!AD3:AD3410,'TOP3 quantification'!AR3:AR3410) | AS23: =CORREL('TOP3 quantification'!AD3:AD3410,'TOP3 quantification'!AS3:AS3410)
I24: 03 Lesion-GFP- 4 | J24: =CORREL('TOP3 quantification'!AE3:AE3410,'TOP3 quantification'!J3:J3410) | K24: =CORREL('TOP3 quantification'!AE3:AE3410,'TOP3 quantification'!K3:K3410) | L24: =CORREL('TOP3 quantification'!AE3:AE3410,'TOP3 quantification'!L3:L3410) | M24: =CORREL('TOP3 quantification'!AE3:AE3410,'TOP3 quantification'!M3:M3410) | N24: =CORREL('TOP3 quantification'!AE3:AE3410,'TOP3 quantification'!N3:N3410) | O24: =CORREL('TOP3 quantification'!AE3:AE3410,'TOP3 quantification'!O3:O3410) | P24: =CORREL('TOP3 quantification'!AE3:AE3410,'TOP3 quantification'!P3:P3410) | Q24: =CORREL('TOP3 quantification'!AE3:AE3410,'TOP3 quantification'!Q3:Q3410) | R24: =CORREL('TOP3 quantification'!AE3:AE3410,'TOP3 quantification'!R3:R3410) | S24: =CORREL('TOP3 quantification'!AE3:AE3410,'TOP3 quantification'!S3:S3410) | T24: =CORREL('TOP3 quantification'!AE3:AE3410,'TOP3 quantification'!T3:T3410) | U24: =CORREL('TOP3 quantification'!AE3:AE3410,'TOP3 quantification'!U3:U3410) | V24: =CORREL('TOP3 quantification'!AE3:AE3410,'TOP3 quantification'!V3:V3410) | W24: =CORREL('TOP3 quantification'!AE3:AE3410,'TOP3 quantification'!W3:W3410) | X24: =CORREL('TOP3 quantification'!AE3:AE3410,'TOP3 quantification'!X3:X3410) | Y24: =CORREL('TOP3 quantification'!AE3:AE3410,'TOP3 quantification'!Y3:Y3410) | Z24: =CORREL('TOP3 quantification'!AE3:AE3410,'TOP3 quantification'!Z3:Z3410) | AA24: =CORREL('TOP3 quantification'!AE3:AE3410,'TOP3 quantification'!AA3:AA3410) | AB24: =CORREL('TOP3 quantification'!AE3:AE3410,'TOP3 quantification'!AB3:AB3410) | AC24: =CORREL('TOP3 quantification'!AE3:AE3410,'TOP3 quantification'!AC3:AC3410) | AD24: =CORREL('TOP3 quantification'!AE3:AE3410,'TOP3 quantification'!AD3:AD3410) | AE24: =CORREL('TOP3 quantification'!AE3:AE3410,'TOP3 quantification'!AE3:AE3410) | AF24: =CORREL('TOP3 quantification'!AE3:AE3410,'TOP3 quantification'!AF3:AF3410) | AG24: =CORREL('TOP3 quantification'!AE3:AE3410,'TOP3 quantification'!AG3:AG3410) | AH24: =CORREL('TOP3 quantification'!AE3:AE3410,'TOP3 quantification'!AH3:AH3410) | AI24: =CORREL('TOP3 quantification'!AE3:AE3410,'TOP3 quantification'!AI3:AI3410) | AJ24: =CORREL('TOP3 quantification'!AE3:AE3410,'TOP3 quantification'!AJ3:AJ3410) | AK24: =CORREL('TOP3 quantification'!AE3:AE3410,'TOP3 quantification'!AK3:AK3410) | AL24: =CORREL('TOP3 quantification'!AE3:AE3410,'TOP3 quantification'!AL3:AL3410) | AM24: =CORREL('TOP3 quantification'!AE3:AE3410,'TOP3 quantification'!AM3:AM3410) | AN24: =CORREL('TOP3 quantification'!AE3:AE3410,'TOP3 quantification'!AN3:AN3410) | AO24: =CORREL('TOP3 quantification'!AE3:AE3410,'TOP3 quantification'!AO3:AO3410) | AP24: =CORREL('TOP3 quantification'!AE3:AE3410,'TOP3 quantification'!AP3:AP3410) | AQ24: =CORREL('TOP3 quantification'!AE3:AE3410,'TOP3 quantification'!AQ3:AQ3410) | AR24: =CORREL('TOP3 quantification'!AE3:AE3410,'TOP3 quantification'!AR3:AR3410) | AS24: =CORREL('TOP3 quantification'!AE3:AE3410,'TOP3 quantification'!AS3:AS3410)
I25: 03 Lesion-GFP- 5 | J25: =CORREL('TOP3 quantification'!AF3:AF3410,'TOP3 quantification'!J3:J3410) | K25: =CORREL('TOP3 quantification'!AF3:AF3410,'TOP3 quantification'!K3:K3410) | L25: =CORREL('TOP3 quantification'!AF3:AF3410,'TOP3 quantification'!L3:L3410) | M25: =CORREL('TOP3 quantification'!AF3:AF3410,'TOP3 quantification'!M3:M3410) | N25: =CORREL('TOP3 quantification'!AF3:AF3410,'TOP3 quantification'!N3:N3410) | O25: =CORREL('TOP3 quantification'!AF3:AF3410,'TOP3 quantification'!O3:O3410) | P25: =CORREL('TOP3 quantification'!AF3:AF3410,'TOP3 quantification'!P3:P3410) | Q25: =CORREL('TOP3 quantification'!AF3:AF3410,'TOP3 quantification'!Q3:Q3410) | R25: =CORREL('TOP3 quantification'!AF3:AF3410,'TOP3 quantification'!R3:R3410) | S25: =CORREL('TOP3 quantification'!AF3:AF3410,'TOP3 quantification'!S3:S3410) | T25: =CORREL('TOP3 quantification'!AF3:AF3410,'TOP3 quantification'!T3:T3410) | U25: =CORREL('TOP3 quantification'!AF3:AF3410,'TOP3 quantification'!U3:U3410) | V25: =CORREL('TOP3 quantification'!AF3:AF3410,'TOP3 quantification'!V3:V3410) | W25: =CORREL('TOP3 quantification'!AF3:AF3410,'TOP3 quantification'!W3:W3410) | X25: =CORREL('TOP3 quantification'!AF3:AF3410,'TOP3 quantification'!X3:X3410) | Y25: =CORREL('TOP3 quantification'!AF3:AF3410,'TOP3 quantification'!Y3:Y3410) | Z25: =CORREL('TOP3 quantification'!AF3:AF3410,'TOP3 quantification'!Z3:Z3410) | AA25: =CORREL('TOP3 quantification'!AF3:AF3410,'TOP3 quantification'!AA3:AA3410) | AB25: =CORREL('TOP3 quantification'!AF3:AF3410,'TOP3 quantification'!AB3:AB3410) | AC25: =CORREL('TOP3 quantification'!AF3:AF3410,'TOP3 quantification'!AC3:AC3410) | AD25: =CORREL('TOP3 quantification'!AF3:AF3410,'TOP3 quantification'!AD3:AD3410) | AE25: =CORREL('TOP3 quantification'!AF3:AF3410,'TOP3 quantification'!AE3:AE3410) | AF25: =CORREL('TOP3 quantification'!AF3:AF3410,'TOP3 quantification'!AF3:AF3410) | AG25: =CORREL('TOP3 quantification'!AF3:AF3410,'TOP3 quantification'!AG3:AG3410) | AH25: =CORREL('TOP3 quantification'!AF3:AF3410,'TOP3 quantification'!AH3:AH3410) | AI25: =CORREL('TOP3 quantification'!AF3:AF3410,'TOP3 quantification'!AI3:AI3410) | AJ25: =CORREL('TOP3 quantification'!AF3:AF3410,'TOP3 quantification'!AJ3:AJ3410) | AK25: =CORREL('TOP3 quantification'!AF3:AF3410,'TOP3 quantification'!AK3:AK3410) | AL25: =CORREL('TOP3 quantification'!AF3:AF3410,'TOP3 quantification'!AL3:AL3410) | AM25: =CORREL('TOP3 quantification'!AF3:AF3410,'TOP3 quantification'!AM3:AM3410) | AN25: =CORREL('TOP3 quantification'!AF3:AF3410,'TOP3 quantification'!AN3:AN3410) | AO25: =CORREL('TOP3 quantification'!AF3:AF3410,'TOP3 quantification'!AO3:AO3410) | AP25: =CORREL('TOP3 quantification'!AF3:AF3410,'TOP3 quantification'!AP3:AP3410) | AQ25: =CORREL('TOP3 quantification'!AF3:AF3410,'TOP3 quantification'!AQ3:AQ3410) | AR25: =CORREL('TOP3 quantification'!AF3:AF3410,'TOP3 quantification'!AR3:AR3410) | AS25: =CORREL('TOP3 quantification'!AF3:AF3410,'TOP3 quantification'!AS3:AS3410)
I26: 03 Lesion-GFP- 6 | J26: =CORREL('TOP3 quantification'!AG3:AG3410,'TOP3 quantification'!J3:J3410) | K26: =CORREL('TOP3 quantification'!AG3:AG3410,'TOP3 quantification'!K3:K3410) | L26: =CORREL('TOP3 quantification'!AG3:AG3410,'TOP3 quantification'!L3:L3410) | M26: =CORREL('TOP3 quantification'!AG3:AG3410,'TOP3 quantification'!M3:M3410) | N26: =CORREL('TOP3 quantification'!AG3:AG3410,'TOP3 quantification'!N3:N3410) | O26: =CORREL('TOP3 quantification'!AG3:AG3410,'TOP3 quantification'!O3:O3410) | P26: =CORREL('TOP3 quantification'!AG3:AG3410,'TOP3 quantification'!P3:P3410) | Q26: =CORREL('TOP3 quantification'!AG3:AG3410,'TOP3 quantification'!Q3:Q3410) | R26: =CORREL('TOP3 quantification'!AG3:AG3410,'TOP3 quantification'!R3:R3410) | S26: =CORREL('TOP3 quantification'!AG3:AG3410,'TOP3 quantification'!S3:S3410) | T26: =CORREL('TOP3 quantification'!AG3:AG3410,'TOP3 quantification'!T3:T3410) | U26: =CORREL('TOP3 quantification'!AG3:AG3410,'TOP3 quantification'!U3:U3410) | V26: =CORREL('TOP3 quantification'!AG3:AG3410,'TOP3 quantification'!V3:V3410) | W26: =CORREL('TOP3 quantification'!AG3:AG3410,'TOP3 quantification'!W3:W3410) | X26: =CORREL('TOP3 quantification'!AG3:AG3410,'TOP3 quantification'!X3:X3410) | Y26: =CORREL('TOP3 quantification'!AG3:AG3410,'TOP3 quantification'!Y3:Y3410) | Z26: =CORREL('TOP3 quantification'!AG3:AG3410,'TOP3 quantification'!Z3:Z3410) | AA26: =CORREL('TOP3 quantification'!AG3:AG3410,'TOP3 quantification'!AA3:AA3410) | AB26: =CORREL('TOP3 quantification'!AG3:AG3410,'TOP3 quantification'!AB3:AB3410) | AC26: =CORREL('TOP3 quantification'!AG3:AG3410,'TOP3 quantification'!AC3:AC3410) | AD26: =CORREL('TOP3 quantification'!AG3:AG3410,'TOP3 quantification'!AD3:AD3410) | AE26: =CORREL('TOP3 quantification'!AG3:AG3410,'TOP3 quantification'!AE3:AE3410) | AF26: =CORREL('TOP3 quantification'!AG3:AG3410,'TOP3 quantification'!AF3:AF3410) | AG26: =CORREL('TOP3 quantification'!AG3:AG3410,'TOP3 quantification'!AG3:AG3410) | AH26: =CORREL('TOP3 quantification'!AG3:AG3410,'TOP3 quantification'!AH3:AH3410) | AI26: =CORREL('TOP3 quantification'!AG3:AG3410,'TOP3 quantification'!AI3:AI3410) | AJ26: =CORREL('TOP3 quantification'!AG3:AG3410,'TOP3 quantification'!AJ3:AJ3410) | AK26: =CORREL('TOP3 quantification'!AG3:AG3410,'TOP3 quantification'!AK3:AK3410) | AL26: =CORREL('TOP3 quantification'!AG3:AG3410,'TOP3 quantification'!AL3:AL3410) | AM26: =CORREL('TOP3 quantification'!AG3:AG3410,'TOP3 quantification'!AM3:AM3410) | AN26: =CORREL('TOP3 quantification'!AG3:AG3410,'TOP3 quantification'!AN3:AN3410) | AO26: =CORREL('TOP3 quantification'!AG3:AG3410,'TOP3 quantification'!AO3:AO3410) | AP26: =CORREL('TOP3 quantification'!AG3:AG3410,'TOP3 quantification'!AP3:AP3410) | AQ26: =CORREL('TOP3 quantification'!AG3:AG3410,'TOP3 quantification'!AQ3:AQ3410) | AR26: =CORREL('TOP3 quantification'!AG3:AG3410,'TOP3 quantification'!AR3:AR3410) | AS26: =CORREL('TOP3 quantification'!AG3:AG3410,'TOP3 quantification'!AS3:AS3410)
I27: 07 Pool Lesion-GFP- 1 | J27: =CORREL('TOP3 quantification'!AH3:AH3410,'TOP3 quantification'!J3:J3410) | K27: =CORREL('TOP3 quantification'!AH3:AH3410,'TOP3 quantification'!K3:K3410) | L27: =CORREL('TOP3 quantification'!AH3:AH3410,'TOP3 quantification'!L3:L3410) | M27: =CORREL('TOP3 quantification'!AH3:AH3410,'TOP3 quantification'!M3:M3410) | N27: =CORREL('TOP3 quantification'!AH3:AH3410,'TOP3 quantification'!N3:N3410) | O27: =CORREL('TOP3 quantification'!AH3:AH3410,'TOP3 quantification'!O3:O3410) | P27: =CORREL('TOP3 quantification'!AH3:AH3410,'TOP3 quantification'!P3:P3410) | Q27: =CORREL('TOP3 quantification'!AH3:AH3410,'TOP3 quantification'!Q3:Q3410) | R27: =CORREL('TOP3 quantification'!AH3:AH3410,'TOP3 quantification'!R3:R3410) | S27: =CORREL('TOP3 quantification'!AH3:AH3410,'TOP3 quantification'!S3:S3410) | T27: =CORREL('TOP3 quantification'!AH3:AH3410,'TOP3 quantification'!T3:T3410) | U27: =CORREL('TOP3 quantification'!AH3:AH3410,'TOP3 quantification'!U3:U3410) | V27: =CORREL('TOP3 quantification'!AH3:AH3410,'TOP3 quantification'!V3:V3410) | W27: =CORREL('TOP3 quantification'!AH3:AH3410,'TOP3 quantification'!W3:W3410) | X27: =CORREL('TOP3 quantification'!AH3:AH3410,'TOP3 quantification'!X3:X3410) | Y27: =CORREL('TOP3 quantification'!AH3:AH3410,'TOP3 quantification'!Y3:Y3410) | Z27: =CORREL('TOP3 quantification'!AH3:AH3410,'TOP3 quantification'!Z3:Z3410) | AA27: =CORREL('TOP3 quantification'!AH3:AH3410,'TOP3 quantification'!AA3:AA3410) | AB27: =CORREL('TOP3 quantification'!AH3:AH3410,'TOP3 quantification'!AB3:AB3410) | AC27: =CORREL('TOP3 quantification'!AH3:AH3410,'TOP3 quantification'!AC3:AC3410) | AD27: =CORREL('TOP3 quantification'!AH3:AH3410,'TOP3 quantification'!AD3:AD3410) | AE27: =CORREL('TOP3 quantification'!AH3:AH3410,'TOP3 quantification'!AE3:AE3410) | AF27: =CORREL('TOP3 quantification'!AH3:AH3410,'TOP3 quantification'!AF3:AF3410) | AG27: =CORREL('TOP3 quantification'!AH3:AH3410,'TOP3 quantification'!AG3:AG3410) | AH27: =CORREL('TOP3 quantification'!AH3:AH3410,'TOP3 quantification'!AH3:AH3410) | AI27: =CORREL('TOP3 quantification'!AH3:AH3410,'TOP3 quantification'!AI3:AI3410) | AJ27: =CORREL('TOP3 quantification'!AH3:AH3410,'TOP3 quantification'!AJ3:AJ3410) | AK27: =CORREL('TOP3 quantification'!AH3:AH3410,'TOP3 quantification'!AK3:AK3410) | AL27: =CORREL('TOP3 quantification'!AH3:AH3410,'TOP3 quantification'!AL3:AL3410) | AM27: =CORREL('TOP3 quantification'!AH3:AH3410,'TOP3 quantification'!AM3:AM3410) | AN27: =CORREL('TOP3 quantification'!AH3:AH3410,'TOP3 quantification'!AN3:AN3410) | AO27: =CORREL('TOP3 quantification'!AH3:AH3410,'TOP3 quantification'!AO3:AO3410) | AP27: =CORREL('TOP3 quantification'!AH3:AH3410,'TOP3 quantification'!AP3:AP3410) | AQ27: =CORREL('TOP3 quantification'!AH3:AH3410,'TOP3 quantification'!AQ3:AQ3410) | AR27: =CORREL('TOP3 quantification'!AH3:AH3410,'TOP3 quantification'!AR3:AR3410) | AS27: =CORREL('TOP3 quantification'!AH3:AH3410,'TOP3 quantification'!AS3:AS3410)
I28: 07 Pool Lesion-GFP- 2 | J28: =CORREL('TOP3 quantification'!AI3:AI3410,'TOP3 quantification'!J3:J3410) | K28: =CORREL('TOP3 quantification'!AI3:AI3410,'TOP3 quantification'!K3:K3410) | L28: =CORREL('TOP3 quantification'!AI3:AI3410,'TOP3 quantification'!L3:L3410) | M28: =CORREL('TOP3 quantification'!AI3:AI3410,'TOP3 quantification'!M3:M3410) | N28: =CORREL('TOP3 quantification'!AI3:AI3410,'TOP3 quantification'!N3:N3410) | O28: =CORREL('TOP3 quantification'!AI3:AI3410,'TOP3 quantification'!O3:O3410) | P28: =CORREL('TOP3 quantification'!AI3:AI3410,'TOP3 quantification'!P3:P3410) | Q28: =CORREL('TOP3 quantification'!AI3:AI3410,'TOP3 quantification'!Q3:Q3410) | R28: =CORREL('TOP3 quantification'!AI3:AI3410,'TOP3 quantification'!R3:R3410) | S28: =CORREL('TOP3 quantification'!AI3:AI3410,'TOP3 quantification'!S3:S3410) | T28: =CORREL('TOP3 quantification'!AI3:AI3410,'TOP3 quantification'!T3:T3410) | U28: =CORREL('TOP3 quantification'!AI3:AI3410,'TOP3 quantification'!U3:U3410) | V28: =CORREL('TOP3 quantification'!AI3:AI3410,'TOP3 quantification'!V3:V3410) | W28: =CORREL('TOP3 quantification'!AI3:AI3410,'TOP3 quantification'!W3:W3410) | X28: =CORREL('TOP3 quantification'!AI3:AI3410,'TOP3 quantification'!X3:X3410) | Y28: =CORREL('TOP3 quantification'!AI3:AI3410,'TOP3 quantification'!Y3:Y3410) | Z28: =CORREL('TOP3 quantification'!AI3:AI3410,'TOP3 quantification'!Z3:Z3410) | AA28: =CORREL('TOP3 quantification'!AI3:AI3410,'TOP3 quantification'!AA3:AA3410) | AB28: =CORREL('TOP3 quantification'!AI3:AI3410,'TOP3 quantification'!AB3:AB3410) | AC28: =CORREL('TOP3 quantification'!AI3:AI3410,'TOP3 quantification'!AC3:AC3410) | AD28: =CORREL('TOP3 quantification'!AI3:AI3410,'TOP3 quantification'!AD3:AD3410) | AE28: =CORREL('TOP3 quantification'!AI3:AI3410,'TOP3 quantification'!AE3:AE3410) | AF28: =CORREL('TOP3 quantification'!AI3:AI3410,'TOP3 quantification'!AF3:AF3410) | AG28: =CORREL('TOP3 quantification'!AI3:AI3410,'TOP3 quantification'!AG3:AG3410) | AH28: =CORREL('TOP3 quantification'!AI3:AI3410,'TOP3 quantification'!AH3:AH3410) | AI28: =CORREL('TOP3 quantification'!AI3:AI3410,'TOP3 quantification'!AI3:AI3410) | AJ28: =CORREL('TOP3 quantification'!AI3:AI3410,'TOP3 quantification'!AJ3:AJ3410) | AK28: =CORREL('TOP3 quantification'!AI3:AI3410,'TOP3 quantification'!AK3:AK3410) | AL28: =CORREL('TOP3 quantification'!AI3:AI3410,'TOP3 quantification'!AL3:AL3410) | AM28: =CORREL('TOP3 quantification'!AI3:AI3410,'TOP3 quantification'!AM3:AM3410) | AN28: =CORREL('TOP3 quantification'!AI3:AI3410,'TOP3 quantification'!AN3:AN3410) | AO28: =CORREL('TOP3 quantification'!AI3:AI3410,'TOP3 quantification'!AO3:AO3410) | AP28: =CORREL('TOP3 quantification'!AI3:AI3410,'TOP3 quantification'!AP3:AP3410) | AQ28: =CORREL('TOP3 quantification'!AI3:AI3410,'TOP3 quantification'!AQ3:AQ3410) | AR28: =CORREL('TOP3 quantification'!AI3:AI3410,'TOP3 quantification'!AR3:AR3410) | AS28: =CORREL('TOP3 quantification'!AI3:AI3410,'TOP3 quantification'!AS3:AS3410)
